Workbook

Sheet ❄️ SD-WIN-BBALL ⚾
A1: STATUS | C1: FY24 | D1: FY25 | E1: Camp Code | F1: Site Name | G1: Facility Name | H1: Site address | I1: Site city | J1: State | K1: Zip | L1: Email | M1: First Name | N1: Last name | O1: Director address | P1: Director city | Q1: State | R1: Zip | S1: Home # | T1: Cell # | U1: Work # | W1: START | X1: END | Y1: COR. DATES | Z1: COR. TIMES | AA1: CFM DATES | AB1: CFM TIMES | AC1: Notes | AE1: MAX | AF1: LY$ | AG1: S$ | AH1: DP$ | AJ1: USBA LANDING PAGE | AN1: NEW | AO1: SUM | AP1: 2ND | AQ1: RET | AS1: 45996 | AT1: 45632 | AU1: 26v25# | AV1: 26v25% | AX1: 46005 | AY1: 45640 | AZ1: 26v25# | BA1: 26v25% | BC1: 46016 | BD1: 46015 | BE1: 26v25# | BF1: 26v25% | BH1: 46022 | BI1: 45658 | BJ1: 26v25# | BK1: 26v25% | BM1: 46028 | BN1: 45664 | BO1: 26v25# | BP1: 26v25% | BR1: 45684 | BS1: 45685
A2: A-NEW | C2: x | E2: USBDBP | F2: Baseball Plus (Feb./Mar. Sessions) | H2: 400 Duffy Ave | I2: Hicksville | J2: NY | K2: 11801 | L2: thebaseballwhisperer@gmail.com | M2: Roger | N2: Mischel | T2: 347-992-1736 | W2: 227 | X2: 320 | AA2: Fridays: Feb. 27; Mar. 6, 13, 20 | AB2: 6pm-9pm | AP2: X | AX2: 1 | BC2: 7 | BH2: 10 | BM2: 13 | BR2: 15
A3: A-NEW | E3: USBDCHCA | F3: Cincinnati Hills Christian Academy (Upper School) | H3: 11525 Snider Rd | I3: Cincinnati | J3: OH | K3: 45249 | L3: tony.schulz@chca-oh.org | M3: Tony | N3: Schulz | T3: 513-638-1463 | U3: 513-247-0900 #218 | W3: 118 | X3: 419 | AA3: Sundays: Jan. 18, 25 (PPD); Feb. 1, 15; Mar. 7 (PPD), 14 (PPD); Apr. 19 (M/U) | AB3: 2pm-6:30pm | AJ3: https://usbaseballacademy.com/cincinnati-baseball-camp/ | AL3: =H3&" "&I3&","&" "&J3&" "&K3 -> 11525 Snider Rd Cincinnati, OH 45249 | AN3: X | AS3: 5 | AX3: 11 | BC3: 29 | BH3: 54 | BM3: 68 | BR3: 81
A4: A-NEW | E4: USBDCIC | F4: Citrus College | H4: 1000 W Foothill Blvd | I4: Glendora | J4: CA | K4: 91741 | L4: asmith@citruscollege.edu | M4: Andy | N4: Smith | T4: 702-523-1578 | W4: 111 | X4: 201 | AA4: Sundays: Jan. 11, 18, 25; Feb. 1 | AB4: 9am-1:30pm | AJ4: https://usbaseballacademy.com/glendora-baseball-camp/ | AL4: =H4&" "&I4&","&" "&J4&" "&K4 -> 1000 W Foothill Blvd Glendora, CA 91741 | AN4: X | AS4: 86 | AX4: 150 | BC4: 169 | BH4: 179 | BM4: 193 | BR4: 186
A5: A-NEW | E5: USBDCOC | F5: Coalinga College | H5: 300 W Cherry Lane | I5: Coalinga | J5: CA | K5: 93210 | L5: jacobcastro8025@my.whccd.edu | M5: Jacob | N5: Castro | T5: 909-472-9495 | W5: 111 | X5: 201 | AA5: Sundays: Jan. 11, 18, 25; Feb. 1 | AB5: Noon-4:30pm | AJ5: https://usbaseballacademy.com/coalinga-baseball-camp/ | AL5: =H5&" "&I5&","&" "&J5&" "&K5 -> 300 W Cherry Lane Coalinga, CA 93210 | AN5: X | AS5: 19 | AX5: 22 | BC5: 30 | BH5: 28 | BM5: 29 | BR5: 32
A6: A-NEW | E6: USBDCBC | F6: Columbia Basin College | H6: 2600 N 20th Ave | I6: Pasco | J6: WA | K6: 99301 | L6: smcgovern@columbiabasin.edu | M6: Stefan | N6: McGovern | T6: 415-377-7794 | W6: 118 | X6: 301 | AA6: Sundays: Jan. 18, 25 (PPD); Feb. 1, 8; Mar. 1 (M/U) | AB6: 10am-2:30pm | AJ6: https://usbaseballacademy.com/pasco-baseball-camp/ | AL6: =H6&" "&I6&","&" "&J6&" "&K6 -> 2600 N 20th Ave Pasco, WA 99301 | AN6: X | AS6: 53 | AX6: 64 | BC6: 74 | BH6: 76 | BM6: 82 | BR6: 85
A7: A-NEW | E7: USBDCCC | F7: Community Christian College | G7: The Packing House | H7: 27165 San Bernardino Ave | I7: Redlands | J7: CA | K7: 92374 | L7: mbugarin@cccollege.edu | M7: Marcos | N7: Bugarin | T7: 626-222-3588 | W7: 21 | X7: 111 | AA7: Sundays: Dec. 21, 28; Jan. 4, 11 | AB7: 9am-1:30pm | AJ7: https://usbaseballacademy.com/redlands-baseball-camp/ | AL7: =H7&" "&I7&","&" "&J7&" "&K7 -> 27165 San Bernardino Ave Redlands, CA 92374 | AN7: X | AS7: 47 | AX7: 64 | BC7: 73 | BH7: 73 | BM7: 73 | BR7: 70
A8: A-NEW | C8: x | E8: USBDDG | F8: Dave Griffin's Sports Complex (Feb/Mar Sessions) | H8: 1200 W Main St | I8: Griffith | J8: IN | K8: 46319 | L8: david.griffin@pnw.edu | M8: Dave | N8: Griffin | O8: 8332 Wyman Dr | P8: St. John | Q8: IN | R8: 46373 | T8: 219-765-6242 | U8: 219-989-8018 | W8: 215 | X8: 308 | AA8: Sundays: Feb. 15, 22; Mar. 1, 8 | AB8: 2pm-6:30pm | AJ8: https://usbaseballacademy.com/hammond-baseball-camp/ | AL8: =H8&" "&I8&","&" "&J8&" "&K8 -> 1200 W Main St Griffith, IN 46319 | AP8: X | AS8: 0 | AX8: 1 | BC8: 3 | BH8: 10 | BM8: 16 | BR8: 42
A9: A-NEW | E9: USBDDCA | F9: Destiny Chrisitan Academy | H9: 3401 Mayhew Rd | I9: Sacramento | J9: CA | K9: 95827 | L9: jesse.russell@dcasac.org | M9: Jesse | N9: Russell | T9: 916-675-2526 | W9: 110 | X9: 131 | AA9: Saturdays: Jan. 10, 17, 24, 31 | AB9: 9am-1:30pm | AJ9: https://usbaseballacademy.com/sacramento-baseball-camp-2/ | AL9: =H9&" "&I9&","&" "&J9&" "&K9 -> 3401 Mayhew Rd Sacramento, CA 95827 | AN9: X | AS9: 21 | AX9: 28 | BC9: 35 | BH9: 38 | BM9: 38 | BR9: 40
A10: A-NEW | E10: USBDELS | F10: Elsik HS | H10: 12601 High Star | I10: Houston | J10: TX | K10: 77072 | L10: chuckmcelroysports16@yahoo.com | M10: Chuck | N10: McElroy | O10: 238 S Egret Bay Blvd #153 | P10: League City | Q10: TX | R10: 77573 | T10: 832-731-8306 | W10: 103 | X10: 111 | AA10: Sat./Sun.: Jan. 3, 4, 10, 11 | AB10: 9am-1:30pm | AJ10: https://usbaseballacademy.com/houston-baseball-camp/ | AL10: =H10&" "&I10&","&" "&J10&" "&K10 -> 12601 High Star Houston, TX 77072 | AN10: X | AS10: 19 | AX10: 24 | BC10: 27 | BH10: 29 | BM10: 22 | BR10: 22
A11: A-NEW | E11: USBDEHC | F11: Ezell Harding Christian School | H11: 574 Bell Rd | I11: Antioch | J11: TN | K11: 37013 | L11: jackson.austin11@gmail.com | M11: Austin | N11: Jackson | O11: 20 Beech Forge Dr | P11: Antioch | Q11: TN | R11: 37013 | T11: 615-306-3758 | W11: 104 | X11: 208 | AA11: Sundays: Jan. 4, 11, 18, 25 (PPD); Feb. 8 (M/U) | AB11: 9am-1:30pm | AJ11: https://usbaseballacademy.com/antioch-tn-baseball-camp/ | AL11: =H11&" "&I11&","&" "&J11&" "&K11 -> 574 Bell Rd Antioch, TN 37013 | AO11: X | AS11: 31 | AX11: 31 | BC11: 36 | BH11: 42 | BM11: 31 | BR11: 30
A12: A-NEW | B12: X | E12: USBDFTH | F12: Foothill HS | H12: 5000 McCloud Dr | I12: Sacramento | J12: CA | K12: 95842 | L12: cflbear@yahoo.com | M12: Mike | N12: Heller | T12: 510-529-1975 | V12: X | W12: 104 | X12: 125 | AA12: Sundays: Jan. 4, 11, 18, 25 | AB12: 1pm-5:30pm | AD12: X | AI12: X | AJ12: https://usbaseballacademy.com/sacramento-baseball-camp/ | AK12: X | AL12: =H12&" "&I12&","&" "&J12&" "&K12 -> 5000 McCloud Dr Sacramento, CA 95842 | AM12: X | AN12: X | AR12: X | AS12: 15 | AW12: X | AX12: 18 | BB12: X | BC12: 34 | BG12: X | BH12: 37 | BL12: X | BM12: 45 | BQ12: X | BR12: 45
A13: A-NEW | E13: USBDFC | F13: Franklin Central HS | H13: 6215 S. Franklin Rd | I13: Indianapolis | J13: IN | K13: 46259 | L13: garyvaught6@gmail.com | M13: Gary | N13: Vaught | O13: 241 Rooses Dr. | P13: Indianapolis | Q13: IN | R13: 46217 | T13: 317-752-6791 | W13: 118 | X13: 222 | AA13: Sundays: Jan. 18; Feb. 1, 8, 22 | AB13: 9am-1:30pm | AC13: Door N11 | AJ13: https://usbaseballacademy.com/indianapolis-baseball-camp-2/ | AL13: =H13&" "&I13&","&" "&J13&" "&K13 -> 6215 S. Franklin Rd Indianapolis, IN 46259 | AO13: X | AS13: 10 | AX13: 23 | BC13: 60 | BH13: 77 | BM13: 89 | BR13: 92
A14: A-NEW | E14: USBDHEM | F14: Hemet HS | H14: 41701 Stetson Ave | I14: Hemet | J14: CA | K14: 92544 | L14: sbrown1@hemetusd.org | M14: Steven | N14: Brown | T14: 951-490-5772 | W14: 110 | X14: 228 | AA14: Saturdays: Jan. 10, 24; Feb. 14, 28 | AB14: 9am-1:30pm | AJ14: https://usbaseballacademy.com/hemet-baseball-camp/ | AL14: =H14&" "&I14&","&" "&J14&" "&K14 -> 41701 Stetson Ave Hemet, CA 92544 | AN14: X | AS14: 34 | AX14: 44 | BC14: 51 | BH14: 52 | BM14: 55 | BR14: 60
A15: A-NEW | B15: X | E15: USBDHG | F15: Honey Grove HS | H15: 1208 17th St | I15: Honey Grove | J15: TX | K15: 75446 | L15: rddaniels@hgisd.net | M15: Don | N15: Daniels | T15: 903-267-3684 | V15: X | W15: 110 | X15: 207 | AA15: Saturdays: Jan. 10, 17, 24 (PPD), 31; Feb. 7 (M/U) | AB15: Noon-4:30pm | AD15: X | AI15: X | AJ15: https://usbaseballacademy.com/honey-grove-baseball-camp/ | AK15: X | AL15: =H15&" "&I15&","&" "&J15&" "&K15 -> 1208 17th St Honey Grove, TX 75446 | AM15: X | AN15: X | AR15: X | AS15: 12 | AW15: X | AX15: 15 | BB15: X | BC15: 19 | BG15: X | BH15: 19 | BL15: X | BM15: 19 | BQ15: X | BR15: 20
A16: A-NEW | E16: USBDKAN | F16: Kankakee CC | H16: 100 College Dr | I16: Kankakee | J16: IL | K16: 60901 | L16: bshafer@kcc.edu | M16: Bryce | N16: Shafer | T16: 815-370-5851 | W16: 104 | X16: 201 | AA16: Sundays: Jan. 4, 11, 18, 25 (PPD); Feb. 1 (M/U) | AB16: Noon-4:30pm | AJ16: https://usbaseballacademy.com/kankakee-baseball-camp/ | AL16: =H16&" "&I16&","&" "&J16&" "&K16 -> 100 College Dr Kankakee, IL 60901 | AN16: X | AS16: 63 | AX16: 77 | BC16: 93 | BH16: 101 | BM16: 100 | BR16: 98
A17: A-NEW | B17: X | E17: USBDMER | F17: Merced HS - WINTER BREAK | H17: 205 W. Olive Ave | I17: Merced | J17: CA | K17: 95348 | L17: pryschuk.n@monet.k12.ca.us | M17: Nick | N17: Pryschuk | O17: 329 Leffler Place | P17: Turlock | Q17: CA | R17: 95382 | T17: 209-534-5354 | V17: X | W17: 19 | X17: 22 | AA17: Fri.-Mon.: December 19, 20, 21, 22 | AB17: 9am-1:30pm | AD17: X | AI17: X | AK17: X | AL17: =H17&" "&I17&","&" "&J17&" "&K17 -> 205 W. Olive Ave Merced, CA 95348 | AM17: X | AN17: X | AR17: X | AS17: 11 | AT17: 4 | AU17: =AS17-AT17 -> 7 | AV17: =AS17/AT17-1 -> 1.75 | AW17: X | AX17: 15 | AY17: 10 | AZ17: =AX17-AY17 -> 5 | BA17: =AX17/AY17-1 -> 0.5 | BB17: X | BC17: 19 | BD17: 7 | BE17: =BC17-BD17 -> 12 | BF17: =BC17/BD17-1 -> 1.7142857 | BG17: X | BH17: 18 | BL17: X | BM17: 18 | BN17: 0 | BO17: =BM17-BN17 -> 18 | BP17: =BM17/BN17-1 -> #DIV/0! | BQ17: X | BR17: 18 | BS17: 0 | BT17: =BR17-BS17 -> 18
A18: A-NEW | E18: USBDMFS | F18: Moorestown Friends School | H18: 110 E. Main St | I18: Moorestown | J18: NJ | K18: 08057 | L18: jspencerlinzie@mfriends.org | M18: Justin | N18: Spencer-Linzie | T18: 609-902-7762 | W18: 103 | X18: 131 | AA18: Saturdays: Jan. 3, 10, 24, 31 | AB18: 11am-3:30pm | AJ18: https://usbaseballacademy.com/moorestown-baseball-camp/ | AL18: =H18&" "&I18&","&" "&J18&" "&K18 -> 110 E. Main St Moorestown, NJ 08057 | AN18: X | AS18: 61 | AX18: 82 | BC18: 85 | BH18: 101 | BM18: 102 | BR18: 100
A19: A-NEW | E19: USBDMOP | F19: Moorpark HS | H19: 4500 Tierra Rejada Rd | I19: Moorpark | J19: CA | K19: 93021 | L19: moorparkbsbl@gmail.com | M19: Aaron | N19: Garcia | T19: 805-390-7193 | W19: 104 | X19: 201 | AA19: Sundays: Jan. 4 (PPD), 11, 18, 25; Feb. 1 (M/U) | AB19: Noon-4:30pm | AJ19: https://usbaseballacademy.com/moorpark-baseball-camp/ | AL19: =H19&" "&I19&","&" "&J19&" "&K19 -> 4500 Tierra Rejada Rd Moorpark, CA 93021 | AN19: X | AS19: 46 | AX19: 46 | BC19: 50 | BH19: 53 | BM19: 55 | BR19: 55
A20: A-NEW | E20: USBDNCU | F20: North Country Union HS | H20: 209 Veterans Ave | I20: Newport | J20: VT | K20: 05855 | L20: mclacourse@gmail.com | M20: Mike | N20: LaCourse | T20: 802-279-9034 | W20: 125 | X20: 215 | AA20: Sundays: Jan. 25; Feb. 1, 8, 15 | AB20: 11am-3:30pm | AJ20: https://usbaseballacademy.com/newport-vt-baseball-camp/ | AL20: =H20&" "&I20&","&" "&J20&" "&K20 -> 209 Veterans Ave Newport, VT 05855 | AN20: X | AS20: 18 | AX20: 23 | BC20: 28 | BH20: 33 | BM20: 41 | BR20: 44
A21: A-NEW | E21: USBDPER | F21: Perry HS | H21: 1 Success Blvd | I21: Perry | J21: OH | K21: 44081 | L21: plattm@perry-lake.org | M21: Matt | N21: Platt | T21: 440-669-0712 | W21: 117 | X21: 214 | AA21: Saturdays: Jan. 17, 31; Feb. 7, 14 | AB21: 9am-1:30pm | AJ21: https://usbaseballacademy.com/perry-baseball-camp/ | AL21: =H21&" "&I21&","&" "&J21&" "&K21 -> 1 Success Blvd Perry, OH 44081 | AN21: X | AS21: 80 | AX21: 87 | BC21: 98 | BH21: 104 | BM21: 104 | BR21: 115
A22: A-NEW | E22: USBDPCS | F22: Plumstead Christian School | H22: 5765 Old Easton Rd | I22: Plumsteadville | J22: PA | K22: 18949 | L22: wbrown@plumsteadchristian.org | M22: Wes | N22: Brown | T22: 215 962-9290 | W22: 124 | X22: 221 | AA22: Saturdays: Jan. 24, 31; Feb. 7, 21 | AB22: 9am-1:30pm | AJ22: https://usbaseballacademy.com/plumsteadville-baseball-camp/ | AL22: =H22&" "&I22&","&" "&J22&" "&K22 -> 5765 Old Easton Rd Plumsteadville, PA 18949 | AN22: X | AS22: 0 | AX22: 0 | BC22: 1 | BH22: 0 | BM22: 21 | BR22: 51
A23: A-NEW | C23: x | E23: USBDBAY | F23: Queensborough CC (Feb/Mar Sessions) | H23: 222-05 56th Ave | I23: Queens | J23: NY | K23: 11364 | L23: info@pegsbaseball.com | M23: Roger | N23: Mischel | O23: 19 Forge Lane | P23: Levittown | Q23: NY | R23: 11756 | T23: 347-992-1736 | W23: 215 | X23: 315 | AA23: Sundays: Feb. 15, 22 (PPD); Mar. 1, 8, 15 (M/U) | AB23: 1pm-5:30pm | AJ23: https://usbaseballacademy.com/queens-baseball-camp/ | AL23: =H23&" "&I23&","&" "&J23&" "&K23 -> 222-05 56th Ave Queens, NY 11364 | AP23: X | AS23: 4 | AX23: 13 | BC23: 35 | BH23: 40 | BM23: 51 | BR23: 83
A24: A-NEW | E24: USBDROO | F24: Roosevelt HS | H24: 4029 28th Ave S | I24: Minneapolis | J24: MN | K24: 55406 | L24: timerickson5@gmail.com | M24: Tim | N24: Erickson | O24: 5325 Woodlawn Blvd | P24: Minneapolis | Q24: MN | R24: 55417 | T24: 952-451-2273 | W24: 104 | X24: 125 | AA24: Sundays: Jan. 4, 11, 18, 25 | AB24: Noon-4:30pm | AJ24: https://usbaseballacademy.com/minneapolis-baseball-camp/ | AL24: =H24&" "&I24&","&" "&J24&" "&K24 -> 4029 28th Ave S Minneapolis, MN 55406 | AN24: X | AS24: 75 | AX24: 78 | BC24: 81 | BH24: 84 | BM24: 81 | BR24: 78
A25: A-NEW | E25: USBDSAC | F25: Santiam Christian HS | H25: 7220 NE Arnold Ave | I25: Adair Village | J25: OR | K25: 97330 | L25: nosackm@santiam.org | M25: Matt | N25: Nosack | T25: 541-231-5683 | W25: 207 | X25: 228 | AA25: Saturdays: Feb. 7, 14, 21, 28 | AB25: 9am-1:30pm | AJ25: https://usbaseballacademy.com/adair-village-baseball-camp/ | AL25: =H25&" "&I25&","&" "&J25&" "&K25 -> 7220 NE Arnold Ave Adair Village, OR 97330 | AN25: X | AS25: 38 | AX25: 53 | BC25: 57 | BH25: 70 | BM25: 78 | BR25: 101
A26: A-NEW | E26: USBDSW | F26: Southwestern HS - WINTER BREAK | H26: 167 S. Maincross St | I26: Hanover | J26: IN | K26: 47243 | L26: dthurston@swjcs.us | M26: Dan | N26: Thurston | T26: 812-701-5343 | W26: 20 | X26: 23 | AA26: Sat.-Tues.: Dec. 20, 21, 22, 23 | AB26: 9am-1:30pm | AJ26: https://usbaseballacademy.com/hanover-baseball-camp/ | AL26: =H26&" "&I26&","&" "&J26&" "&K26 -> 167 S. Maincross St Hanover, IN 47243 | AN26: X | AS26: 57 | AX26: 57 | BC26: 58 | BH26: 58 | BM26: 58 | BR26: 58
A27: A-NEW | E27: USBDSCT | F27: St. Cloud Technical CC | G27: Sartell HS | H27: 3101 Pine Cone Rd N | I27: Sartell | J27: MN | K27: 56377 | L27: alex.haapajoki@minnesotanorth.edu | M27: Alex | N27: Haapajoki | T27: 218-839-7893 | W27: 118 | X27: 215 | AA27: Sundays: Jan. 18, 25; Feb. 8, 15 | AB27: 8:30am-1pm | AJ27: https://usbaseballacademy.com/sartell-baseball-camp/ | AL27: =H27&" "&I27&","&" "&J27&" "&K27 -> 3101 Pine Cone Rd N Sartell, MN 56377 | AN27: X | AS27: 25 | AX27: 27 | BC27: 31 | BH27: 42 | BM27: 53 | BR27: 52
A28: A-NEW | E28: USBDSEU | F28: St. Elizabeth University | H28: 2 Convent Rd | I28: Morristown | J28: NJ | K28: 7960 | L28: dfurbeck@steu.edu | M28: Daniel | N28: Furbeck | T28: 973-747-7274 | W28: 125 | X28: 322 | AA28: Sundays: Jan. 25 (PPD); Feb. 1, 8, 15, 22 (M/U) (PPD), March 8 (PPD), 22 (M/U) | AB28: 1pm-5:30pm | AJ28: https://usbaseballacademy.com/morristown-baseball-camp/ | AL28: =H28&" "&I28&","&" "&J28&" "&K28 -> 2 Convent Rd Morristown, NJ 7960 | AN28: X | AS28: 2 | AX28: 9 | BC28: 49 | BH28: 67 | BM28: 77 | BR28: 101
A29: A-NEW | C29: x | E29: USBDTA | F29: Stolen Bases Academy (March Sessions) | H29: 600 E. Western Ave | I29: Lombard | J29: IL | K29: 60148 | L29: dccoach@hotmail.com | M29: Sean | N29: Bieterman | O29: 343 Elm | P29: Villa Park | Q29: IL | R29: 60181 | T29: 630-334-7326 | W29: 301 | X29: 322 | AA29: Sundays: Mar. 1, 8, 15, 22 | AB29: 1pm-5:30pm | AJ29: https://usbaseballacademy.com/lombard-baseball-camp/ | AL29: =H29&" "&I29&","&" "&J29&" "&K29 -> 600 E. Western Ave Lombard, IL 60148 | AP29: X | AS29: 0 | AX29: 13 | BC29: 16 | BH29: 21 | BM29: 37 | BR29: 41
A30: A-NEW | C30: x | E30: USBDSZ | F30: Strike Zone Academy (March Sessions) | H30: 2900 South 110th St | I30: Omaha | J30: NE | K30: 68144 | L30: jsiwa@strikezoneomaha.com | M30: Joe | N30: Siwa | O30: 5101 South 82nd St | P30: Ralston | Q30: NE | R30: 68127 | S30: 402-398-1238 | T30: 402-669-2892 | W30: 308 | X30: 329 | AA30: Sundays: Mar. 8, 15, 22, 29 | AB30: 8am-11am | AC30: H&P Only | AJ30: https://usbaseballacademy.com/omaha-baseball-camp/ | AL30: =H30&" "&I30&","&" "&J30&" "&K30 -> 2900 South 110th St Omaha, NE 68144 | AP30: X | AS30: 0 | AX30: 1 | BC30: 8 | BH30: 8 | BM30: 7 | BR30: 16
A31: A-NEW | E31: USBDTC | F31: Tri Central HS | H31: 2115 W 500 N | I31: Sharpsville | J31: IN | K31: 46068 | L31: sarnold@tccs.k12.in.us | M31: Shane | N31: Arnold | T31: 765-776-2618 | W31: 222 | X31: 315 | AA31: Sundays: Feb. 22; Mar. 1, 8, 15 | AB31: 9am-1:30pm | AJ31: https://usbaseballacademy.com/sharpsville-baseball-camp/ | AL31: =H31&" "&I31&","&" "&J31&" "&K31 -> 2115 W 500 N Sharpsville, IN 46068 | AN31: X | AS31: 42 | AX31: 44 | BC31: 47 | BH31: 49 | BM31: 46 | BR31: 77
A32: A-NEW | E32: USBDUNI | F32: University HS | H32: 4771 Campus Dr | I32: Irvine | J32: CA | K32: 92612 | L32: pitching2469@gmail.com | M32: Jesse | N32: Anderson | T32: 949-500-9198 | W32: 215 | X32: 308 | AA32: Sundays: Feb. 15, 22; Mar. 1, 8 | AB32: 11am-3:30pm | AJ32: https://usbaseballacademy.com/orange-county-irvine-baseball-camp/ | AL32: =H32&" "&I32&","&" "&J32&" "&K32 -> 4771 Campus Dr Irvine, CA 92612 | AN32: X | AS32: 67 | AX32: 67 | BC32: 83 | BH32: 88 | BM32: 95 | BR32: 104
A33: A-NEW | C33: x | E33: USBDQUE | F33: USBA Bellerose | G33: Padavan-Preller Field | H33: 236-02 Hillside Ave | I33: Queens Village | J33: NY | K33: 11427 | L33: thebaseballwhisperer@gmail.com | M33: Roger | N33: Mischel | T33: 347-992-1736 | W33: 406 | X33: 409 | AA33: Mon.-Thurs.: Apr. 6, 7, 8, 9 | AB33: 9am-3pm | AJ33: https://usbaseballacademy.com/spring-break-baseball-camp-in-queens-village/ | AL33: =H33&" "&I33&","&" "&J33&" "&K33 -> 236-02 Hillside Ave Queens Village, NY 11427 | AP33: X | BR33: 1
A34: A-NEW | E34: USBDUSCO | F34: USBA Columbia | G34: Jefferson Middle School | H34: 13 Rogers St | I34: Columbia | J34: MO | K34: 65201 | L34: thman58@gmail.com | M34: Thaddues | N34: Hamilton | T34: 573-999-3591 | W34: 118 | X34: 215 | AA34: Sundays: Jan. 18, 25 (PPD); Feb. 1, 8, 15 (M/U) | AB34: 9am-1:30pm | AJ34: https://usbaseballacademy.com/columbia-baseball-camp/ | AL34: =H34&" "&I34&","&" "&J34&" "&K34 -> 13 Rogers St Columbia, MO 65201 | AN34: X | AS34: 6 | AX34: 16 | BC34: 42 | BH34: 47 | BM34: 58 | BR34: 62
A35: A-NEW | E35: USBDUKIS | F35: USBA Kissimmee | G35: Cypress Creek HS | H35: 101 Bear Crossing Dr | I35: Orlando | J35: FL | K35: 32824 | L35: jesusrivera1622@yahoo.com | M35: Jesus | N35: Rivera | T35: 407-508-5333 | W35: 117 | X35: 207 | AA35: Saturdays: Jan. 17, 24, 31; Feb. 7 | AB35: 9am-1:30pm | AJ35: https://usbaseballacademy.com/orlando-kissimmee-baseball-camp/ | AL35: =H35&" "&I35&","&" "&J35&" "&K35 -> 101 Bear Crossing Dr Orlando, FL 32824 | AN35: X | AS35: 16 | AX35: 24 | BC35: 24 | BH35: 26 | BM35: 26 | BR35: 28
A36: A-NEW | E36: USBDLIC | F36: USBA Long Island City | G36: Elite Per4ormance | H36: 34-01 38th Ave | I36: Long Island City | J36: NY | K36: 11101 | L36: leftyedgarolmos@gmail.com | M36: Edgar | N36: Olmos | T36: 818-317-9449 | W36: 207 | X36: 228 | AA36: Saturdays: Feb. 7, 14, 21, 28 | AB36: 9am-12pm | AC36: H&P Only | AJ36: https://usbaseballacademy.com/long-island-city-baseball-camp/ | AL36: =H36&" "&I36&","&" "&J36&" "&K36 -> 34-01 38th Ave Long Island City, NY 11101 | AN36: X | AS36: 15 | AX36: 30 | BC36: 32 | BH36: 34 | BM36: 33 | BR36: 31
A37: A-NEW | E37: USBDWL | F37: Warren Local HS | H37: 130 Warrior Dr | I37: Vincent | J37: OH | K37: 45784 | L37: chad.porter@warrenlocal.org | M37: Chad | N37: Porter | O37: 1 Woodberry Circle | P37: Parkersburg | Q37: WV | R37: 26104 | T37: 304-482-9611 | W37: 222 | X37: 322 | AA37: Sundays: Feb. 22; Mar. 1, 8, 22 | AB37: 1pm-5:30pm | AL37: =H37&" "&I37&","&" "&J37&" "&K37 -> 130 Warrior Dr Vincent, OH 45784 | AN37: X | BC37: 0 | BH37: 0 | BM37: 1 | BR37: 21
A38: A-NEW-WINTER BREAK | E38: USBDHF | F38: Hitting Factory - WINTER BREAK | H38: 7870 N Leilani Lane | I38: Marana | J38: AZ | K38: 85743 | L38: hitman44@hotmail.com | M38: Chad | N38: Chop | T38: 925-785-1736 | W38: 29 | X38: 101 | AA38: Mon.-Thurs.: Dec. 29, 30, 31; January 1 | AB38: 9am-3pm | AJ38: https://usbaseballacademy.com/winter-break-baseball-camp-in-marana/ | AL38: =H38&" "&I38&","&" "&J38&" "&K38 -> 7870 N Leilani Lane Marana, AZ 85743 | AN38: X | AS38: 36 | AX38: 38 | BC38: 43 | BH38: 43 | BM38: 41 | BR38: 41
A39: B-RET | B39: X | C39: 166 | D39: 94 | E39: USBDAC | F39: Adrian College | H39: 110 South Madison St | I39: Adrian | J39: MI | K39: 49221 | L39: crainey@adrian.edu | M39: Craig | N39: Rainey | O39: 770 Lakeshire Trail 201W | P39: Adrian | Q39: MI | R39: 49221 | T39: 517-902-1986 | U39: 517-264-3977 | V39: X | W39: 118 | X39: 208 | AA39: Sundays: Jan 18, 25; Feb. 1, 8 | AB39: 10am-1pm | AC39: 10am H&P; 1130 FBC | AD39: X | AF39: 139 | AG39: =AF39+20 -> 159 | AH39: =AG39+20 -> 179 | AI39: X | AJ39: https://usbaseballacademy.com/adrian-baseball-camp/ | AK39: X | AL39: =H39&" "&I39&","&" "&J39&" "&K39 -> 110 South Madison St Adrian, MI 49221 | AM39: X | AQ39: X | AR39: X | AS39: 51 | AT39: 41 | AU39: =AS39-AT39 -> 10 | AV39: =AS39/AT39-1 -> 0.24390244 | AW39: X | AX39: 67 | AY39: 73 | AZ39: =AX39-AY39 -> -6 | BA39: =AX39/AY39-1 -> -0.082191781 | BB39: X | BC39: 71 | BD39: 84 | BE39: =BC39-BD39 -> -13 | BF39: =BC39/BD39-1 -> -0.1547619 | BG39: X | BH39: 77 | BL39: X | BM39: 74 | BN39: 89 | BO39: =BM39-BN39 -> -15 | BP39: =BM39/BN39-1 -> -0.16853933 | BQ39: X | BR39: 86 | BS39: 94 | BT39: =BR39-BS39 -> -8
A40: B-RET | B40: X | C40: 67 | D40: 157 | E40: USBDALL | F40: Alliance HS | H40: 400 Glamorgan St. | I40: Alliance | J40: OH | K40: 44601 | L40: grafficeje@alliancecityschools.org | M40: Jeff | N40: Graffice | O40: 1540 Northwood Ave | P40: Alliance | Q40: OH | R40: 44601 | T40: 330-581-3361 | V40: X | W40: 201 | X40: 222 | AA40: Sundays: Feb. 1, 8, 15, 22 | AB40: 11am-3:30pm | AD40: X | AF40: 139 | AG40: =AF40+20 -> 159 | AH40: =AG40+20 -> 179 | AI40: X | AJ40: https://usbaseballacademy.com/alliance-baseball-camp/ | AK40: X | AL40: =H40&" "&I40&","&" "&J40&" "&K40 -> 400 Glamorgan St. Alliance, OH 44601 | AM40: X | AQ40: X | AR40: X | AS40: 47 | AT40: 32 | AU40: =AS40-AT40 -> 15 | AV40: =AS40/AT40-1 -> 0.46875 | AW40: X | AX40: 54 | AY40: 54 | AZ40: =AX40-AY40 -> 0 | BA40: =AX40/AY40-1 -> 0 | BB40: X | BC40: 61 | BD40: 47 | BE40: =BC40-BD40 -> 14 | BF40: =BC40/BD40-1 -> 0.29787234 | BG40: X | BH40: 74 | BL40: X | BM40: 86 | BN40: 124 | BO40: =BM40-BN40 -> -38 | BP40: =BM40/BN40-1 -> -0.30645161 | BQ40: X | BR40: 96 | BS40: 157 | BT40: =BR40-BS40 -> -61
A41: B-RET | B41: X | C41: 180 | D41: 191 | E41: USBDAR | F41: Anoka-Ramsey CC | H41: 11200 Mississippi Blvd NW | I41: Coon Rapids | J41: MN | K41: 55433 | L41: coachholmgren@yahoo.com | M41: Ryan | N41: Holmgren | T41: 651-308-1652 | V41: X | W41: 201 | X41: 222 | AA41: Sundays: Feb. 1, 8, 15, 22 | AB41: 10am-2:30pm | AD41: X | AF41: 139 | AG41: =AF41+20 -> 159 | AH41: =AG41+20 -> 179 | AI41: X | AJ41: https://usbaseballacademy.com/coon-rapids-baseball-camp/ | AK41: X | AL41: =H41&" "&I41&","&" "&J41&" "&K41 -> 11200 Mississippi Blvd NW Coon Rapids, MN 55433 | AM41: X | AQ41: X | AR41: X | AS41: 100 | AT41: 140 | AU41: =AS41-AT41 -> -40 | AV41: =AS41/AT41-1 -> -0.28571429 | AW41: X | AX41: 100 | AY41: 169 | AZ41: =AX41-AY41 -> -69 | BA41: =AX41/AY41-1 -> -0.40828402 | BB41: X | BC41: 122 | BD41: 172 | BE41: =BC41-BD41 -> -50 | BF41: =BC41/BD41-1 -> -0.29069767 | BG41: X | BH41: 131 | BL41: X | BM41: 148 | BN41: 177 | BO41: =BM41-BN41 -> -29 | BP41: =BM41/BN41-1 -> -0.16384181 | BQ41: X | BR41: 193 | BS41: 188 | BT41: =BR41-BS41 -> 5
A42: B-RET | B42: X | C42: 51 | D42: 64 | E42: USBDARC | F42: Arcadia HS | H42: 756 Raider Dr. | I42: Arcadia | J42: WI | K42: 54612 | L42: pronschinsken@arcadia.k12.wi.us | M42: Nate | N42: Pronschinske | O42: 35433 Wayne St | P42: Independence | Q42: WI | R42: 54747 | T42: 715-533-8319 | V42: X | W42: 201 | X42: 222 | AA42: Sundays: Feb. 1, 8, 15, 22 | AB42: 11am-3:30pm | AD42: X | AF42: 139 | AG42: =AF42+20 -> 159 | AH42: =AG42+20 -> 179 | AI42: X | AJ42: https://usbaseballacademy.com/arcadia-baseball-camp/ | AK42: X | AL42: =H42&" "&I42&","&" "&J42&" "&K42 -> 756 Raider Dr. Arcadia, WI 54612 | AM42: X | AQ42: X | AR42: X | AS42: 23 | AT42: 20 | AU42: =AS42-AT42 -> 3 | AV42: =AS42/AT42-1 -> 0.15 | AW42: X | AX42: 25 | AY42: 33 | AZ42: =AX42-AY42 -> -8 | BA42: =AX42/AY42-1 -> -0.24242424 | BB42: X | BC42: 30 | BD42: 36 | BE42: =BC42-BD42 -> -6 | BF42: =BC42/BD42-1 -> -0.16666667 | BG42: X | BH42: 31 | BL42: X | BM42: 33 | BN42: 48 | BO42: =BM42-BN42 -> -15 | BP42: =BM42/BN42-1 -> -0.3125 | BQ42: X | BR42: 36 | BS42: 58 | BT42: =BR42-BS42 -> -22
A43: B-RET | B43: X | C43: 78 | D43: 68 | E43: USBDARH | F43: Arcata HS | H43: 1720 M St | I43: Arcata | J43: CA | K43: 95521 | L43: tghisetti@nohum.k12.ca.us | M43: Troy | N43: Ghisetti | O43: 1251 Lonestar Dr | P43: McKinleyville | Q43: CA | R43: 95519 | S43: 707-839-1299 | T43: 707-845-4846 | U43: 707-825-2400 | V43: X | W43: 208 | X43: 301 | AA43: Sundays: Feb. 8, 15, 22; Mar. 1 | AB43: Noon-4:30pm | AD43: X | AF43: 159 | AG43: =AF43+20 -> 179 | AH43: =AG43+20 -> 199 | AI43: X | AJ43: https://usbaseballacademy.com/arcata-baseball-camp/ | AK43: X | AL43: =H43&" "&I43&","&" "&J43&" "&K43 -> 1720 M St Arcata, CA 95521 | AM43: X | AQ43: X | AR43: X | AS43: 21 | AT43: 43 | AU43: =AS43-AT43 -> -22 | AV43: =AS43/AT43-1 -> -0.51162791 | AW43: X | AX43: 21 | AY43: 51 | AZ43: =AX43-AY43 -> -30 | BA43: =AX43/AY43-1 -> -0.58823529 | BB43: X | BC43: 26 | BD43: 51 | BE43: =BC43-BD43 -> -25 | BF43: =BC43/BD43-1 -> -0.49019608 | BG43: X | BH43: 32 | BL43: X | BM43: 45 | BN43: 57 | BO43: =BM43-BN43 -> -12 | BP43: =BM43/BN43-1 -> -0.21052632 | BQ43: X | BR43: 55 | BS43: 68 | BT43: =BR43-BS43 -> -13
A44: B-RET | B44: X | D44: 63 | E44: USBDALA | F44: Ascend Leadership Academy | G44: Southern Lee HS Field #2 | H44: 2303 Tramway Park Rd. | I44: Sanford | J44: NC | K44: 27332 | L44: mcounter@alaschoolsnc.org | M44: Morgan | N44: Counter | O44: 129 Beautiful Lane | P44: Sanford | Q44: NC | R44: 27332 | T44: 919-897-4541 | V44: X | W44: 110 | X44: 228 | AA44: Saturdays: Jan. 10 (PPD), 17 (PPD) 24 (PPD), 31 (PPD); Feb. 7, 14 (M/U), 21 (M/U), 28 (M/U) | AB44: 9am-1:30pm | AD44: X | AF44: 139 | AG44: =AF44+20 -> 159 | AH44: =AG44+20 -> 179 | AI44: X | AJ44: https://usbaseballacademy.com/sanford-baseball-camp/ | AK44: X | AL44: =H44&" "&I44&","&" "&J44&" "&K44 -> 2303 Tramway Park Rd. Sanford, NC 27332 | AM44: X | AQ44: X | AR44: X | AS44: 25 | AT44: 29 | AU44: =AS44-AT44 -> -4 | AV44: =AS44/AT44-1 -> -0.13793103 | AW44: X | AX44: 37 | AY44: 55 | AZ44: =AX44-AY44 -> -18 | BA44: =AX44/AY44-1 -> -0.32727273 | BB44: X | BC44: 50 | BD44: 46 | BE44: =BC44-BD44 -> 4 | BF44: =BC44/BD44-1 -> 0.086956522 | BG44: X | BH44: 54 | BL44: X | BM44: 58 | BN44: 58 | BO44: =BM44-BN44 -> 0 | BP44: =BM44/BN44-1 -> 0 | BQ44: X | BR44: 57 | BS44: 63 | BT44: =BR44-BS44 -> -6
A45: B-RET | B45: X | C45: 180 | D45: 133 | E45: USBDACC | F45: Aurora Central Catholic HS | H45: 1255 Edgelawn Dr | I45: Aurora | J45: IL | K45: 60506 | L45: rswann12@att.net | M45: Rich | N45: Swann | O45: 39W856 Midfield Dr | P45: Aurora | Q45: IL | R45: 60506 | T45: 630-945-0110 | V45: X | W45: 215 | X45: 308 | AA45: Sundays: Feb. 15, 22; Mar. 1, 8 | AB45: 1pm-5:30pm | AD45: X | AF45: 139 | AG45: =AF45+20 -> 159 | AH45: =AG45+20 -> 179 | AI45: X | AJ45: https://usbaseballacademy.com/aurora-baseball-camp/ | AK45: X | AL45: =H45&" "&I45&","&" "&J45&" "&K45 -> 1255 Edgelawn Dr Aurora, IL 60506 | AM45: X | AQ45: X | AR45: X | AS45: 64 | AT45: 67 | AU45: =AS45-AT45 -> -3 | AV45: =AS45/AT45-1 -> -0.044776119 | AW45: X | AX45: 66 | AY45: 89 | AZ45: =AX45-AY45 -> -23 | BA45: =AX45/AY45-1 -> -0.25842697 | BB45: X | BC45: 84 | BD45: 88 | BE45: =BC45-BD45 -> -4 | BF45: =BC45/BD45-1 -> -0.045454545 | BG45: X | BH45: 87 | BL45: X | BM45: 99 | BN45: 103 | BO45: =BM45-BN45 -> -4 | BP45: =BM45/BN45-1 -> -0.038834951 | BQ45: X | BR45: 119 | BS45: 122 | BT45: =BR45-BS45 -> -3
A46: B-RET | B46: X | C46: 47 | D46: 49 | E46: USBDBBA | F46: Ballistic Baseball Academy | H46: 200 McClurg Rd | I46: Boardman | J46: OH | K46: 44512 | L46: chris.cosentino5@gmail.com | M46: Chris | N46: Cosentino | T46: 330-502-3367 | V46: X | W46: 117 | X46: 207 | AA46: Saturdays: Jan. 17, 24, 31; Feb. 7 | AB46: Noon-4:30pm | AD46: X | AF46: 139 | AG46: =AF46+20 -> 159 | AH46: =AG46+20 -> 179 | AI46: X | AJ46: https://usbaseballacademy.com/youngstown-baseball-camp/ | AK46: X | AL46: =H46&" "&I46&","&" "&J46&" "&K46 -> 200 McClurg Rd Boardman, OH 44512 | AM46: X | AQ46: X | AR46: X | AS46: 60 | AT46: 50 | AU46: =AS46-AT46 -> 10 | AV46: =AS46/AT46-1 -> 0.2 | AW46: X | AX46: 64 | AY46: 51 | AZ46: =AX46-AY46 -> 13 | BA46: =AX46/AY46-1 -> 0.25490196 | BB46: X | BC46: 68 | BD46: 48 | BE46: =BC46-BD46 -> 20 | BF46: =BC46/BD46-1 -> 0.41666667 | BG46: X | BH46: 68 | BL46: X | BM46: 75 | BN46: 49 | BO46: =BM46-BN46 -> 26 | BP46: =BM46/BN46-1 -> 0.53061224 | BQ46: X | BR46: 78 | BS46: 49 | BT46: =BR46-BS46 -> 29
A47: B-RET | B47: X | C47: 70 | D47: 57 | E47: USBDBP | F47: Baseball Plus (January Sessions) | H47: 400 Duffy Ave | I47: Hicksville | J47: NY | K47: 11801 | L47: thebaseballwhisperer@gmail.com | M47: Roger | N47: Mischel | T47: 347-992-1736 | V47: X | W47: 109 | X47: 130 | AA47: Fridays: Jan. 9, 16, 23, 30 | AB47: 6pm-9pm | AC47: hitting and pitching only | AD47: X | AF47: 149 | AG47: =AF47+20 -> 169 | AH47: =AG47+20 -> 189 | AI47: X | AJ47: https://usbaseballacademy.com/hicksville-baseball-camp/ | AK47: X | AL47: =H47&" "&I47&","&" "&J47&" "&K47 -> 400 Duffy Ave Hicksville, NY 11801 | AM47: X | AQ47: X | AR47: X | AS47: 52 | AT47: 38 | AU47: =AS47-AT47 -> 14 | AV47: =AS47/AT47-1 -> 0.36842105 | AW47: X | AX47: 56 | AY47: 51 | AZ47: =AX47-AY47 -> 5 | BA47: =AX47/AY47-1 -> 0.098039216 | BB47: X | BC47: 58 | BD47: 51 | BE47: =BC47-BD47 -> 7 | BF47: =BC47/BD47-1 -> 0.1372549 | BG47: X | BH47: 59 | BL47: X | BM47: 59 | BO47: =BM47-BN47 -> 59 | BP47: =BM47/BN47-1 -> #DIV/0! | BQ47: X | BR47: 58 | BS47: 57 | BT47: =BR47-BS47 -> 1
A48: B-RET | B48: X | C48: 108 | D48: 105 | E48: USBDBELL | F48: Bellbrook HS | H48: 3737 Upper Bellbrook Rd | I48: Bellbrook | J48: OH | K48: 45305 | L48: jonathan.venters@gmail.com | M48: Jon | N48: Venters | O48: 971 Conifer Trail | P48: Bellbrook | Q48: OH | R48: 45305 | S48: 937-372-8427 | T48: 937-768-0219 | V48: X | W48: 118 | X48: 215 | AA48: Sundays: Jan. 18, 25 (PPD); Feb. 1, 8, 15 (M/U) | AB48: Noon-4:30pm | AD48: X | AF48: 139 | AG48: =AF48+20 -> 159 | AH48: =AG48+20 -> 179 | AI48: X | AJ48: https://usbaseballacademy.com/bellbrook-baseball-camp/ | AK48: X | AL48: =H48&" "&I48&","&" "&J48&" "&K48 -> 3737 Upper Bellbrook Rd Bellbrook, OH 45305 | AM48: X | AQ48: X | AR48: X | AS48: 60 | AT48: 53 | AU48: =AS48-AT48 -> 7 | AV48: =AS48/AT48-1 -> 0.13207547 | AW48: X | AX48: 65 | AY48: 63 | AZ48: =AX48-AY48 -> 2 | BA48: =AX48/AY48-1 -> 0.031746032 | BB48: X | BC48: 83 | BD48: 72 | BE48: =BC48-BD48 -> 11 | BF48: =BC48/BD48-1 -> 0.15277778 | BG48: X | BH48: 87 | BL48: X | BM48: 87 | BN48: 79 | BO48: =BM48-BN48 -> 8 | BP48: =BM48/BN48-1 -> 0.10126582 | BQ48: X | BR48: 95 | BS48: 105 | BT48: =BR48-BS48 -> -10
A49: B-RET | B49: X | C49: 105 | D49: 83 | E49: USBDBC | F49: Benedict College | H49: 1703 Pinehurst Rd. | I49: Columbia | J49: SC | K49: 29204 | L49: selwyn.young@benedict.edu | M49: Selwyn | N49: Young | T49: 213-804-2456 | V49: X | W49: 118 | X49: 208 | AA49: Sundays: Jan. 18 (PPD), 24 (M/U), 25; Feb. 1, 8 | AB49: 1pm-5:30pm | AD49: X | AF49: 139 | AG49: =AF49+20 -> 159 | AH49: =AG49+20 -> 179 | AI49: X | AJ49: https://usbaseballacademy.com/columbia-sc-baseball-camp/ | AK49: X | AL49: =H49&" "&I49&","&" "&J49&" "&K49 -> 1703 Pinehurst Rd. Columbia, SC 29204 | AM49: X | AQ49: X | AR49: X | AS49: 43 | AT49: 45 | AU49: =AS49-AT49 -> -2 | AV49: =AS49/AT49-1 -> -0.044444444 | AW49: X | AX49: 45 | AY49: 67 | AZ49: =AX49-AY49 -> -22 | BA49: =AX49/AY49-1 -> -0.32835821 | BB49: X | BC49: 49 | BD49: 59 | BE49: =BC49-BD49 -> -10 | BF49: =BC49/BD49-1 -> -0.16949153 | BG49: X | BH49: 52 | BL49: X | BM49: 56 | BN49: 68 | BO49: =BM49-BN49 -> -12 | BP49: =BM49/BN49-1 -> -0.17647059 | BQ49: X | BR49: 60 | BS49: 83 | BT49: =BR49-BS49 -> -23
A50: B-RET | B50: X | D50: 35 | E50: USBDBET | F50: Bethel HS | H50: 36000 Clearpond Rd. | I50: Shawnee | J50: OK | K50: 74801 | L50: bandyg@bethel.k12.ok.us | M50: Gary | N50: Bandy | O50: 3900 Low Meadow | P50: Edmond | Q50: OK | R50: 73003 | T50: 402-710-0445 | V50: X | W50: 104 | X50: 208 | AA50: Sundays: Jan. 4, 11, 25 (PPD); Feb. 1, 8 (M/U) | AB50: Noon-4:30pm | AD50: X | AF50: 139 | AG50: =AF50+20 -> 159 | AH50: =AG50+20 -> 179 | AI50: X | AJ50: https://usbaseballacademy.com/shawnee-baseball-camp/ | AK50: X | AL50: =H50&" "&I50&","&" "&J50&" "&K50 -> 36000 Clearpond Rd. Shawnee, OK 74801 | AM50: X | AQ50: X | AR50: X | AS50: 6 | AT50: 10 | AU50: =AS50-AT50 -> -4 | AV50: =AS50/AT50-1 -> -0.4 | AW50: X | AX50: 11 | AY50: 27 | AZ50: =AX50-AY50 -> -16 | BA50: =AX50/AY50-1 -> -0.59259259 | BB50: X | BC50: 16 | BD50: 15 | BE50: =BC50-BD50 -> 1 | BF50: =BC50/BD50-1 -> 0.066666667 | BG50: X | BH50: 22 | BL50: X | BM50: 18 | BN50: 25 | BO50: =BM50-BN50 -> -7 | BP50: =BM50/BN50-1 -> -0.28 | BQ50: X | BR50: 18 | BS50: 35 | BT50: =BR50-BS50 -> -17
A51: B-RET | B51: X | C51: 133 | D51: 61 | E51: USBDROS | F51: Bishop Foley HS | H51: 32000 N. Campbell Rd. | I51: Madison Heights | J51: MI | K51: 48071 | L51: metrodetroitbaseball@gmail.com | M51: Tim | N51: McEvoy | O51: 203 Dewey St. | P51: Royal Oak | Q51: MI | R51: 48067 | T51: 313-378-8457 | V51: X | W51: 412 | X51: 503 | AA51: Sundays: Apr. 12, 19, 26; May 3 | AB51: 10am-2:30pm | AD51: X | AF51: 139 | AG51: 159 | AH51: 179 | AI51: X | AJ51: https://usbaseballacademy.com/detroit-waterford-township-baseball-camp/ | AK51: X | AL51: =H51&" "&I51&","&" "&J51&" "&K51 -> 32000 N. Campbell Rd. Madison Heights, MI 48071 | AM51: X | AQ51: X | AR51: X | AS51: 18 | AT51: 0 | AU51: =AS51-AT51 -> 18 | AV51: =AS51/AT51-1 -> #DIV/0! | AW51: X | AX51: 22 | AY51: 0 | AZ51: =AX51-AY51 -> 22 | BB51: X | BC51: 25 | BE51: =BC51-BD51 -> 25 | BG51: X | BH51: 29 | BL51: X | BM51: 29 | BO51: =BM51-BN51 -> 29 | BP51: =BM51/BN51-1 -> #DIV/0! | BQ51: X | BR51: 48 | BS51: 43 | BT51: =BR51-BS51 -> 5
A52: B-RET | B52: X | D52: 97 | E52: USBDBUS | F52: Bushnell University | G52: Hamlin Middle School Sports Complex | H52: 326 Centennial Blvd | I52: Springfield | J52: OR | K52: 97477 | L52: estacy@bushnell.edu | M52: Ethan | N52: Stacy | T52: 360-919-4427 | V52: X | W52: 104 | X52: 125 | AA52: Sundays: Jan. 4, 11, 18, 25 | AB52: Noon-4:30pm | AD52: X | AF52: 149 | AG52: =AF52+20 -> 169 | AH52: =AG52+20 -> 189 | AI52: X | AJ52: https://usbaseballacademy.com/eugene-baseball-camp/ | AK52: X | AL52: =H52&" "&I52&","&" "&J52&" "&K52 -> 326 Centennial Blvd Springfield, OR 97477 | AM52: X | AQ52: X | AR52: X | AS52: 70 | AT52: 72 | AU52: =AS52-AT52 -> -2 | AV52: =AS52/AT52-1 -> -0.027777778 | AW52: X | AX52: 82 | AY52: 84 | AZ52: =AX52-AY52 -> -2 | BA52: =AX52/AY52-1 -> -0.023809524 | BB52: X | BC52: 100 | BD52: 89 | BE52: =BC52-BD52 -> 11 | BF52: =BC52/BD52-1 -> 0.12359551 | BG52: X | BH52: 105 | BL52: X | BM52: 110 | BN52: 95 | BO52: =BM52-BN52 -> 15 | BP52: =BM52/BN52-1 -> 0.15789474 | BQ52: X | BR52: 108 | BS52: 97 | BT52: =BR52-BS52 -> 11
A53: B-RET | B53: X | C53: 65 | D53: 35 | E53: USBDCAP | F53: Capital HS | H53: 4851 Paseo Del Sol | I53: Santa Fe | J53: NM | K53: 87507 | L53: mimiller@sfps.k12.nm.us | M53: Mike | N53: Miller | T53: 505-492-6247 | V53: X | W53: 110 | X53: 207 | AA53: Saturdays: Jan. 10, 17, 24 (PPD), 31; Feb. 7 (M/U) | AB53: 10am-2:30pm | AD53: X | AF53: 139 | AG53: =AF53+20 -> 159 | AH53: =AG53+20 -> 179 | AI53: X | AJ53: https://usbaseballacademy.com/santa-fe-baseball-camp/ | AK53: X | AL53: =H53&" "&I53&","&" "&J53&" "&K53 -> 4851 Paseo Del Sol Santa Fe, NM 87507 | AM53: X | AQ53: X | AR53: X | AS53: 19 | AT53: 25 | AU53: =AS53-AT53 -> -6 | AV53: =AS53/AT53-1 -> -0.24 | AW53: X | AX53: 22 | AY53: 32 | AZ53: =AX53-AY53 -> -10 | BA53: =AX53/AY53-1 -> -0.3125 | BB53: X | BC53: 25 | BD53: 34 | BE53: =BC53-BD53 -> -9 | BF53: =BC53/BD53-1 -> -0.26470588 | BG53: X | BH53: 34 | BL53: X | BM53: 41 | BN53: 45 | BO53: =BM53-BN53 -> -4 | BP53: =BM53/BN53-1 -> -0.088888889 | BQ53: X | BR53: 44 | BS53: 71 | BT53: =BR53-BS53 -> -27
A54: B-RET | B54: X | C54: 111 | D54: 83 | E54: USBDCG | F54: Central Gwinnett HS | H54: 564 W. Crogan St. | I54: Lawrenceville | J54: GA | K54: 30046 | L54: karl.craig@gcpsk12.org | M54: Karl | N54: Craig | O54: 3657 Talon View Ct. | P54: Auburn | Q54: GA | R54: 30011 | T54: 678-349-1321 | V54: X | W54: 111 | X54: 215 | AA54: Sundays: Jan. 11, 18, 25 (PPD); Feb. 1 (PPD), 8 (M/U), 15 (M/U) | AB54: 1pm-5:30pm | AD54: X | AF54: 139 | AG54: =AF54+20 -> 159 | AH54: =AG54+20 -> 179 | AI54: X | AJ54: https://usbaseballacademy.com/lawrenceville-baseball-camp/ | AK54: X | AL54: =H54&" "&I54&","&" "&J54&" "&K54 -> 564 W. Crogan St. Lawrenceville, GA 30046 | AM54: X | AQ54: X | AR54: X | AS54: 42 | AT54: 58 | AU54: =AS54-AT54 -> -16 | AV54: =AS54/AT54-1 -> -0.27586207 | AW54: X | AX54: 54 | AY54: 76 | AZ54: =AX54-AY54 -> -22 | BA54: =AX54/AY54-1 -> -0.28947368 | BB54: X | BC54: 78 | BD54: 69 | BE54: =BC54-BD54 -> 9 | BF54: =BC54/BD54-1 -> 0.13043478 | BG54: X | BH54: 85 | BL54: X | BM54: 84 | BN54: 77 | BO54: =BM54-BN54 -> 7 | BP54: =BM54/BN54-1 -> 0.090909091 | BQ54: X | BR54: 105 | BS54: 83 | BT54: =BR54-BS54 -> 22
A55: B-RET | B55: X | C55: 193 | D55: 164 | E55: USBDCC | F55: Chemeketa CC | H55: 4000 Lancaster Dr. NE | I55: Salem | J55: OR | K55: 97305 | L55: gmoser1@chemeketa.edu | M55: Gerhett | N55: Moser | O55: 4 Bolivar St | P55: Lake Oswego | Q55: OR | R55: 97035 | T55: 503-803-5656 | V55: X | W55: 118 | X55: 208 | AA55: Sundays: Jan. 18, 25; Feb. 1, 8 | AB55: 10am-2:30pm | AD55: X | AF55: 139 | AG55: =AF55+20 -> 159 | AH55: =AG55+20 -> 179 | AI55: X | AJ55: https://usbaseballacademy.com/salem-oregon-baseball-camp/ | AK55: X | AL55: =H55&" "&I55&","&" "&J55&" "&K55 -> 4000 Lancaster Dr. NE Salem, OR 97305 | AM55: X | AQ55: X | AR55: X | AS55: 128 | AT55: 117 | AU55: =AS55-AT55 -> 11 | AV55: =AS55/AT55-1 -> 0.094017094 | AW55: X | AX55: 148 | AY55: 145 | AZ55: =AX55-AY55 -> 3 | BA55: =AX55/AY55-1 -> 0.020689655 | BB55: X | BC55: 157 | BD55: 148 | BE55: =BC55-BD55 -> 9 | BF55: =BC55/BD55-1 -> 0.060810811 | BG55: X | BH55: 162 | BL55: X | BM55: 166 | BN55: 158 | BO55: =BM55-BN55 -> 8 | BP55: =BM55/BN55-1 -> 0.050632911 | BQ55: X | BR55: 180 | BS55: 164 | BT55: =BR55-BS55 -> 16
A56: B-RET | B56: X | C56: 145 | D56: 141 | E56: USBDCHU | F56: Chugiak HS | H56: 16525 S. Birchwood Loop Rd. | I56: Chugiak | J56: AK | K56: 99567 | L56: joe.fitka@yahoo.com | M56: Joe | N56: Fitka | O56: 6339 Air Guard Rd | P56: Anchorage | Q56: AK | R56: 99502 | T56: 907-306-8570 | V56: X | W56: 104 | X56: 125 | AA56: Sundays: Jan. 4, 11, 18, 25 | AB56: 9am-1:30pm | AD56: X | AF56: 139 | AG56: =AF56+20 -> 159 | AH56: =AG56+20 -> 179 | AI56: X | AJ56: https://usbaseballacademy.com/anchorage-baseball-camp/ | AK56: X | AL56: =H56&" "&I56&","&" "&J56&" "&K56 -> 16525 S. Birchwood Loop Rd. Chugiak, AK 99567 | AM56: X | AQ56: X | AR56: X | AS56: 98 | AT56: 104 | AU56: =AS56-AT56 -> -6 | AV56: =AS56/AT56-1 -> -0.057692308 | AW56: X | AX56: 120 | AY56: 135 | AZ56: =AX56-AY56 -> -15 | BA56: =AX56/AY56-1 -> -0.11111111 | BB56: X | BC56: 132 | BD56: 133 | BE56: =BC56-BD56 -> -1 | BF56: =BC56/BD56-1 -> -0.007518797 | BG56: X | BH56: 138 | BL56: X | BM56: 146 | BN56: 141 | BO56: =BM56-BN56 -> 5 | BP56: =BM56/BN56-1 -> 0.035460993 | BQ56: X | BR56: 145 | BS56: 141 | BT56: =BR56-BS56 -> 4
A57: B-RET | B57: X | D57: 26 | E57: USBDCLA | F57: Clarke County HS | H57: 151 South Church St | I57: Grove Hill | J57: AL | K57: 36451 | L57: wbuford@clarkecountyschools.org | M57: Will | N57: Buford | O57: 1220 Travis St. | P57: Thomasville | Q57: AL | R57: 36784 | T57: 334-830-7132 | V57: X | W57: 104 | X57: 201 | AA57: Sundays: Jan. 4, 11, 18, 25 (PPD); Feb. 1 (M/U) | AB57: Noon-4:30pm | AD57: X | AF57: 139 | AG57: =AF57+20 -> 159 | AH57: =AG57+20 -> 179 | AI57: X | AJ57: https://usbaseballacademy.com/grove-hill-baseball-camp/ | AK57: X | AL57: =H57&" "&I57&","&" "&J57&" "&K57 -> 151 South Church St Grove Hill, AL 36451 | AM57: X | AQ57: X | AR57: X | AS57: 12 | AT57: 20 | AU57: =AS57-AT57 -> -8 | AV57: =AS57/AT57-1 -> -0.4 | AW57: X | AX57: 12 | AY57: 29 | AZ57: =AX57-AY57 -> -17 | BA57: =AX57/AY57-1 -> -0.5862069 | BB57: X | BC57: 15 | BD57: 20 | BE57: =BC57-BD57 -> -5 | BF57: =BC57/BD57-1 -> -0.25 | BG57: X | BH57: 13 | BL57: X | BM57: 15 | BN57: 26 | BO57: =BM57-BN57 -> -11 | BP57: =BM57/BN57-1 -> -0.42307692 | BQ57: X | BR57: 14 | BS57: 26 | BT57: =BR57-BS57 -> -12
A58: B-RET | B58: X | C58: 49 | D58: 53 | E58: USBDCA | F58: Coastal Alabama CC South | H58: 1900 US Hwy 31 | I58: Bay Minette | J58: AL | K58: 36507 | L58: jd.pruitt@coastalalabama.edu | M58: JD | N58: Pruitt | O58: 10526 Brodick Loop | P58: Spanish Fort | Q58: AL | R58: 36527 | T58: 334-714-7994 | V58: X | W58: 110 | X58: 207 | AA58: Sat./Sun.: Jan. 10 (PPD), 11, 17, 18, 25 (PPD); Feb. 7 (M/U) | AB58: 10am-2:30pm | AD58: X | AF58: 139 | AG58: =AF58+20 -> 159 | AH58: =AG58+20 -> 179 | AI58: X | AJ58: https://usbaseballacademy.com/bay-minette-baseball-camp/ | AK58: X | AL58: =H58&" "&I58&","&" "&J58&" "&K58 -> 1900 US Hwy 31 Bay Minette , AL 36507 | AM58: X | AQ58: X | AR58: X | AS58: 31 | AT58: 28 | AU58: =AS58-AT58 -> 3 | AV58: =AS58/AT58-1 -> 0.10714286 | AW58: X | AX58: 38 | AY58: 46 | AZ58: =AX58-AY58 -> -8 | BA58: =AX58/AY58-1 -> -0.17391304 | BB58: X | BC58: 55 | BD58: 39 | BE58: =BC58-BD58 -> 16 | BF58: =BC58/BD58-1 -> 0.41025641 | BG58: X | BH58: 59 | BL58: X | BM58: 59 | BN58: 48 | BO58: =BM58-BN58 -> 11 | BP58: =BM58/BN58-1 -> 0.22916667 | BQ58: X | BR58: 57 | BS58: 53 | BT58: =BR58-BS58 -> 4
A59: B-RET | B59: X | C59: 60 | D59: 133 | E59: USBDCSS | F59: College of Saint Scholastica | H59: 1200 Kenwood Ave | I59: Duluth | J59: MN | K59: 55811 | L59: brepking@css.edu | M59: Brooks | N59: Repking | O59: 4891 Tamarack Ln. Unit E | P59: Hermantown | Q59: MN | R59: 55811 | T59: 715-470-0416 | V59: X | W59: 104 | X59: 125 | AA59: Sundays: Jan. 4, 11, 18, 25 | AB59: 8am-12:30pm | AD59: X | AF59: 139 | AG59: =AF59+20 -> 159 | AH59: =AG59+20 -> 179 | AI59: X | AJ59: https://usbaseballacademy.com/duluth-baseball-camp/ | AK59: X | AL59: =H59&" "&I59&","&" "&J59&" "&K59 -> 1200 Kenwood Ave Duluth, MN 55811 | AM59: X | AQ59: X | AR59: X | AS59: 120 | AT59: 116 | AU59: =AS59-AT59 -> 4 | AV59: =AS59/AT59-1 -> 0.034482759 | AW59: X | AX59: 133 | AY59: 125 | AZ59: =AX59-AY59 -> 8 | BA59: =AX59/AY59-1 -> 0.064 | BB59: X | BC59: 141 | BD59: 131 | BE59: =BC59-BD59 -> 10 | BF59: =BC59/BD59-1 -> 0.076335878 | BG59: X | BH59: 150 | BL59: X | BM59: 150 | BN59: 130 | BO59: =BM59-BN59 -> 20 | BP59: =BM59/BN59-1 -> 0.15384615 | BQ59: X | BR59: 150 | BS59: 133 | BT59: =BR59-BS59 -> 17
A60: B-RET | B60: X | C60: 117 | D60: 138 | E60: USBDDM | F60: Dallas Molina HS | H60: 2355 Duncanville Rd | I60: Dallas | J60: TX | K60: 75211 | L60: hensmith@dallasisd.org | M60: Henry | N60: Smith | O60: 1002 Wabash Trail | P60: Mansfield | Q60: TX | R60: 76063 | T60: 817-937-6549 | V60: X | W60: 104 | X60: 208 | AA60: Sundays: Jan. 4, 11, 18, 25 (PPD); Feb. 1 (PPD), 8 (M/U) | AB60: 1pm-5:30pm | AC60: Hitting 24. Pitching 10, Fielding 36 and NO catching. | AD60: X | AF60: 139 | AG60: =AF60+20 -> 159 | AH60: =AG60+20 -> 179 | AI60: X | AJ60: https://usbaseballacademy.com/dallas-baseball-camp/ | AK60: X | AL60: =H60&" "&I60&","&" "&J60&" "&K60 -> 2355 Duncanville Rd Dallas, TX 75211 | AM60: X | AQ60: X | AR60: X | AS60: 49 | AT60: 105 | AU60: =AS60-AT60 -> -56 | AV60: =AS60/AT60-1 -> -0.53333333 | AW60: X | AX60: 54 | AY60: 52 | AZ60: =AX60-AY60 -> 2 | BA60: =AX60/AY60-1 -> 0.038461538 | BB60: X | BC60: 64 | BD60: 120 | BE60: =BC60-BD60 -> -56 | BF60: =BC60/BD60-1 -> -0.46666667 | BG60: X | BH60: 68 | BL60: X | BM60: 80 | BN60: 138 | BO60: =BM60-BN60 -> -58 | BP60: =BM60/BN60-1 -> -0.42028986 | BQ60: X | BR60: 76 | BS60: 138 | BT60: =BR60-BS60 -> -62
A61: B-RET | B61: X | C61: 90 | D61: 77 | E61: USBDDG | F61: Dave Griffin's Sports Complex (January Sessions) | H61: 1200 W Main St | I61: Griffith | J61: IN | K61: 46319 | L61: david.griffin@pnw.edu | M61: Dave | N61: Griffin | O61: 8332 Wyman Dr | P61: St. John | Q61: IN | R61: 46373 | T61: 219-765-6242 | U61: 219-989-8018 | V61: X | W61: 110 | X61: 131 | AA61: Saturdays: Jan. 10, 17, 24, 31 | AB61: Noon-4:30pm | AD61: X | AF61: 149 | AG61: =AF61+20 -> 169 | AH61: =AG61+20 -> 189 | AI61: X | AJ61: https://usbaseballacademy.com/hammond-baseball-camp/ | AK61: X | AL61: =H61&" "&I61&","&" "&J61&" "&K61 -> 1200 W Main St Griffith, IN 46319 | AM61: X | AQ61: X | AR61: X | AS61: 42 | AT61: 39 | AU61: =AS61-AT61 -> 3 | AV61: =AS61/AT61-1 -> 0.076923077 | AW61: X | AX61: 54 | AY61: 53 | AZ61: =AX61-AY61 -> 1 | BA61: =AX61/AY61-1 -> 0.018867925 | BB61: X | BC61: 67 | BD61: 61 | BE61: =BC61-BD61 -> 6 | BF61: =BC61/BD61-1 -> 0.098360656 | BG61: X | BH61: 74 | BL61: X | BM61: 79 | BO61: =BM61-BN61 -> 79 | BP61: =BM61/BN61-1 -> #DIV/0! | BQ61: X | BR61: 82 | BS61: 77 | BT61: =BR61-BS61 -> 5
A62: B-RET | B62: X | C62: 163 | D62: 156 | E62: USBDDCC | F62: Delaware County Christian | H62: 462 Malin Rd | I62: Newtown Square | J62: PA | K62: 19073 | L62: jwisnewski@dccs.org | M62: Jeff | N62: Wisnewski | O62: 509 Walnut Hill Rd. | P62: West Chester | Q62: PA | R62: 19382 | T62: 610-357-5881 | V62: X | W62: 221 | X62: 321 | AA62: Saturdays: Feb. 21, 28; Mar. 14, 21 | AB62: 11am-3:30pm | AC62: No Catching | AD62: X | AF62: 149 | AG62: =AF62+20 -> 169 | AH62: =AG62+20 -> 189 | AI62: X | AJ62: https://usbaseballacademy.com/philadelphia-newtown-square-baseball-camp/ | AK62: X | AL62: =H62&" "&I62&","&" "&J62&" "&K62 -> 462 Malin Rd Newtown Square, PA 19073 | AM62: X | AQ62: X | AR62: X | AS62: 115 | AT62: 124 | AU62: =AS62-AT62 -> -9 | AV62: =AS62/AT62-1 -> -0.072580645 | AW62: X | AX62: 125 | AY62: 142 | AZ62: =AX62-AY62 -> -17 | BA62: =AX62/AY62-1 -> -0.11971831 | BB62: X | BC62: 135 | BD62: 142 | BE62: =BC62-BD62 -> -7 | BF62: =BC62/BD62-1 -> -0.049295775 | BG62: X | BH62: 152 | BL62: X | BM62: 157 | BN62: 145 | BO62: =BM62-BN62 -> 12 | BP62: =BM62/BN62-1 -> 0.082758621 | BQ62: X | BR62: 156 | BS62: 156 | BT62: =BR62-BS62 -> 0
A63: B-RET | B63: X | D63: 76 | E63: USBDDRY | F63: Dryden HS | H63: 118 Freeville Rd | I63: Dryden | J63: NY | K63: 13053 | L63: jpascarella75@live.com | M63: John | N63: Pascarella | O63: 184 McClintock Road | P63: Dryden | Q63: NY | R63: 13053 | T63: 607-339-9432 | V63: X | W63: 118 | X63: 215 | AA63: Sundays: Jan. 18, 25 (PPD); Feb. 1, 8, 15 (M/U) | AB63: Noon-4:30pm | AD63: X | AF63: 139 | AG63: 159 | AH63: 179 | AI63: X | AJ63: https://usbaseballacademy.com/dryden-baseball-camp/ | AK63: X | AL63: =H63&" "&I63&","&" "&J63&" "&K63 -> 118 Freeville Rd Dryden, NY 13053 | AM63: X | AQ63: X | AR63: X | AS63: 42 | AT63: 0 | AU63: =AS63-AT63 -> 42 | AV63: =AS63/AT63-1 -> #DIV/0! | AW63: X | AX63: 45 | AY63: 15 | AZ63: =AX63-AY63 -> 30 | BA63: =AX63/AY63-1 -> 2 | BB63: X | BC63: 44 | BD63: 30 | BE63: =BC63-BD63 -> 14 | BF63: =BC63/BD63-1 -> 0.46666667 | BG63: X | BH63: 45 | BL63: X | BM63: 53 | BN63: 44 | BO63: =BM63-BN63 -> 9 | BP63: =BM63/BN63-1 -> 0.20454545 | BQ63: X | BR63: 60 | BS63: 55 | BT63: =BR63-BS63 -> 5
A64: B-RET | B64: X | E64: USBDDUG | F64: Dugout Baseball | H64: 400 E. Wilson Bridge Rd | I64: Columbus | J64: OH | K64: 43085 | L64: brian.j.mohr13@gmail.com | M64: Brian | N64: Mohr | T64: 614-432-2423 | V64: X | W64: 7 | X64: 28 | AA64: Sundays: Dec. 7, 14, 21, 28 | AB64: Noon-4:30pm | AD64: X | AF64: 295 | AG64: 0 | AH64: 0 | AI64: X | AJ64: https://usbaseballacademy.com/columbus-oh-baseball-camp/ | AK64: X | AL64: =H64&" "&I64&","&" "&J64&" "&K64 -> 400 E. Wilson Bridge Rd Columbus, OH 43085 | AM64: X | AQ64: X | AR64: X | AS64: 34 | AT64: 0 | AU64: =AS64-AT64 -> 34 | AV64: =AS64/AT64-1 -> #DIV/0! | AW64: X | AX64: 33 | AY64: 16 | AZ64: =AX64-AY64 -> 17 | BA64: =AX64/AY64-1 -> 1.0625 | BB64: X | BC64: 33 | BD64: 16 | BE64: =BC64-BD64 -> 17 | BF64: =BC64/BD64-1 -> 1.0625 | BG64: X | BH64: 33 | BL64: X | BM64: 33 | BN64: 13 | BO64: =BM64-BN64 -> 20 | BP64: =BM64/BN64-1 -> 1.5384615 | BQ64: X | BR64: 33 | BS64: 23 | BT64: =BR64-BS64 -> 10
A65: B-RET | B65: X | C65: 47 | D65: 34 | E65: USBDDUG2 | F65: Dugout Baseball March camp | H65: 400 E. Wilson Bridge Rd | I65: Columbus | J65: OH | K65: 43085 | L65: brian.j.mohr13@gmail.com | M65: Brian | N65: Mohr | T65: 614-432-2423 | V65: X | W65: 307 | X65: 411 | AA65: Saturdays: Mar. 7, 14 (PPD), 21, 28; Apr. 11 (M/U) | AB65: 9am-1:30pm | AD65: X | AF65: 149 | AG65: 169 | AH65: 189 | AI65: X | AJ65: https://usbaseballacademy.com/columbus-oh-baseball-camp/ | AK65: X | AL65: =H65&" "&I65&","&" "&J65&" "&K65 -> 400 E. Wilson Bridge Rd Columbus, OH 43085 | AM65: X | AQ65: X | AR65: X | AS65: 7 | AT65: 0 | AU65: =AS65-AT65 -> 7 | AV65: =AS65/AT65-1 -> #DIV/0! | AW65: X | AX65: 7 | AY65: 5 | AZ65: =AX65-AY65 -> 2 | BA65: =AX65/AY65-1 -> 0.4 | BB65: X | BC65: 11 | BD65: 6 | BE65: =BC65-BD65 -> 5 | BF65: =BC65/BD65-1 -> 0.83333333 | BG65: X | BH65: 20 | BL65: X | BM65: 24 | BN65: 0 | BO65: =BM65-BN65 -> 24 | BP65: =BM65/BN65-1 -> #DIV/0! | BQ65: X | BR65: 47 | BS65: 0 | BT65: =BR65-BS65 -> 47
A66: B-RET | B66: X | C66: 52 | D66: 67 | E66: USBDED | F66: Edison HS | H66: 540 E California Ave | I66: Fresno | J66: CA | K66: 93706 | L66: pryschuk.n@monet.k12.ca.us | M66: Nick | N66: Pryschuk | T66: 209-534-5354 | V66: X | W66: 105 | X66: 108 | AA66: Mon.-Thurs.: Jan. 5, 6, 7, 8 | AB66: 9am-1:30pm | AD66: X | AF66: 159 | AG66: =AF66+20 -> 179 | AH66: =AG66+20 -> 199 | AI66: X | AJ66: https://usbaseballacademy.com/fresno-baseball-camp/ | AK66: X | AL66: =H66&" "&I66&","&" "&J66&" "&K66 -> 540 E California Ave Fresno, CA 93706 | AM66: X | AQ66: X | AR66: X | AS66: 15 | AT66: 30 | AU66: =AS66-AT66 -> -15 | AV66: =AS66/AT66-1 -> -0.5 | AW66: X | AX66: 17 | AY66: 53 | AZ66: =AX66-AY66 -> -36 | BA66: =AX66/AY66-1 -> -0.67924528 | BB66: X | BC66: 29 | BD66: 34 | BE66: =BC66-BD66 -> -5 | BF66: =BC66/BD66-1 -> -0.14705882 | BG66: X | BH66: 29 | BL66: X | BM66: 17 | BN66: 48 | BO66: =BM66-BN66 -> -31 | BP66: =BM66/BN66-1 -> -0.64583333 | BQ66: X | BR66: 17 | BS66: 51 | BT66: =BR66-BS66 -> -34
A67: B-RET | B67: X | D67: 138 | E67: USBDEPG | F67: El Paso-Gridley HS | G67: El Paso Gridley Middle School | H67: 403 S. McLean St. | I67: Gridley | J67: IL | K67: 61744 | L67: stephenkrominga@gmail.com | M67: Stephen | N67: Krominga | O67: 997 Grant St | P67: El Paso | Q67: IL | R67: 61738 | T67: 815-674-9702 | V67: X | W67: 207 | X67: 307 | AA67: Saturdays: Feb. 7, 21, 28; Mar. 7 | AB67: 1pm-5:30pm | AD67: X | AF67: 139 | AG67: 159 | AH67: 179 | AI67: X | AJ67: https://usbaseballacademy.com/gridley-baseball-camp/ | AK67: X | AL67: =H67&" "&I67&","&" "&J67&" "&K67 -> 403 S. McLean St. Gridley, IL 61744 | AM67: X | AQ67: X | AR67: X | AS67: 19 | AT67: 0 | AU67: =AS67-AT67 -> 19 | AV67: =AS67/AT67-1 -> #DIV/0! | AW67: X | AX67: 20 | AY67: 18 | AZ67: =AX67-AY67 -> 2 | BA67: =AX67/AY67-1 -> 0.11111111 | BB67: X | BC67: 29 | BD67: 36 | BE67: =BC67-BD67 -> -7 | BF67: =BC67/BD67-1 -> -0.19444444 | BG67: X | BH67: 29 | BL67: X | BM67: 36 | BN67: 41 | BO67: =BM67-BN67 -> -5 | BP67: =BM67/BN67-1 -> -0.12195122 | BQ67: X | BR67: 48 | BS67: 65 | BT67: =BR67-BS67 -> -17
A68: B-RET | B68: X | C68: 148 | D68: 73 | E68: USBDECN1 | F68: Erie CC North | G68: Bell Center | H68: 6205 Main St | I68: Buffalo | J68: NY | K68: 14221 | L68: bauth@ecc.edu | M68: Joe | N68: Bauth | O68: 16 Windsor Ridge Drive | P68: Lancaster | Q68: NY | R68: 14086 | S68: 716-685-2291 | T68: 716-982-8618 | V68: X | W68: 124 | X68: 214 | AA68: Saturdays: Jan. 24, 31; Feb. 7, 14 | AB68: Noon-4:30pm | AD68: X | AF68: 149 | AG68: =AF68+20 -> 169 | AH68: =AG68+20 -> 189 | AI68: X | AJ68: https://usbaseballacademy.com/buffalo-baseball-camp/ | AK68: X | AL68: =H68&" "&I68&","&" "&J68&" "&K68 -> 6205 Main St Buffalo, NY 14221 | AM68: X | AQ68: X | AR68: X | AS68: 129 | AT68: 71 | AU68: =AS68-AT68 -> 58 | AV68: =AS68/AT68-1 -> 0.81690141 | AW68: X | AX68: 136 | AY68: 87 | AZ68: =AX68-AY68 -> 49 | BA68: =AX68/AY68-1 -> 0.56321839 | BB68: X | BC68: 153 | BD68: 93 | BE68: =BC68-BD68 -> 60 | BF68: =BC68/BD68-1 -> 0.64516129 | BG68: X | BH68: 169 | BL68: X | BM68: 181 | BN68: 123 | BO68: =BM68-BN68 -> 58 | BP68: =BM68/BN68-1 -> 0.47154472 | BQ68: X | BR68: 189 | BS68: 137 | BT68: =BR68-BS68 -> 52
A69: B-RET | B69: X | D69: 90 | E69: USBDEXC | F69: Excelsior Charter School | G69: Victorville CC Field | H69: 18422 Bear Valley Rd | I69: Victorville | J69: CA | K69: 92392 | L69: fthomas340@gmail.com | M69: Fernando | N69: Thomas | O69: 11142 Blue Mesa Ave | P69: Adelanto | Q69: CA | R69: 92301 | T69: 626-205-0430 | V69: X | W69: 117 | X69: 207 | AA69: Saturdays: Jan. 17, 24, 31; Feb. 7 | AB69: 9am-1:30pm | AD69: X | AF69: 159 | AG69: 179 | AH69: 199 | AI69: X | AJ69: https://usbaseballacademy.com/victorville-baseball-camp/ | AK69: X | AL69: =H69&" "&I69&","&" "&J69&" "&K69 -> 18422 Bear Valley Rd Victorville, CA 92392 | AM69: X | AQ69: X | AR69: X | AS69: 41 | AT69: 0 | AU69: =AS69-AT69 -> 41 | AV69: =AS69/AT69-1 -> #DIV/0! | AW69: X | AX69: 48 | AY69: 105 | AZ69: =AX69-AY69 -> -57 | BA69: =AX69/AY69-1 -> -0.54285714 | BB69: X | BC69: 61 | BD69: 89 | BE69: =BC69-BD69 -> -28 | BF69: =BC69/BD69-1 -> -0.31460674 | BG69: X | BH69: 63 | BL69: X | BM69: 67 | BN69: 88 | BO69: =BM69-BN69 -> -21 | BP69: =BM69/BN69-1 -> -0.23863636 | BQ69: X | BR69: 75 | BS69: 90 | BT69: =BR69-BS69 -> -15
A70: B-RET | B70: X | C70: 154 | D70: 167 | E70: USBDET | F70: Exeter Township HS | H70: 201 E 37th St | I70: Reading | J70: PA | K70: 19606 | L70: jmfreese@exetersd.org | M70: Justin | N70: Freese | O70: 23A Doral Drive | P70: Reading | Q70: PA | R70: 19607 | T70: 610-858-2491 | U70: 610-779-3060 | V70: X | W70: 111 | X70: 215 | AA70: Sundays: Jan. 11, 18 (PPD); Feb. 1, 8, 15 (M/U) | AB70: 9am-1:30pm | AD70: X | AF70: 139 | AG70: =AF70+20 -> 159 | AH70: =AG70+20 -> 179 | AI70: X | AJ70: https://usbaseballacademy.com/reading-baseball-camp/ | AK70: X | AL70: =H70&" "&I70&","&" "&J70&" "&K70 -> 201 E 37th St Reading, PA 19606 | AM70: X | AQ70: X | AR70: X | AS70: 128 | AT70: 147 | AU70: =AS70-AT70 -> -19 | AV70: =AS70/AT70-1 -> -0.1292517 | AW70: X | AX70: 140 | AY70: 164 | AZ70: =AX70-AY70 -> -24 | BA70: =AX70/AY70-1 -> -0.14634146 | BB70: X | BC70: 153 | BD70: 154 | BE70: =BC70-BD70 -> -1 | BF70: =BC70/BD70-1 -> -0.0064935065 | BG70: X | BH70: 152 | BL70: X | BM70: 162 | BN70: 159 | BO70: =BM70-BN70 -> 3 | BP70: =BM70/BN70-1 -> 0.018867925 | BQ70: X | BR70: 164 | BS70: 167 | BT70: =BR70-BS70 -> -3
A71: B-RET | B71: X | C71: 102 | D71: 146 | E71: USBDFNW | F71: F.A.S.T of NW Ohio | H71: 3477 S Dixie Hwy | I71: Lima | J71: OH | K71: 45805 | L71: danielgjones17@hotmail.com | M71: Danny | N71: Jones | O71: 822 N. Jefferson Street | P71: Lima | Q71: OH | R71: 45801 | T71: 419-302-5497 | V71: X | W71: 104 | X71: 215 | AA71: Sundays: Jan. 4, 11, 18, 25 (PPD); Feb. 1, 8, 15 (M/U) | AB71: 8am-Noon | AD71: X | AF71: 139 | AG71: =AF71+20 -> 159 | AH71: =AG71+20 -> 179 | AI71: X | AJ71: https://usbaseballacademy.com/lima-baseball-camp/ | AK71: X | AL71: =H71&" "&I71&","&" "&J71&" "&K71 -> 3477 S Dixie Hwy Lima, OH 45805 | AM71: X | AQ71: X | AR71: X | AS71: 81 | AT71: 106 | AU71: =AS71-AT71 -> -25 | AV71: =AS71/AT71-1 -> -0.23584906 | AW71: X | AX71: 82 | AY71: 129 | AZ71: =AX71-AY71 -> -47 | BA71: =AX71/AY71-1 -> -0.36434109 | BB71: X | BC71: 89 | BD71: 141 | BE71: =BC71-BD71 -> -52 | BF71: =BC71/BD71-1 -> -0.36879433 | BG71: X | BH71: 89 | BL71: X | BM71: 90 | BN71: 145 | BO71: =BM71-BN71 -> -55 | BP71: =BM71/BN71-1 -> -0.37931034 | BQ71: X | BR71: 94 | BS71: 146 | BT71: =BR71-BS71 -> -52
A72: B-RET | B72: X | C72: 61 | D72: 96 | E72: USBDFLC | F72: Finger Lakes CC | H72: 3325 Marvin Sands Dr | I72: Canandaigua | J72: NY | K72: 14424 | L72: james.angora14@gmail.com | M72: JT | N72: Angora | O72: 3322 Dandelion Trail | P72: Cannandaigua | Q72: NY | R72: 14424 | T72: 585-315-5112 | V72: X | W72: 104 | X72: 131 | AA72: Sundays: Jan. 4, 11, 18, 25 (PPD), 31 (M/U) | AB72: 9am-1:30pm | AD72: X | AF72: 149 | AG72: =AF72+20 -> 169 | AH72: =AG72+20 -> 189 | AI72: X | AJ72: https://usbaseballacademy.com/canandaigua-baseball-camp/ | AK72: X | AL72: =H72&" "&I72&","&" "&J72&" "&K72 -> 3325 Marvin Sands Dr Canandaigua, NY 14424 | AM72: X | AQ72: X | AR72: X | AS72: 33 | AT72: 63 | AU72: =AS72-AT72 -> -30 | AV72: =AS72/AT72-1 -> -0.47619048 | AW72: X | AX72: 44 | AY72: 76 | AZ72: =AX72-AY72 -> -32 | BA72: =AX72/AY72-1 -> -0.42105263 | BB72: X | BC72: 51 | BD72: 84 | BE72: =BC72-BD72 -> -33 | BF72: =BC72/BD72-1 -> -0.39285714 | BG72: X | BH72: 51 | BL72: X | BM72: 53 | BN72: 96 | BO72: =BM72-BN72 -> -43 | BP72: =BM72/BN72-1 -> -0.44791667 | BQ72: X | BR72: 55 | BS72: 96 | BT72: =BR72-BS72 -> -41
A73: B-RET | B73: X | C73: 108 | D73: 73 | E73: USBDFLH | F73: Firelands HS | G73: Firelands Middle School | H73: 10643 Vermilion Rd | I73: Oberlin | J73: OH | K73: 44074 | L73: dransom0010@gmail.com | M73: Dan | N73: Ransom | O73: 8098 Rice Rd. | P73: Amherst | Q73: OH | R73: 44011 | S73: 440-965-4255 | T73: 440-724-9036 | V73: X | W73: 118 | X73: 215 | AA73: Sundays: Jan. 18, 25 (PPD); Feb. 1, 8, 15 (M/U) | AB73: Noon-4:30pm | AD73: X | AF73: 139 | AG73: =AF73+20 -> 159 | AH73: =AG73+20 -> 179 | AI73: X | AJ73: https://usbaseballacademy.com/cleveland-south-amherst-baseball-camp/ | AK73: X | AL73: =H73&" "&I73&","&" "&J73&" "&K73 -> 10643 Vermilion Rd Oberlin, OH 44074 | AM73: X | AQ73: X | AR73: X | AS73: 32 | AT73: 35 | AU73: =AS73-AT73 -> -3 | AV73: =AS73/AT73-1 -> -0.085714286 | AW73: X | AX73: 36 | AY73: 76 | AZ73: =AX73-AY73 -> -40 | BA73: =AX73/AY73-1 -> -0.52631579 | BB73: X | BC73: 48 | BD73: 55 | BE73: =BC73-BD73 -> -7 | BF73: =BC73/BD73-1 -> -0.12727273 | BG73: X | BH73: 53 | BL73: X | BM73: 58 | BN73: 50 | BO73: =BM73-BN73 -> 8 | BP73: =BM73/BN73-1 -> 0.16 | BQ73: X | BR73: 63 | BS73: 73 | BT73: =BR73-BS73 -> -10
A74: B-RET | B74: X | C74: 73 | D74: 98 | E74: USBDFSH | F74: Firestone HS | H74: 470 Castle Blvd | I74: Akron | J74: OH | K74: 44313 | L74: jeffrygsloan@gmail.com | M74: Jeff | N74: Sloan | O74: 1867 Larchmont Rd. | P74: Akron | Q74: OH | R74: 44313 | T74: 330-329-0637 | V74: X | W74: 104 | X74: 208 | AA74: Sundays: Jan. 4, 18, 25 (PPD); Feb. 1, 8 (M/U) | AB74: 1pm-5:30pm | AD74: X | AF74: 139 | AG74: =AF74+20 -> 159 | AH74: =AG74+20 -> 179 | AI74: X | AJ74: https://usbaseballacademy.com/akron-baseball-camp/ | AK74: X | AL74: =H74&" "&I74&","&" "&J74&" "&K74 -> 470 Castle Blvd Akron, OH 44313 | AM74: X | AQ74: X | AR74: X | AS74: 51 | AT74: 53 | AU74: =AS74-AT74 -> -2 | AV74: =AS74/AT74-1 -> -0.037735849 | AW74: X | AX74: 67 | AY74: 69 | AZ74: =AX74-AY74 -> -2 | BA74: =AX74/AY74-1 -> -0.028985507 | BB74: X | BC74: 78 | BD74: 73 | BE74: =BC74-BD74 -> 5 | BF74: =BC74/BD74-1 -> 0.068493151 | BG74: X | BH74: 87 | BL74: X | BM74: 89 | BN74: 94 | BO74: =BM74-BN74 -> -5 | BP74: =BM74/BN74-1 -> -0.053191489 | BQ74: X | BR74: 89 | BS74: 98 | BT74: =BR74-BS74 -> -9
A75: B-RET | B75: X | C75: 127 | D75: 71 | E75: USBDFRI | F75: Fridley HS | H75: 6000 W Moore Lake Dr | I75: Fridley | J75: MN | K75: 55432 | L75: daniel.nalepka@fridley.k12.mn.us | M75: Dan | N75: Nalepka | O75: 426 147th Lane NE | P75: Ham Lake | Q75: MN | R75: 55304 | T75: 612-669-4798 | V75: X | W75: 104 | X75: 208 | AA75: Sundays: Jan. 4, 11, 18 (PPD), 25; Feb. 8 (M/U) | AB75: Noon-4:30pm | AD75: X | AF75: 139 | AG75: =AF75+20 -> 159 | AH75: =AG75+20 -> 179 | AI75: X | AJ75: https://usbaseballacademy.com/fridley-baseball-camp/ | AK75: X | AL75: =H75&" "&I75&","&" "&J75&" "&K75 -> 6000 W Moore Lake Dr Fridley, MN 55432 | AM75: X | AQ75: X | AR75: X | AS75: 37 | AT75: 52 | AU75: =AS75-AT75 -> -15 | AV75: =AS75/AT75-1 -> -0.28846154 | AW75: X | AX75: 43 | AY75: 54 | AZ75: =AX75-AY75 -> -11 | BA75: =AX75/AY75-1 -> -0.2037037 | BB75: X | BC75: 50 | BD75: 61 | BE75: =BC75-BD75 -> -11 | BF75: =BC75/BD75-1 -> -0.18032787 | BG75: X | BH75: 54 | BL75: X | BM75: 53 | BN75: 71 | BO75: =BM75-BN75 -> -18 | BP75: =BM75/BN75-1 -> -0.25352113 | BQ75: X | BR75: 55 | BS75: 71 | BT75: =BR75-BS75 -> -16
A76: B-RET | B76: X | C76: 124 | D76: 104 | E76: USBDHIN | F76: Gateway HS | H76: 1300 S Sable Blvd | I76: Aurora | J76: CO | K76: 80012 | L76: teamrocksports@gmail.com | M76: Nick | N76: Dixon | O76: 20503 East Union Circle | P76: Aurora | Q76: CO | R76: 80015 | T76: 303-994-6351 | V76: X | W76: 118 | X76: 215 | AA76: Sundays: Jan. 18, 25; Feb. 1, 15 | AB76: 10am-2:30pm | AD76: X | AF76: 149 | AG76: =AF76+20 -> 169 | AH76: =AG76+20 -> 189 | AI76: X | AJ76: https://usbaseballacademy.com/denver-aurora-baseball-camp/ | AK76: X | AL76: =H76&" "&I76&","&" "&J76&" "&K76 -> 1300 S Sable Blvd Aurora, CO 80012 | AM76: X | AQ76: X | AR76: X | AS76: 55 | AT76: 55 | AU76: =AS76-AT76 -> 0 | AV76: =AS76/AT76-1 -> 0 | AW76: X | AX76: 61 | AY76: 68 | AZ76: =AX76-AY76 -> -7 | BA76: =AX76/AY76-1 -> -0.10294118 | BB76: X | BC76: 81 | BD76: 70 | BE76: =BC76-BD76 -> 11 | BF76: =BC76/BD76-1 -> 0.15714286 | BG76: X | BH76: 96 | BL76: X | BM76: 103 | BN76: 84 | BO76: =BM76-BN76 -> 19 | BP76: =BM76/BN76-1 -> 0.22619048 | BQ76: X | BR76: 113 | BS76: 103 | BT76: =BR76-BS76 -> 10
A77: B-RET | B77: X | C77: 82 | D77: 63 | E77: USBDGCC | F77: Genesee CC | G77: Richard Call Arena | H77: 1 College Rd | I77: Batavia | J77: NY | K77: 14020 | L77: ssherman@genesee.edu | M77: Skip | N77: Sherman | O77: 17295 Taylor Rd. | P77: Holley | Q77: NY | R77: 14470 | T77: 585-350-9397 | V77: X | W77: 208 | X77: 308 | AA77: Sundays: Feb. 8, 22; Mar. 1, 8 | AB77: 1pm-5:30pm | AD77: X | AF77: 149 | AG77: =AF77+20 -> 169 | AH77: =AG77+20 -> 189 | AI77: X | AJ77: https://usbaseballacademy.com/batavia-baseball-camp/ | AK77: X | AL77: =H77&" "&I77&","&" "&J77&" "&K77 -> 1 College Rd Batavia, NY 14020 | AM77: X | AQ77: X | AR77: X | AS77: 74 | AT77: 41 | AU77: =AS77-AT77 -> 33 | AV77: =AS77/AT77-1 -> 0.80487805 | AW77: X | AX77: 83 | AY77: 55 | AZ77: =AX77-AY77 -> 28 | BA77: =AX77/AY77-1 -> 0.50909091 | BB77: X | BC77: 92 | BD77: 53 | BE77: =BC77-BD77 -> 39 | BF77: =BC77/BD77-1 -> 0.73584906 | BG77: X | BH77: 94 | BL77: X | BM77: 99 | BN77: 57 | BO77: =BM77-BN77 -> 42 | BP77: =BM77/BN77-1 -> 0.73684211 | BQ77: X | BR77: 112 | BS77: 59 | BT77: =BR77-BS77 -> 53
A78: B-RET | B78: X | C78: 143 | D78: 78 | E78: USBDGC | F78: Geneva College | H78: 3200 College Ave | I78: Beaver Falls | J78: PA | K78: 15010 | L78: awsumner@geneva.edu | M78: Alan | N78: Sumner | O78: 123 Smith Lane | P78: Beaver Falls | Q78: PA | R78: 15010 | S78: 724-847-0467 | T78: 412-974-8410 | U78: 724-847-6647 | V78: X | W78: 124 | X78: 214 | AA78: Saturdays: Jan. 24, 31; Feb. 7, 14 | AB78: 8am-12:30pm | AD78: X | AF78: 139 | AG78: =AF78+20 -> 159 | AH78: =AG78+20 -> 179 | AI78: X | AJ78: https://usbaseballacademy.com/beaver-falls-baseball-camp/ | AK78: X | AL78: =H78&" "&I78&","&" "&J78&" "&K78 -> 3200 College Ave Beaver Falls, PA 15010 | AM78: X | AQ78: X | AR78: X | AS78: 62 | AT78: 50 | AU78: =AS78-AT78 -> 12 | AV78: =AS78/AT78-1 -> 0.24 | AW78: X | AX78: 70 | AY78: 74 | AZ78: =AX78-AY78 -> -4 | BA78: =AX78/AY78-1 -> -0.054054054 | BB78: X | BC78: 78 | BD78: 64 | BE78: =BC78-BD78 -> 14 | BF78: =BC78/BD78-1 -> 0.21875 | BG78: X | BH78: 81 | BL78: X | BM78: 86 | BN78: 70 | BO78: =BM78-BN78 -> 16 | BP78: =BM78/BN78-1 -> 0.22857143 | BQ78: X | BR78: 95 | BS78: 78 | BT78: =BR78-BS78 -> 17
A79: B-RET | B79: X | D79: 98 | E79: USBDGCU | F79: Georgian Court University | H79: 900 Lakewood Ave | I79: Lakewood | J79: NJ | K79: 8701 | L79: afreeman@georgian.edu | M79: Arlan | N79: Freeman | O79: 181 Long Hill Rd Apt F5 | P79: Little Falls | Q79: NJ | R79: O7424 | T79: 207-939-2867 | V79: X | W79: 117 | X79: 214 | AA79: Saturdays: Jan. 17, 24, 31; Feb. 14 | AB79: 9am-1:30pm | AD79: X | AF79: 149 | AG79: =AF79+20 -> 169 | AH79: =AG79+20 -> 189 | AI79: X | AJ79: https://usbaseballacademy.com/lakewood-baseball-camp-nj/ | AK79: X | AL79: =H79&" "&I79&","&" "&J79&" "&K79 -> 900 Lakewood Ave Lakewood, NJ 8701 | AM79: X | AQ79: X | AR79: X | AS79: 87 | AT79: 54 | AU79: =AS79-AT79 -> 33 | AV79: =AS79/AT79-1 -> 0.61111111 | AW79: X | AX79: 99 | AY79: 74 | AZ79: =AX79-AY79 -> 25 | BA79: =AX79/AY79-1 -> 0.33783784 | BB79: X | BC79: 107 | BD79: 72 | BE79: =BC79-BD79 -> 35 | BF79: =BC79/BD79-1 -> 0.48611111 | BG79: X | BH79: 110 | BL79: X | BM79: 113 | BN79: 86 | BO79: =BM79-BN79 -> 27 | BP79: =BM79/BN79-1 -> 0.31395349 | BQ79: X | BR79: 113 | BS79: 98 | BT79: =BR79-BS79 -> 15
A80: B-RET | B80: X | C80: 152 | D80: 146 | E80: USBDGSC | F80: Glendale Sports Complex | H80: 2200 Fern Lane | I80: Glendale | J80: CA | K80: 91208 | L80: spiropsaltis@aol.com | M80: Spiro | N80: Psaltis | O80: 5769 Summit Crest Dr | P80: La Canada | Q80: CA | R80: 91011 | T80: 818-253-6503 | V80: X | W80: 104 | X80: 201 | AA80: Sundays: Jan. 4 (PPD), 11, 18, 25; Feb. 1 (M/U) | AB80: Noon-4:30pm | AD80: X | AF80: 159 | AG80: =AF80+20 -> 179 | AH80: =AG80+20 -> 199 | AI80: X | AJ80: https://usbaseballacademy.com/los-angeles-glendale-baseball-camp/ | AK80: X | AL80: =H80&" "&I80&","&" "&J80&" "&K80 -> 2200 Fern Lane Glendale, CA 91208 | AM80: X | AQ80: X | AR80: X | AS80: 84 | AT80: 120 | AU80: =AS80-AT80 -> -36 | AV80: =AS80/AT80-1 -> -0.3 | AW80: X | AX80: 94 | AY80: 146 | AZ80: =AX80-AY80 -> -52 | BA80: =AX80/AY80-1 -> -0.35616438 | BB80: X | BC80: 113 | BD80: 138 | BE80: =BC80-BD80 -> -25 | BF80: =BC80/BD80-1 -> -0.18115942 | BG80: X | BH80: 128 | BL80: X | BM80: 118 | BN80: 145 | BO80: =BM80-BN80 -> -27 | BP80: =BM80/BN80-1 -> -0.1862069 | BQ80: X | BR80: 116 | BS80: 146 | BT80: =BR80-BS80 -> -30
A81: B-RET | B81: X | C81: 70 | D81: 19 | E81: USBDGSG | F81: Golden State Grind | G81: Heritage HS | H81: 101 American Ave | I81: Brentwood | J81: CA | K81: 94513 | L81: billduby@gmail.com | M81: Bill | N81: Duby | O81: 242 Valley Dr. | P81: Pleasant Hill | Q81: CA | R81: 94523 | T81: 925-383-1819 | U81: 925-480-7375 | V81: X | W81: 104 | X81: 222 | AA81: Sundays: Jan. 4 (PPD), 11, 18, 25; Feb. 1, 15, 22 (M/U) | AB81: Noon-4pm | AD81: X | AF81: 159 | AG81: =AF81+20 -> 179 | AH81: =AG81+20 -> 199 | AI81: X | AJ81: https://usbaseballacademy.com/antioch-baseball-camp/ | AK81: X | AL81: =H81&" "&I81&","&" "&J81&" "&K81 -> 101 American Ave Brentwood, CA 94513 | AM81: X | AQ81: X | AR81: X | AS81: 10 | AT81: 16 | AU81: =AS81-AT81 -> -6 | AV81: =AS81/AT81-1 -> -0.375 | AW81: X | AX81: 17 | AY81: 25 | AZ81: =AX81-AY81 -> -8 | BA81: =AX81/AY81-1 -> -0.32 | BB81: X | BC81: 20 | BD81: 20 | BE81: =BC81-BD81 -> 0 | BF81: =BC81/BD81-1 -> 0 | BG81: X | BH81: 17 | BL81: X | BM81: 18 | BN81: 19 | BO81: =BM81-BN81 -> -1 | BP81: =BM81/BN81-1 -> -0.052631579 | BQ81: X | BR81: 15 | BS81: 19 | BT81: =BR81-BS81 -> -4
A82: B-RET | B82: X | D82: 72 | E82: USBDGCH | F82: Greeley Central HS | H82: 1515 14th Ave | I82: Greeley | J82: CO | K82: 80631 | L82: jrahn@greeleyschools.org | M82: Josh | N82: Rahn | O82: 2105 74th Ave | P82: Greeley | Q82: CO | R82: 80634 | T82: 708-337-3009 | V82: X | W82: 111 | X82: 201 | AA82: Sundays: Jan. 11, 18, 25; Feb. 1 | AB82: 1pm-5:30pm | AD82: X | AF82: 149 | AG82: =AF82+20 -> 169 | AH82: =AG82+20 -> 189 | AI82: X | AJ82: https://usbaseballacademy.com/greeley-baseball-camp/ | AK82: X | AL82: =H82&" "&I82&","&" "&J82&" "&K82 -> 1515 14th Ave Greeley, CO 80631 | AM82: X | AQ82: X | AR82: X | AS82: 13 | AT82: 35 | AU82: =AS82-AT82 -> -22 | AV82: =AS82/AT82-1 -> -0.62857143 | AW82: X | AX82: 17 | AY82: 60 | AZ82: =AX82-AY82 -> -43 | BA82: =AX82/AY82-1 -> -0.71666667 | BB82: X | BC82: 20 | BD82: 52 | BE82: =BC82-BD82 -> -32 | BF82: =BC82/BD82-1 -> -0.61538462 | BG82: X | BH82: 24 | BL82: X | BM82: 24 | BN82: 57 | BO82: =BM82-BN82 -> -33 | BP82: =BM82/BN82-1 -> -0.57894737 | BQ82: X | BR82: 30 | BS82: 72 | BT82: =BR82-BS82 -> -42
A83: B-RET | B83: X | C83: 115 | D83: 76 | E83: USBDGLH | F83: Gull Lake HS | H83: 7753 N 34th St | I83: Richland | J83: MI | K83: 49083 | L83: rwalters@gulllakecs.org | M83: Reggie | N83: Walters | O83: 11073 E. CD Ave. | P83: Richland | Q83: MI | R83: 49083 | T83: 269-377-3025 | V83: X | W83: 118 | X83: 215 | AA83: Sundays: Jan. 18, 25 (PPD); Feb. 1, 8, 15 (M/U) | AB83: Noon-4:30pm | AC83: Time change on Feb. 8. Sessions start at 11am | AD83: X | AF83: 139 | AG83: =AF83+20 -> 159 | AH83: =AG83+20 -> 179 | AI83: X | AJ83: https://usbaseballacademy.com/richland-baseball-camp/ | AK83: X | AL83: =H83&" "&I83&","&" "&J83&" "&K83 -> 7753 N 34th St Richland, MI 49083 | AM83: X | AQ83: X | AR83: X | AS83: 66 | AT83: 38 | AU83: =AS83-AT83 -> 28 | AV83: =AS83/AT83-1 -> 0.73684211 | AW83: X | AX83: 73 | AY83: 47 | AZ83: =AX83-AY83 -> 26 | BA83: =AX83/AY83-1 -> 0.55319149 | BB83: X | BC83: 76 | BD83: 53 | BE83: =BC83-BD83 -> 23 | BF83: =BC83/BD83-1 -> 0.43396226 | BG83: X | BH83: 79 | BL83: X | BM83: 89 | BN83: 58 | BO83: =BM83-BN83 -> 31 | BP83: =BM83/BN83-1 -> 0.53448276 | BQ83: X | BR83: 99 | BS83: 76 | BT83: =BR83-BS83 -> 23
A84: B-RET | B84: X | C84: 265 | D84: 279 | E84: USBDHU | F84: Hamline University | H84: 1536 Hewitt Ave | I84: St Paul | J84: MN | K84: 55104 | L84: jweyandt02@hamline.edu | M84: Jim | N84: Weyandt | O84: 1901 Jewel Drive | P84: Woodbury | Q84: MN | R84: 55125 | S84: 651-523-2326 | T84: 651-307-1926 | U84: 651-523-2035 | V84: X | W84: 110 | X84: 214 | AA84: Saturdays: Jan. 10, 17, 24, 31; Feb. 7, 14 | AB84: 11am-4pm | AD84: X | AF84: 139 | AG84: =AF84+20 -> 159 | AH84: =AG84+20 -> 179 | AI84: X | AJ84: https://usbaseballacademy.com/st-paul-baseball-camp/ | AK84: X | AL84: =H84&" "&I84&","&" "&J84&" "&K84 -> 1536 Hewitt Ave St Paul, MN 55104 | AM84: X | AQ84: X | AR84: X | AS84: 257 | AT84: 267 | AU84: =AS84-AT84 -> -10 | AV84: =AS84/AT84-1 -> -0.037453184 | AW84: X | AX84: 272 | AY84: 285 | AZ84: =AX84-AY84 -> -13 | BA84: =AX84/AY84-1 -> -0.045614035 | BB84: X | BC84: 287 | BD84: 278 | BE84: =BC84-BD84 -> 9 | BF84: =BC84/BD84-1 -> 0.032374101 | BG84: X | BH84: 296 | BL84: X | BM84: 296 | BN84: 278 | BO84: =BM84-BN84 -> 18 | BP84: =BM84/BN84-1 -> 0.064748201 | BQ84: X | BR84: 293 | BS84: 279 | BT84: =BR84-BS84 -> 14
A85: B-RET | B85: X | C85: 156 | D85: 95 | E85: USBDHV | F85: Hidden Valley HS | H85: 5000 Titan Trail | I85: Roanoke | J85: VA | K85: 24018 | L85: slough36@gmail.com | M85: Kevin | N85: Slough | T85: 540-353-6234 | V85: X | W85: 117 | X85: 221 | AA85: Saturdays: Jan. 17, 24 (PPD), 31 (PPD); Feb. 7, 14 (M/U), 21 (M/U) | AB85: 9am-1:30pm | AD85: X | AF85: 139 | AG85: 149 | AH85: =AG85+20 -> 169 | AI85: X | AJ85: https://usbaseballacademy.com/roanoke-baseball-camp/ | AK85: X | AL85: =H85&" "&I85&","&" "&J85&" "&K85 -> 5000 Titan Trail Roanoke, VA 24018 | AM85: X | AQ85: X | AR85: X | AS85: 47 | AT85: 80 | AU85: =AS85-AT85 -> -33 | AV85: =AS85/AT85-1 -> -0.4125 | AW85: X | AX85: 50 | AY85: 96 | AZ85: =AX85-AY85 -> -46 | BA85: =AX85/AY85-1 -> -0.47916667 | BB85: X | BC85: 62 | BD85: 90 | BE85: =BC85-BD85 -> -28 | BF85: =BC85/BD85-1 -> -0.31111111 | BG85: X | BH85: 62 | BL85: X | BM85: 68 | BN85: 91 | BO85: =BM85-BN85 -> -23 | BP85: =BM85/BN85-1 -> -0.25274725 | BQ85: X | BR85: 76 | BS85: 95 | BT85: =BR85-BS85 -> -19
A86: B-RET | B86: X | C86: 133 | D86: 113 | E86: USBDHB | F86: Hilliard Bradley HS | H86: 2800 Walker Rd | I86: Hilliard | J86: OH | K86: 43026 | L86: greg.behan11@gmail.com | M86: Greg | N86: Behan | T86: 614-593-5442 | V86: X | W86: 222 | X86: 322 | Y86: Sundays: Feb. 22; Mar. 8, 15, 22 | Z86: 1pm-5:30pm | AA86: Sundays: Feb. 22; Mar. 1, 15, 22 | AB86: 1pm-5:30pm | AD86: X | AF86: 139 | AG86: =AF86+20 -> 159 | AH86: =AG86+20 -> 179 | AI86: X | AJ86: https://usbaseballacademy.com/hilliard-baseball-camp/ | AK86: X | AL86: =H86&" "&I86&","&" "&J86&" "&K86 -> 2800 Walker Rd Hilliard, OH 43026 | AM86: X | AQ86: X | AR86: X | AS86: 25 | AT86: 20 | AU86: =AS86-AT86 -> 5 | AV86: =AS86/AT86-1 -> 0.25 | AW86: X | AX86: 31 | AY86: 29 | AZ86: =AX86-AY86 -> 2 | BA86: =AX86/AY86-1 -> 0.068965517 | BB86: X | BC86: 32 | BD86: 44 | BE86: =BC86-BD86 -> -12 | BF86: =BC86/BD86-1 -> -0.27272727 | BG86: X | BH86: 34 | BL86: X | BM86: 39 | BN86: 69 | BO86: =BM86-BN86 -> -30 | BP86: =BM86/BN86-1 -> -0.43478261 | BQ86: X | BR86: 52 | BS86: 98 | BT86: =BR86-BS86 -> -46
A87: B-RET | B87: X | D87: 74 | E87: USBDHC | F87: Hocking College | H87: 3301 Hocking Pkwy | I87: Nelsonville | J87: OH | K87: 45764 | L87: grovej@hocking.edu | M87: Jared | N87: Grove | O87: 1064 Gertrude Avenue | P87: Logan | Q87: OH | R87: 43138 | T87: 717-830-5496 | V87: X | W87: 104 | X87: 201 | AA87: Sundays: Jan. 4, 11, 18, 25 (PPD), Feb. 1 (M/U) | AB87: 1pm-5:30pm | AC87: Time change on Jan 25** | AD87: X | AF87: 139 | AG87: =AF87+20 -> 159 | AH87: =AG87+20 -> 179 | AI87: X | AJ87: https://usbaseballacademy.com/nelsonville-baseball-camp/ | AK87: X | AL87: =H87&" "&I87&","&" "&J87&" "&K87 -> 3301 Hocking Pkwy Nelsonville, OH 45764 | AM87: X | AQ87: X | AR87: X | AS87: 76 | AT87: 53 | AU87: =AS87-AT87 -> 23 | AV87: =AS87/AT87-1 -> 0.43396226 | AW87: X | AX87: 76 | AY87: 69 | AZ87: =AX87-AY87 -> 7 | BA87: =AX87/AY87-1 -> 0.10144928 | BB87: X | BC87: 78 | BD87: 73 | BE87: =BC87-BD87 -> 5 | BF87: =BC87/BD87-1 -> 0.068493151 | BG87: X | BH87: 81 | BL87: X | BM87: 77 | BN87: 74 | BO87: =BM87-BN87 -> 3 | BP87: =BM87/BN87-1 -> 0.040540541 | BQ87: X | BR87: 77 | BS87: 74 | BT87: =BR87-BS87 -> 3
A88: B-RET | B88: X | C88: 81 | D88: 57 | E88: USBDJM | F88: James Monroe HS | G88: Mid Valley Diamond #5 | H88: 17301 W. Oxnard St. | I88: Encino | J88: CA | K88: 91316 | L88: omckora1@hotmail.com | M88: Omar | N88: Carrillo | O88: 8427 Tobias Ave Unit 41 | P88: Panorama City | Q88: CA | R88: 91402 | T88: 818-642-3511 | V88: X | W88: 110 | X88: 131 | AA88: Saturdays: Jan. 10, 17, 24, 31 | AB88: 9am-1:30pm | AD88: X | AF88: 159 | AG88: 179 | AH88: =AG88+20 -> 199 | AI88: X | AJ88: https://usbaseballacademy.com/north-hills-baseball-camp/ | AK88: X | AL88: =H88&" "&I88&","&" "&J88&" "&K88 -> 17301 W. Oxnard St. Encino, CA 91316 | AM88: X | AQ88: X | AR88: X | AS88: 26 | AT88: 38 | AU88: =AS88-AT88 -> -12 | AV88: =AS88/AT88-1 -> -0.31578947 | AW88: X | AX88: 30 | AY88: 50 | AZ88: =AX88-AY88 -> -20 | BA88: =AX88/AY88-1 -> -0.4 | BB88: X | BC88: 34 | BD88: 43 | BE88: =BC88-BD88 -> -9 | BF88: =BC88/BD88-1 -> -0.20930233 | BG88: X | BH88: 41 | BL88: X | BM88: 37 | BN88: 49 | BO88: =BM88-BN88 -> -12 | BP88: =BM88/BN88-1 -> -0.24489796 | BQ88: X | BR88: 29 | BS88: 57 | BT88: =BR88-BS88 -> -28
A89: B-RET | B89: X | C89: 102 | D89: 88 | E89: USBDKF | F89: Kettering Fairmont HS | H89: 3301 Shroyer Rd | I89: Dayton | J89: OH | K89: 45429 | L89: matt.adams@ketteringschools.org | M89: Matt | N89: Adams | T89: 937-231-2696 | V89: X | W89: 125 | X89: 222 | AA89: Sundays: Jan. 25 (PPD); Feb. 1, 8, 15, 22 (M/U) | AB89: 10am-2:30pm | AD89: X | AF89: 139 | AG89: 149 | AH89: =AG89+20 -> 169 | AI89: X | AJ89: https://usbaseballacademy.com/dayton-baseball-camp/ | AK89: X | AL89: =H89&" "&I89&","&" "&J89&" "&K89 -> 3301 Shroyer Rd Dayton, OH 45429 | AM89: X | AQ89: X | AR89: X | AS89: 45 | AT89: 38 | AU89: =AS89-AT89 -> 7 | AV89: =AS89/AT89-1 -> 0.18421053 | AW89: X | AX89: 64 | AY89: 47 | AZ89: =AX89-AY89 -> 17 | BA89: =AX89/AY89-1 -> 0.36170213 | BB89: X | BC89: 82 | BD89: 47 | BE89: =BC89-BD89 -> 35 | BF89: =BC89/BD89-1 -> 0.74468085 | BG89: X | BH89: 81 | BL89: X | BM89: 93 | BN89: 62 | BO89: =BM89-BN89 -> 31 | BP89: =BM89/BN89-1 -> 0.5 | BQ89: X | BR89: 124 | BS89: 88 | BT89: =BR89-BS89 -> 36
A90: B-RET | B90: X | D90: 102 | E90: USBDLHS | F90: Lehman HS- WINTER BREAK | H90: 1700 Lehman Rd | I90: Kyle | J90: TX | K90: 78640 | L90: Jacob.Kaase@hayscisd.net | M90: Jacob | N90: Kaase | T90: 512-922-8841 | V90: X | W90: 22 | X90: 30 | AA90: Mon.-Tues.: Dec. 22, 23, 29, 30 | AB90: 9am-1:30pm | AD90: X | AF90: 139 | AG90: =AF90+20 -> 159 | AH90: =AG90+20 -> 179 | AI90: X | AJ90: https://usbaseballacademy.com/kyle-baseball-camp/ | AK90: X | AL90: =H90&" "&I90&","&" "&J90&" "&K90 -> 1700 Lehman Rd Kyle, TX 78640 | AM90: X | AQ90: X | AR90: X | AS90: 54 | AT90: 49 | AU90: =AS90-AT90 -> 5 | AV90: =AS90/AT90-1 -> 0.10204082 | AW90: X | AX90: 65 | AY90: 84 | AZ90: =AX90-AY90 -> -19 | BA90: =AX90/AY90-1 -> -0.22619048 | BB90: X | BC90: 72 | BD90: 74 | BE90: =BC90-BD90 -> -2 | BF90: =BC90/BD90-1 -> -0.027027027 | BG90: X | BH90: 73 | BL90: X | BM90: 72 | BN90: 97 | BO90: =BM90-BN90 -> -25 | BP90: =BM90/BN90-1 -> -0.25773196 | BQ90: X | BR90: 72 | BS90: 102 | BT90: =BR90-BS90 -> -30
A91: B-RET | B91: X | D91: 83 | E91: USBDMJ | F91: Madison St. Joe HS | H91: 308 New Mannsdale Rd | I91: Madison | J91: MS | K91: 39110 | L91: cha100@madison-schools.com | M91: Eddie | N91: Easley | O91: 113 Palin Dr | P91: Madison | Q91: MS | R91: 39110 | T91: 601-606-0377 | V91: X | W91: 104 | X91: 201 | AA91: Sundays: Jan. 4, 11, 18, 25 (PPD); Feb. 1 (M/U) | AB91: 1pm-5:30pm | AD91: X | AF91: 139 | AG91: =AF91+20 -> 159 | AH91: =AG91+20 -> 179 | AI91: X | AJ91: https://usbaseballacademy.com/madison-ms-baseball-camp/ | AK91: X | AL91: =H91&" "&I91&","&" "&J91&" "&K91 -> 308 New Mannsdale Rd Madison, MS 39110 | AM91: X | AQ91: X | AR91: X | AS91: 37 | AT91: 59 | AU91: =AS91-AT91 -> -22 | AV91: =AS91/AT91-1 -> -0.37288136 | AW91: X | AX91: 43 | AY91: 64 | AZ91: =AX91-AY91 -> -21 | BA91: =AX91/AY91-1 -> -0.328125 | BB91: X | BC91: 43 | BD91: 66 | BE91: =BC91-BD91 -> -23 | BF91: =BC91/BD91-1 -> -0.34848485 | BG91: X | BH91: 50 | BL91: X | BM91: 54 | BN91: 81 | BO91: =BM91-BN91 -> -27 | BP91: =BM91/BN91-1 -> -0.33333333 | BQ91: X | BR91: 54 | BS91: 83 | BT91: =BR91-BS91 -> -29
A92: B-RET | B92: X | C92: 95 | D92: 109 | E92: USBDMP | F92: Mercyhurst Prep HS | H92: 538 E Grandview Blvd | I92: Erie | J92: PA | K92: 16504 | L92: durk18@velocity.net | M92: Randy | N92: Durkoske | O92: 1026 W. 33rd St. | P92: Erie | Q92: PA | R92: 16508 | S92: 814-866-6164 | T92: 814-860-4285 | V92: X | W92: 208 | X92: 301 | AA92: Sundays: Feb. 8, 15, 22; Mar. 1 | AB92: Noon-4:30pm | AD92: X | AF92: 139 | AG92: 149 | AH92: =AG92+20 -> 169 | AI92: X | AJ92: https://usbaseballacademy.com/erie-baseball-camp/ | AK92: X | AL92: =H92&" "&I92&","&" "&J92&" "&K92 -> 538 E Grandview Blvd Erie, PA 16504 | AM92: X | AQ92: X | AR92: X | AS92: 24 | AT92: 48 | AU92: =AS92-AT92 -> -24 | AV92: =AS92/AT92-1 -> -0.5 | AW92: X | AX92: 25 | AY92: 58 | AZ92: =AX92-AY92 -> -33 | BA92: =AX92/AY92-1 -> -0.56896552 | BB92: X | BC92: 35 | BD92: 54 | BE92: =BC92-BD92 -> -19 | BF92: =BC92/BD92-1 -> -0.35185185 | BG92: X | BH92: 38 | BL92: X | BM92: 51 | BN92: 84 | BO92: =BM92-BN92 -> -33 | BP92: =BM92/BN92-1 -> -0.39285714 | BQ92: X | BR92: 59 | BS92: 105 | BT92: =BR92-BS92 -> -46
A93: B-RET | B93: X | C93: 165 | D93: 132 | E93: USBDMES | F93: Mesa CC | H93: 1833 W Southern | I93: Mesa | J93: AZ | K93: 85202 | L93: tcirelli@mesacc.edu | M93: Tony | N93: Cirelli | O93: 8348 E. Columbus Ave | P93: Scottsdale | Q93: AZ | R93: 85251 | T93: 480-296-8959 | U93: 480-461-7562 | V93: X | W93: 118 | X93: 208 | AA93: Sundays: Jan. 18, 25; Feb. 1, 8 | AB93: 9am-1:30pm | AD93: X | AF93: 149 | AG93: 159 | AH93: =AG93+20 -> 179 | AI93: X | AJ93: https://usbaseballacademy.com/mesa-baseball-camp/ | AK93: X | AL93: =H93&" "&I93&","&" "&J93&" "&K93 -> 1833 W Southern Mesa, AZ 85202 | AM93: X | AQ93: X | AR93: X | AS93: 33 | AT93: 102 | AU93: =AS93-AT93 -> -69 | AV93: =AS93/AT93-1 -> -0.67647059 | AW93: X | AX93: 47 | AY93: 131 | AZ93: =AX93-AY93 -> -84 | BA93: =AX93/AY93-1 -> -0.64122137 | BB93: X | BC93: 63 | BD93: 124 | BE93: =BC93-BD93 -> -61 | BF93: =BC93/BD93-1 -> -0.49193548 | BG93: X | BH93: 71 | BL93: X | BM93: 92 | BN93: 132 | BO93: =BM93-BN93 -> -40 | BP93: =BM93/BN93-1 -> -0.3030303 | BQ93: X | BR93: 94 | BS93: 132 | BT93: =BR93-BS93 -> -38
A94: B-RET | B94: X | D94: 140 | E94: USBDMT | F94: Morgan Township HS | H94: 299 S State Road 49 | I94: Valparaiso | J94: IN | K94: 46383 | L94: jedwardsmith8@gmail.com | M94: John | N94: Smith | T94: 812-798-5663 | V94: X | W94: 214 | X94: 307 | AA94: Saturdays: Feb. 14, 21, 28; Mar. 7 | AB94: 1:30pm-6pm | AD94: X | AF94: 139 | AG94: =AF94+20 -> 159 | AH94: =AG94+20 -> 179 | AI94: X | AJ94: https://usbaseballacademy.com/valparaiso-baseball-camp/ | AK94: X | AL94: =H94&" "&I94&","&" "&J94&" "&K94 -> 299 S State Road 49 Valparaiso, IN 46383 | AM94: X | AQ94: X | AR94: X | AS94: 46 | AT94: 9 | AU94: =AS94-AT94 -> 37 | AV94: =AS94/AT94-1 -> 4.1111111 | AW94: X | AX94: 60 | AY94: 26 | AZ94: =AX94-AY94 -> 34 | BA94: =AX94/AY94-1 -> 1.3076923 | BB94: X | BC94: 68 | BD94: 48 | BE94: =BC94-BD94 -> 20 | BF94: =BC94/BD94-1 -> 0.41666667 | BG94: X | BH94: 78 | BL94: X | BM94: 88 | BN94: 88 | BO94: =BM94-BN94 -> 0 | BP94: =BM94/BN94-1 -> 0 | BQ94: X | BR94: 114 | BS94: 136 | BT94: =BR94-BS94 -> -22
A95: B-RET | B95: X | D95: 77 | E95: USBDMSC | F95: Mount Saint Charles Academy | H95: 800 Logee St | I95: Woonsocket | J95: RI | K95: 2895 | L95: liasui@mtstcharles.org | M95: Idris | N95: Liasu | T95: 401-419-6985 | V95: X | W95: 111 | X95: 208 | AA95: Sundays: Jan. 11, 18, 25 (PPD); Feb. 1, 8 (M/U) | AB95: 1pm-5:30pm | AD95: X | AF95: 149 | AG95: =AF95+20 -> 169 | AH95: =AG95+20 -> 189 | AI95: X | AJ95: https://usbaseballacademy.com/woonsocket-baseball-camp/ | AK95: X | AL95: =H95&" "&I95&","&" "&J95&" "&K95 -> 800 Logee St Woonsocket, RI 2895 | AM95: X | AQ95: X | AR95: X | AS95: 59 | AT95: 2 | AU95: =AS95-AT95 -> 57 | AV95: =AS95/AT95-1 -> 28.5 | AW95: X | AX95: 71 | AY95: 32 | AZ95: =AX95-AY95 -> 39 | BA95: =AX95/AY95-1 -> 1.21875 | BB95: X | BC95: 74 | BD95: 41 | BE95: =BC95-BD95 -> 33 | BF95: =BC95/BD95-1 -> 0.80487805 | BG95: X | BH95: 83 | BL95: X | BM95: 92 | BN95: 81 | BO95: =BM95-BN95 -> 11 | BP95: =BM95/BN95-1 -> 0.13580247 | BQ95: X | BR95: 90 | BS95: 129 | BT95: =BR95-BS95 -> -39
A96: B-RET | B96: X | C96: 151 | D96: 79 | E96: USBDMBC | F96: Mt. Bethel Christian Academy Upper School | H96: 2509 Post Oak Tritt Rd | I96: Marietta | J96: GA | K96: 30062 | L96: eric.mcafee@mtbethelchristian.org | M96: Eric | N96: McAfee | O96: 310 Knotts Circle | P96: Woodstock | Q96: GA | R96: 30188 | T96: 770-905-7772 | V96: X | W96: 118 | X96: 222 | AA96: Sundays: Jan. 18, 25 (PPD); Feb. 1, 15, 22 (M/U) | AB96: 1pm-5:30pm | AD96: X | AF96: 139 | AG96: 149 | AH96: =AG96+20 -> 169 | AI96: X | AJ96: https://usbaseballacademy.com/marietta-baseball-camp/ | AK96: X | AL96: =H96&" "&I96&","&" "&J96&" "&K96 -> 2509 Post Oak Tritt Rd Marietta, GA 30062 | AM96: X | AQ96: X | AR96: X | AS96: 73 | AT96: 34 | AU96: =AS96-AT96 -> 39 | AV96: =AS96/AT96-1 -> 1.1470588 | AW96: X | AX96: 85 | AY96: 50 | AZ96: =AX96-AY96 -> 35 | BA96: =AX96/AY96-1 -> 0.7 | BB96: X | BC96: 89 | BD96: 61 | BE96: =BC96-BD96 -> 28 | BF96: =BC96/BD96-1 -> 0.45901639 | BG96: X | BH96: 96 | BL96: X | BM96: 102 | BN96: 90 | BO96: =BM96-BN96 -> 12 | BP96: =BM96/BN96-1 -> 0.13333333 | BQ96: X | BR96: 106 | BS96: 112 | BT96: =BR96-BS96 -> -6
A97: B-RET | B97: X | C97: 261 | D97: 304 | E97: USBDNPU | F97: North Park University | H97: 3205 W Carmen Ave | I97: Chicago | J97: IL | K97: 60625 | L97: ljohnson6@northpark.edu | M97: Luke | N97: Johnson | O97: 830 N Washington | P97: Wheaton | Q97: IL | R97: 60187 | S97: 630-728-2879 | T97: 630-728-2849 | U97: 773-244-5675 | V97: X | W97: 118 | X97: 208 | AA97: Sundays: Jan. 18, 25; Feb. 1, 8 | AB97: 9am-3pm | AD97: X | AF97: 149 | AG97: 159 | AH97: =AG97+20 -> 179 | AI97: X | AJ97: https://usbaseballacademy.com/chicago-baseball-camp/ | AK97: X | AL97: =H97&" "&I97&","&" "&J97&" "&K97 -> 3205 W Carmen Ave Chicago, IL 60625 | AM97: X | AQ97: X | AR97: X | AS97: 223 | AT97: 330 | AU97: =AS97-AT97 -> -107 | AV97: =AS97/AT97-1 -> -0.32424242 | AW97: X | AX97: 264 | AY97: 282 | AZ97: =AX97-AY97 -> -18 | BA97: =AX97/AY97-1 -> -0.063829787 | BB97: X | BC97: 291 | BD97: 278 | BE97: =BC97-BD97 -> 13 | BF97: =BC97/BD97-1 -> 0.04676259 | BG97: X | BH97: 310 | BL97: X | BM97: 308 | BO97: =BM97-BN97 -> 308 | BP97: =BM97/BN97-1 -> #DIV/0! | BQ97: X | BR97: 312 | BS97: 304 | BT97: =BR97-BS97 -> 8
A98: B-RET | B98: X | D98: 20 | E98: USBDBTW | F98: Norview HS | H98: 6501 Chesapeake Blvd | I98: Norfolk | J98: VA | K98: 23518 | L98: berryt1978@gmail.com | M98: Thad | N98: Berry | O98: 8447 Chesapeake Blvd | P98: Norfolk | Q98: VA | R98: 23518 | T98: 859-285-7731 | V98: X | W98: 207 | X98: 228 | AA98: Saturdays: Feb. 7, 14, 21, 28 | AB98: 9am-1:30pm | AD98: X | AF98: 139 | AG98: =AF98+20 -> 159 | AH98: =AG98+20 -> 179 | AI98: X | AJ98: https://usbaseballacademy.com/norfolk-baseball-camp/ | AK98: X | AL98: =H98&" "&I98&","&" "&J98&" "&K98 -> 6501 Chesapeake Blvd Norfolk, VA 23518 | AM98: X | AQ98: X | AR98: X | AS98: 42 | AT98: 0 | AU98: =AS98-AT98 -> 42 | AV98: =AS98/AT98-1 -> #DIV/0! | AW98: X | AX98: 43 | AY98: 0 | AZ98: =AX98-AY98 -> 43 | BB98: X | BC98: 60 | BE98: =BC98-BD98 -> 60 | BG98: X | BH98: 63 | BL98: X | BM98: 66 | BN98: 2 | BO98: =BM98-BN98 -> 64 | BP98: =BM98/BN98-1 -> 32 | BQ98: X | BR98: 80 | BS98: 15 | BT98: =BR98-BS98 -> 65
A99: B-RET | B99: X | C99: 71 | D99: 76 | E99: USBDNU | F99: Norwich University | G99: Shapiro Field House | H99: 158 Harmon Dr | I99: Northfield | J99: VT | K99: 5663 | L99: wwhaley@norwich.edu | M99: Billy | N99: Whaley | O99: 264 Quarry Hill Rd Apt. 304 | P99: South Burlington | Q99: VT | R99: 5403 | T99: 802-279-4633 | U99: 802-485-2238 | V99: X | W99: 118 | X99: 215 | AA99: Sundays: Jan. 18, 25 (PPD); Feb. 1, 8, 15 (M/U) | AB99: Noon-4:30pm | AC99: Grades 2 up | AD99: X | AF99: 139 | AG99: 149 | AH99: =AG99+20 -> 169 | AI99: X | AJ99: https://usbaseballacademy.com/montpelier-northfield-baseball-camp/ | AK99: X | AL99: =H99&" "&I99&","&" "&J99&" "&K99 -> 158 Harmon Dr Northfield, VT 5663 | AM99: X | AQ99: X | AR99: X | AS99: 71 | AT99: 41 | AU99: =AS99-AT99 -> 30 | AV99: =AS99/AT99-1 -> 0.73170732 | AW99: X | AX99: 74 | AY99: 47 | AZ99: =AX99-AY99 -> 27 | BA99: =AX99/AY99-1 -> 0.57446809 | BB99: X | BC99: 80 | BD99: 53 | BE99: =BC99-BD99 -> 27 | BF99: =BC99/BD99-1 -> 0.50943396 | BG99: X | BH99: 82 | BL99: X | BM99: 85 | BN99: 67 | BO99: =BM99-BN99 -> 18 | BP99: =BM99/BN99-1 -> 0.26865672 | BQ99: X | BR99: 90 | BS99: 76 | BT99: =BR99-BS99 -> 14
A100: B-RET | B100: X | C100: 119 | D100: 160 | E100: USBDND | F100: Notre Dame HS | H100: 3417 Church Rd | I100: Easton | J100: PA | K100: 18045 | L100: mbedics@ndcrusaders.org | M100: Mike | N100: Bedics | O100: 1030 Oldstone Rd. | P100: Allentown | Q100: PA | R100: 18103 | S100: 610-965-7908 | T100: 610-217-1065 | V100: X | W100: 104 | X100: 222 | AA100: Sundays: Jan. 4, 11, 18, 25 (PPD); Feb. 22 (M/U) | AB100: Noon-4:30pm | AD100: X | AF100: 139 | AG100: 149 | AH100: =AG100+20 -> 169 | AI100: X | AJ100: https://usbaseballacademy.com/easton-baseball-camp/ | AK100: X | AL100: =H100&" "&I100&","&" "&J100&" "&K100 -> 3417 Church Rd Easton, PA 18045 | AM100: X | AQ100: X | AR100: X | AS100: 54 | AT100: 119 | AU100: =AS100-AT100 -> -65 | AV100: =AS100/AT100-1 -> -0.54621849 | AW100: X | AX100: 61 | AY100: 139 | AZ100: =AX100-AY100 -> -78 | BA100: =AX100/AY100-1 -> -0.56115108 | BB100: X | BC100: 74 | BD100: 145 | BE100: =BC100-BD100 -> -71 | BF100: =BC100/BD100-1 -> -0.48965517 | BG100: X | BH100: 77 | BL100: X | BM100: 80 | BN100: 158 | BO100: =BM100-BN100 -> -78 | BP100: =BM100/BN100-1 -> -0.49367089 | BQ100: X | BR100: 80 | BS100: 160 | BT100: =BR100-BS100 -> -80
...

Sheet WIN_TRKNG_BBALL
A1: STATUS | B1: CAMP CODE | C1: Camp Name | D1: Facility | E1: Address | F1: First Name | G1: Last Name | H1: Email | J1: Dates | K1: Times | M1: SD Updated | N1: Website | O1: USBA Landing Page | P1: Craft Landing Page | Q1: Contract Sent | R1: Contract Rec | S1: Flyer | T1: Flyer Sent | U1: FB Ads Launched | V1: COI Rec | W1: Coaches DB CXT | X1: Final Details | Y1: BG Check Sent | Z1: BG Check Complete | AA1: Roster Email | AB1: Director Email | AC1: T-Shirts | AD1: Payment
A2: =_xlfn.XLOOKUP(C2, '❄️ SD-WIN-BBALL ⚾'!$F$3:$F$336, '❄️ SD-WIN-BBALL ⚾'!$A$3:$A$336) -> B-RET | B2: =_xlfn.XLOOKUP(C2, '❄️ SD-WIN-BBALL ⚾'!$F$3:$F$336, '❄️ SD-WIN-BBALL ⚾'!$E$3:$E$336) -> USBDAC | C2: Adrian College | D2: =IF(_xlfn.XLOOKUP(C2, '❄️ SD-WIN-BBALL ⚾'!$F$3:$F$336, '❄️ SD-WIN-BBALL ⚾'!$G$3:$G$336)=0, " ", _xlfn.XLOOKUP(C2, '❄️ SD-WIN-BBALL ⚾'!$F$3:$F$336, '❄️ SD-WIN-BBALL ⚾'!$G$3:$G$336)) | E2: =_xlfn.XLOOKUP(C2, '❄️ SD-WIN-BBALL ⚾'!$F$3:$F$336, '❄️ SD-WIN-BBALL ⚾'!$AL$3:$AL$336) -> 110 South Madison St Adrian, MI 49221 | F2: =_xlfn.XLOOKUP(C2, '❄️ SD-WIN-BBALL ⚾'!$F$3:$F$336,'❄️ SD-WIN-BBALL ⚾'!$M$3:$M$336) -> Craig | G2: =_xlfn.XLOOKUP(C2, '❄️ SD-WIN-BBALL ⚾'!$F$3:$F$336,'❄️ SD-WIN-BBALL ⚾'!$N$3:$N$336) -> Rainey | H2: =_xlfn.XLOOKUP(C2, '❄️ SD-WIN-BBALL ⚾'!$F$3:$F$336,'❄️ SD-WIN-BBALL ⚾'!$T$3:$T$336) -> 517-902-1986 | I2: =_xlfn.XLOOKUP(C2, '❄️ SD-WIN-BBALL ⚾'!$F$3:$F$336,'❄️ SD-WIN-BBALL ⚾'!$W$3:$W$336) -> 118 | J2: =IF(_xlfn.XLOOKUP(C2, '❄️ SD-WIN-BBALL ⚾'!$F$3:$F$336, '❄️ SD-WIN-BBALL ⚾'!$AA$3:$AA$336)=0, "TBD", _xlfn.XLOOKUP(C2, '❄️ SD-WIN-BBALL ⚾'!$F$3:$F$336, '❄️ SD-WIN-BBALL ⚾'!$AA$3:$AA$336)) -> Sundays: Jan 18, 25; Feb. 1, 8 | K2: =IF(_xlfn.XLOOKUP(C2, '❄️ SD-WIN-BBALL ⚾'!$F$3:$F$336, '❄️ SD-WIN-BBALL ⚾'!$AB$3:$AB$336)=0, "TBD", _xlfn.XLOOKUP(C2, '❄️ SD-WIN-BBALL ⚾'!$F$3:$F$336, '❄️ SD-WIN-BBALL ⚾'!$AB$3:$AB$336)) -> 10am-1pm | M2: TRUE | N2: TRUE | O2: TRUE | P2: FALSE | Q2: FALSE | R2: FALSE | S2: TRUE | T2: TRUE | U2: FALSE | V2: FALSE | W2: TRUE | X2: TRUE | Y2: FALSE | Z2: FALSE | AA2: FALSE | AB2: FALSE | AC2: FALSE | AD2: FALSE
A3: =_xlfn.XLOOKUP(C3, '❄️ SD-WIN-BBALL ⚾'!$F$3:$F$336, '❄️ SD-WIN-BBALL ⚾'!$A$3:$A$336) -> B-RET | B3: =_xlfn.XLOOKUP(C3, '❄️ SD-WIN-BBALL ⚾'!$F$3:$F$336, '❄️ SD-WIN-BBALL ⚾'!$E$3:$E$336) -> USBDALL | C3: Alliance HS | D3: =IF(_xlfn.XLOOKUP(C3, '❄️ SD-WIN-BBALL ⚾'!$F$3:$F$336, '❄️ SD-WIN-BBALL ⚾'!$G$3:$G$336)=0, " ", _xlfn.XLOOKUP(C3, '❄️ SD-WIN-BBALL ⚾'!$F$3:$F$336, '❄️ SD-WIN-BBALL ⚾'!$G$3:$G$336)) | E3: =_xlfn.XLOOKUP(C3, '❄️ SD-WIN-BBALL ⚾'!$F$3:$F$336, '❄️ SD-WIN-BBALL ⚾'!$AL$3:$AL$336) -> 400 Glamorgan St. Alliance, OH 44601 | F3: =_xlfn.XLOOKUP(C3, '❄️ SD-WIN-BBALL ⚾'!$F$3:$F$336,'❄️ SD-WIN-BBALL ⚾'!$M$3:$M$336) -> Jeff | G3: =_xlfn.XLOOKUP(C3, '❄️ SD-WIN-BBALL ⚾'!$F$3:$F$336,'❄️ SD-WIN-BBALL ⚾'!$N$3:$N$336) -> Graffice | H3: =_xlfn.XLOOKUP(C3, '❄️ SD-WIN-BBALL ⚾'!$F$3:$F$336,'❄️ SD-WIN-BBALL ⚾'!$T$3:$T$336) -> 330-581-3361 | I3: =_xlfn.XLOOKUP(C3, '❄️ SD-WIN-BBALL ⚾'!$F$3:$F$336,'❄️ SD-WIN-BBALL ⚾'!$W$3:$W$336) -> 201 | J3: =IF(_xlfn.XLOOKUP(C3, '❄️ SD-WIN-BBALL ⚾'!$F$3:$F$336, '❄️ SD-WIN-BBALL ⚾'!$AA$3:$AA$336)=0, "TBD", _xlfn.XLOOKUP(C3, '❄️ SD-WIN-BBALL ⚾'!$F$3:$F$336, '❄️ SD-WIN-BBALL ⚾'!$AA$3:$AA$336)) -> Sundays: Feb. 1, 8, 15, 22 | K3: =IF(_xlfn.XLOOKUP(C3, '❄️ SD-WIN-BBALL ⚾'!$F$3:$F$336, '❄️ SD-WIN-BBALL ⚾'!$AB$3:$AB$336)=0, "TBD", _xlfn.XLOOKUP(C3, '❄️ SD-WIN-BBALL ⚾'!$F$3:$F$336, '❄️ SD-WIN-BBALL ⚾'!$AB$3:$AB$336)) -> 11am-3:30pm | M3: TRUE | N3: TRUE | O3: TRUE | P3: FALSE | Q3: FALSE | R3: FALSE | S3: TRUE | T3: TRUE | U3: FALSE | V3: FALSE | W3: TRUE | X3: TRUE | Y3: FALSE | Z3: FALSE | AA3: FALSE | AB3: FALSE | AC3: FALSE | AD3: FALSE
A4: =_xlfn.XLOOKUP(C4, '❄️ SD-WIN-BBALL ⚾'!$F$3:$F$336, '❄️ SD-WIN-BBALL ⚾'!$A$3:$A$336) -> B-RET | B4: =_xlfn.XLOOKUP(C4, '❄️ SD-WIN-BBALL ⚾'!$F$3:$F$336, '❄️ SD-WIN-BBALL ⚾'!$E$3:$E$336) -> USBDAR | C4: Anoka-Ramsey CC | D4: =IF(_xlfn.XLOOKUP(C4, '❄️ SD-WIN-BBALL ⚾'!$F$3:$F$336, '❄️ SD-WIN-BBALL ⚾'!$G$3:$G$336)=0, " ", _xlfn.XLOOKUP(C4, '❄️ SD-WIN-BBALL ⚾'!$F$3:$F$336, '❄️ SD-WIN-BBALL ⚾'!$G$3:$G$336)) | E4: =_xlfn.XLOOKUP(C4, '❄️ SD-WIN-BBALL ⚾'!$F$3:$F$336, '❄️ SD-WIN-BBALL ⚾'!$AL$3:$AL$336) -> 11200 Mississippi Blvd NW Coon Rapids, MN 55433 | F4: =_xlfn.XLOOKUP(C4, '❄️ SD-WIN-BBALL ⚾'!$F$3:$F$336,'❄️ SD-WIN-BBALL ⚾'!$M$3:$M$336) -> Ryan | G4: =_xlfn.XLOOKUP(C4, '❄️ SD-WIN-BBALL ⚾'!$F$3:$F$336,'❄️ SD-WIN-BBALL ⚾'!$N$3:$N$336) -> Holmgren | H4: =_xlfn.XLOOKUP(C4, '❄️ SD-WIN-BBALL ⚾'!$F$3:$F$336,'❄️ SD-WIN-BBALL ⚾'!$T$3:$T$336) -> 651-308-1652 | I4: =_xlfn.XLOOKUP(C4, '❄️ SD-WIN-BBALL ⚾'!$F$3:$F$336,'❄️ SD-WIN-BBALL ⚾'!$W$3:$W$336) -> 201 | J4: =IF(_xlfn.XLOOKUP(C4, '❄️ SD-WIN-BBALL ⚾'!$F$3:$F$336, '❄️ SD-WIN-BBALL ⚾'!$AA$3:$AA$336)=0, "TBD", _xlfn.XLOOKUP(C4, '❄️ SD-WIN-BBALL ⚾'!$F$3:$F$336, '❄️ SD-WIN-BBALL ⚾'!$AA$3:$AA$336)) -> Sundays: Feb. 1, 8, 15, 22 | K4: =IF(_xlfn.XLOOKUP(C4, '❄️ SD-WIN-BBALL ⚾'!$F$3:$F$336, '❄️ SD-WIN-BBALL ⚾'!$AB$3:$AB$336)=0, "TBD", _xlfn.XLOOKUP(C4, '❄️ SD-WIN-BBALL ⚾'!$F$3:$F$336, '❄️ SD-WIN-BBALL ⚾'!$AB$3:$AB$336)) -> 10am-2:30pm | M4: TRUE | N4: TRUE | O4: TRUE | P4: FALSE | Q4: FALSE | R4: FALSE | S4: TRUE | T4: TRUE | U4: FALSE | V4: FALSE | W4: TRUE | X4: TRUE | Y4: FALSE | Z4: FALSE | AA4: FALSE | AB4: FALSE | AC4: FALSE | AD4: FALSE
A5: =_xlfn.XLOOKUP(C5, '❄️ SD-WIN-BBALL ⚾'!$F$3:$F$336, '❄️ SD-WIN-BBALL ⚾'!$A$3:$A$336) -> B-RET | B5: =_xlfn.XLOOKUP(C5, '❄️ SD-WIN-BBALL ⚾'!$F$3:$F$336, '❄️ SD-WIN-BBALL ⚾'!$E$3:$E$336) -> USBDARC | C5: Arcadia HS | D5: =IF(_xlfn.XLOOKUP(C5, '❄️ SD-WIN-BBALL ⚾'!$F$3:$F$336, '❄️ SD-WIN-BBALL ⚾'!$G$3:$G$336)=0, " ", _xlfn.XLOOKUP(C5, '❄️ SD-WIN-BBALL ⚾'!$F$3:$F$336, '❄️ SD-WIN-BBALL ⚾'!$G$3:$G$336)) | E5: =_xlfn.XLOOKUP(C5, '❄️ SD-WIN-BBALL ⚾'!$F$3:$F$336, '❄️ SD-WIN-BBALL ⚾'!$AL$3:$AL$336) -> 756 Raider Dr. Arcadia, WI 54612 | F5: =_xlfn.XLOOKUP(C5, '❄️ SD-WIN-BBALL ⚾'!$F$3:$F$336,'❄️ SD-WIN-BBALL ⚾'!$M$3:$M$336) -> Nate | G5: =_xlfn.XLOOKUP(C5, '❄️ SD-WIN-BBALL ⚾'!$F$3:$F$336,'❄️ SD-WIN-BBALL ⚾'!$N$3:$N$336) -> Pronschinske | H5: =_xlfn.XLOOKUP(C5, '❄️ SD-WIN-BBALL ⚾'!$F$3:$F$336,'❄️ SD-WIN-BBALL ⚾'!$T$3:$T$336) -> 715-533-8319 | I5: =_xlfn.XLOOKUP(C5, '❄️ SD-WIN-BBALL ⚾'!$F$3:$F$336,'❄️ SD-WIN-BBALL ⚾'!$W$3:$W$336) -> 201 | J5: =IF(_xlfn.XLOOKUP(C5, '❄️ SD-WIN-BBALL ⚾'!$F$3:$F$336, '❄️ SD-WIN-BBALL ⚾'!$AA$3:$AA$336)=0, "TBD", _xlfn.XLOOKUP(C5, '❄️ SD-WIN-BBALL ⚾'!$F$3:$F$336, '❄️ SD-WIN-BBALL ⚾'!$AA$3:$AA$336)) -> Sundays: Feb. 1, 8, 15, 22 | K5: =IF(_xlfn.XLOOKUP(C5, '❄️ SD-WIN-BBALL ⚾'!$F$3:$F$336, '❄️ SD-WIN-BBALL ⚾'!$AB$3:$AB$336)=0, "TBD", _xlfn.XLOOKUP(C5, '❄️ SD-WIN-BBALL ⚾'!$F$3:$F$336, '❄️ SD-WIN-BBALL ⚾'!$AB$3:$AB$336)) -> 11am-3:30pm | M5: TRUE | N5: TRUE | O5: TRUE | P5: FALSE | Q5: FALSE | R5: FALSE | S5: TRUE | T5: TRUE | U5: FALSE | V5: FALSE | W5: TRUE | X5: TRUE | Y5: FALSE | Z5: FALSE | AA5: FALSE | AB5: FALSE | AC5: FALSE | AD5: FALSE
A6: =_xlfn.XLOOKUP(C6, '❄️ SD-WIN-BBALL ⚾'!$F$3:$F$336, '❄️ SD-WIN-BBALL ⚾'!$A$3:$A$336) -> B-RET | B6: =_xlfn.XLOOKUP(C6, '❄️ SD-WIN-BBALL ⚾'!$F$3:$F$336, '❄️ SD-WIN-BBALL ⚾'!$E$3:$E$336) -> USBDARH | C6: Arcata HS | D6: =IF(_xlfn.XLOOKUP(C6, '❄️ SD-WIN-BBALL ⚾'!$F$3:$F$336, '❄️ SD-WIN-BBALL ⚾'!$G$3:$G$336)=0, " ", _xlfn.XLOOKUP(C6, '❄️ SD-WIN-BBALL ⚾'!$F$3:$F$336, '❄️ SD-WIN-BBALL ⚾'!$G$3:$G$336)) | E6: =_xlfn.XLOOKUP(C6, '❄️ SD-WIN-BBALL ⚾'!$F$3:$F$336, '❄️ SD-WIN-BBALL ⚾'!$AL$3:$AL$336) -> 1720 M St Arcata, CA 95521 | F6: =_xlfn.XLOOKUP(C6, '❄️ SD-WIN-BBALL ⚾'!$F$3:$F$336,'❄️ SD-WIN-BBALL ⚾'!$M$3:$M$336) -> Troy | G6: =_xlfn.XLOOKUP(C6, '❄️ SD-WIN-BBALL ⚾'!$F$3:$F$336,'❄️ SD-WIN-BBALL ⚾'!$N$3:$N$336) -> Ghisetti | H6: =_xlfn.XLOOKUP(C6, '❄️ SD-WIN-BBALL ⚾'!$F$3:$F$336,'❄️ SD-WIN-BBALL ⚾'!$T$3:$T$336) -> 707-845-4846 | I6: =_xlfn.XLOOKUP(C6, '❄️ SD-WIN-BBALL ⚾'!$F$3:$F$336,'❄️ SD-WIN-BBALL ⚾'!$W$3:$W$336) -> 208 | J6: =IF(_xlfn.XLOOKUP(C6, '❄️ SD-WIN-BBALL ⚾'!$F$3:$F$336, '❄️ SD-WIN-BBALL ⚾'!$AA$3:$AA$336)=0, "TBD", _xlfn.XLOOKUP(C6, '❄️ SD-WIN-BBALL ⚾'!$F$3:$F$336, '❄️ SD-WIN-BBALL ⚾'!$AA$3:$AA$336)) -> Sundays: Feb. 8, 15, 22; Mar. 1 | K6: =IF(_xlfn.XLOOKUP(C6, '❄️ SD-WIN-BBALL ⚾'!$F$3:$F$336, '❄️ SD-WIN-BBALL ⚾'!$AB$3:$AB$336)=0, "TBD", _xlfn.XLOOKUP(C6, '❄️ SD-WIN-BBALL ⚾'!$F$3:$F$336, '❄️ SD-WIN-BBALL ⚾'!$AB$3:$AB$336)) -> Noon-4:30pm | M6: TRUE | N6: TRUE | O6: TRUE | P6: FALSE | Q6: FALSE | R6: FALSE | S6: TRUE | T6: TRUE | U6: FALSE | V6: FALSE | W6: TRUE | X6: TRUE | Y6: FALSE | Z6: FALSE | AA6: FALSE | AB6: FALSE | AC6: FALSE | AD6: FALSE
A7: =_xlfn.XLOOKUP(C7, '❄️ SD-WIN-BBALL ⚾'!$F$3:$F$336, '❄️ SD-WIN-BBALL ⚾'!$A$3:$A$336) -> B-RET | B7: =_xlfn.XLOOKUP(C7, '❄️ SD-WIN-BBALL ⚾'!$F$3:$F$336, '❄️ SD-WIN-BBALL ⚾'!$E$3:$E$336) -> USBDALA | C7: Ascend Leadership Academy | D7: =IF(_xlfn.XLOOKUP(C7, '❄️ SD-WIN-BBALL ⚾'!$F$3:$F$336, '❄️ SD-WIN-BBALL ⚾'!$G$3:$G$336)=0, " ", _xlfn.XLOOKUP(C7, '❄️ SD-WIN-BBALL ⚾'!$F$3:$F$336, '❄️ SD-WIN-BBALL ⚾'!$G$3:$G$336)) -> Southern Lee HS Field #2 | E7: =_xlfn.XLOOKUP(C7, '❄️ SD-WIN-BBALL ⚾'!$F$3:$F$336, '❄️ SD-WIN-BBALL ⚾'!$AL$3:$AL$336) -> 2303 Tramway Park Rd. Sanford, NC 27332 | F7: =_xlfn.XLOOKUP(C7, '❄️ SD-WIN-BBALL ⚾'!$F$3:$F$336,'❄️ SD-WIN-BBALL ⚾'!$M$3:$M$336) -> Morgan | G7: =_xlfn.XLOOKUP(C7, '❄️ SD-WIN-BBALL ⚾'!$F$3:$F$336,'❄️ SD-WIN-BBALL ⚾'!$N$3:$N$336) -> Counter | H7: =_xlfn.XLOOKUP(C7, '❄️ SD-WIN-BBALL ⚾'!$F$3:$F$336,'❄️ SD-WIN-BBALL ⚾'!$T$3:$T$336) -> 919-897-4541 | I7: =_xlfn.XLOOKUP(C7, '❄️ SD-WIN-BBALL ⚾'!$F$3:$F$336,'❄️ SD-WIN-BBALL ⚾'!$W$3:$W$336) -> 110 | J7: =IF(_xlfn.XLOOKUP(C7, '❄️ SD-WIN-BBALL ⚾'!$F$3:$F$336, '❄️ SD-WIN-BBALL ⚾'!$AA$3:$AA$336)=0, "TBD", _xlfn.XLOOKUP(C7, '❄️ SD-WIN-BBALL ⚾'!$F$3:$F$336, '❄️ SD-WIN-BBALL ⚾'!$AA$3:$AA$336)) -> Saturdays: Jan. 10 (PPD), 17 (PPD) 24 (PPD), 31 (PPD); Feb. 7, 14 (M/U), 21 (M/U), 28 (M/U) | K7: =IF(_xlfn.XLOOKUP(C7, '❄️ SD-WIN-BBALL ⚾'!$F$3:$F$336, '❄️ SD-WIN-BBALL ⚾'!$AB$3:$AB$336)=0, "TBD", _xlfn.XLOOKUP(C7, '❄️ SD-WIN-BBALL ⚾'!$F$3:$F$336, '❄️ SD-WIN-BBALL ⚾'!$AB$3:$AB$336)) -> 9am-1:30pm | M7: TRUE | N7: TRUE | O7: TRUE | P7: FALSE | Q7: FALSE | R7: FALSE | S7: TRUE | T7: TRUE | U7: FALSE | V7: FALSE | W7: TRUE | X7: TRUE | Y7: FALSE | Z7: FALSE | AA7: FALSE | AB7: FALSE | AC7: FALSE | AD7: FALSE
A8: =_xlfn.XLOOKUP(C8, '❄️ SD-WIN-BBALL ⚾'!$F$3:$F$336, '❄️ SD-WIN-BBALL ⚾'!$A$3:$A$336) -> B-RET | B8: =_xlfn.XLOOKUP(C8, '❄️ SD-WIN-BBALL ⚾'!$F$3:$F$336, '❄️ SD-WIN-BBALL ⚾'!$E$3:$E$336) -> USBDACC | C8: Aurora Central Catholic HS | D8: =IF(_xlfn.XLOOKUP(C8, '❄️ SD-WIN-BBALL ⚾'!$F$3:$F$336, '❄️ SD-WIN-BBALL ⚾'!$G$3:$G$336)=0, " ", _xlfn.XLOOKUP(C8, '❄️ SD-WIN-BBALL ⚾'!$F$3:$F$336, '❄️ SD-WIN-BBALL ⚾'!$G$3:$G$336)) | E8: =_xlfn.XLOOKUP(C8, '❄️ SD-WIN-BBALL ⚾'!$F$3:$F$336, '❄️ SD-WIN-BBALL ⚾'!$AL$3:$AL$336) -> 1255 Edgelawn Dr Aurora, IL 60506 | F8: =_xlfn.XLOOKUP(C8, '❄️ SD-WIN-BBALL ⚾'!$F$3:$F$336,'❄️ SD-WIN-BBALL ⚾'!$M$3:$M$336) -> Rich | G8: =_xlfn.XLOOKUP(C8, '❄️ SD-WIN-BBALL ⚾'!$F$3:$F$336,'❄️ SD-WIN-BBALL ⚾'!$N$3:$N$336) -> Swann | H8: =_xlfn.XLOOKUP(C8, '❄️ SD-WIN-BBALL ⚾'!$F$3:$F$336,'❄️ SD-WIN-BBALL ⚾'!$T$3:$T$336) -> 630-945-0110 | I8: =_xlfn.XLOOKUP(C8, '❄️ SD-WIN-BBALL ⚾'!$F$3:$F$336,'❄️ SD-WIN-BBALL ⚾'!$W$3:$W$336) -> 215 | J8: =IF(_xlfn.XLOOKUP(C8, '❄️ SD-WIN-BBALL ⚾'!$F$3:$F$336, '❄️ SD-WIN-BBALL ⚾'!$AA$3:$AA$336)=0, "TBD", _xlfn.XLOOKUP(C8, '❄️ SD-WIN-BBALL ⚾'!$F$3:$F$336, '❄️ SD-WIN-BBALL ⚾'!$AA$3:$AA$336)) -> Sundays: Feb. 15, 22; Mar. 1, 8 | K8: =IF(_xlfn.XLOOKUP(C8, '❄️ SD-WIN-BBALL ⚾'!$F$3:$F$336, '❄️ SD-WIN-BBALL ⚾'!$AB$3:$AB$336)=0, "TBD", _xlfn.XLOOKUP(C8, '❄️ SD-WIN-BBALL ⚾'!$F$3:$F$336, '❄️ SD-WIN-BBALL ⚾'!$AB$3:$AB$336)) -> 1pm-5:30pm | M8: TRUE | N8: TRUE | O8: TRUE | P8: FALSE | Q8: FALSE | R8: FALSE | S8: TRUE | T8: TRUE | U8: FALSE | V8: FALSE | W8: TRUE | X8: TRUE | Y8: FALSE | Z8: FALSE | AA8: FALSE | AB8: FALSE | AC8: FALSE | AD8: FALSE
A9: =_xlfn.XLOOKUP(C9, '❄️ SD-WIN-BBALL ⚾'!$F$3:$F$336, '❄️ SD-WIN-BBALL ⚾'!$A$3:$A$336) -> B-RET | B9: =_xlfn.XLOOKUP(C9, '❄️ SD-WIN-BBALL ⚾'!$F$3:$F$336, '❄️ SD-WIN-BBALL ⚾'!$E$3:$E$336) -> USBDBBA | C9: Ballistic Baseball Academy | D9: =IF(_xlfn.XLOOKUP(C9, '❄️ SD-WIN-BBALL ⚾'!$F$3:$F$336, '❄️ SD-WIN-BBALL ⚾'!$G$3:$G$336)=0, " ", _xlfn.XLOOKUP(C9, '❄️ SD-WIN-BBALL ⚾'!$F$3:$F$336, '❄️ SD-WIN-BBALL ⚾'!$G$3:$G$336)) | E9: =_xlfn.XLOOKUP(C9, '❄️ SD-WIN-BBALL ⚾'!$F$3:$F$336, '❄️ SD-WIN-BBALL ⚾'!$AL$3:$AL$336) -> 200 McClurg Rd Boardman, OH 44512 | F9: =_xlfn.XLOOKUP(C9, '❄️ SD-WIN-BBALL ⚾'!$F$3:$F$336,'❄️ SD-WIN-BBALL ⚾'!$M$3:$M$336) -> Chris | G9: =_xlfn.XLOOKUP(C9, '❄️ SD-WIN-BBALL ⚾'!$F$3:$F$336,'❄️ SD-WIN-BBALL ⚾'!$N$3:$N$336) -> Cosentino | H9: =_xlfn.XLOOKUP(C9, '❄️ SD-WIN-BBALL ⚾'!$F$3:$F$336,'❄️ SD-WIN-BBALL ⚾'!$T$3:$T$336) -> 330-502-3367 | I9: =_xlfn.XLOOKUP(C9, '❄️ SD-WIN-BBALL ⚾'!$F$3:$F$336,'❄️ SD-WIN-BBALL ⚾'!$W$3:$W$336) -> 117 | J9: =IF(_xlfn.XLOOKUP(C9, '❄️ SD-WIN-BBALL ⚾'!$F$3:$F$336, '❄️ SD-WIN-BBALL ⚾'!$AA$3:$AA$336)=0, "TBD", _xlfn.XLOOKUP(C9, '❄️ SD-WIN-BBALL ⚾'!$F$3:$F$336, '❄️ SD-WIN-BBALL ⚾'!$AA$3:$AA$336)) -> Saturdays: Jan. 17, 24, 31; Feb. 7 | K9: =IF(_xlfn.XLOOKUP(C9, '❄️ SD-WIN-BBALL ⚾'!$F$3:$F$336, '❄️ SD-WIN-BBALL ⚾'!$AB$3:$AB$336)=0, "TBD", _xlfn.XLOOKUP(C9, '❄️ SD-WIN-BBALL ⚾'!$F$3:$F$336, '❄️ SD-WIN-BBALL ⚾'!$AB$3:$AB$336)) -> Noon-4:30pm | M9: TRUE | N9: TRUE | O9: TRUE | P9: FALSE | Q9: FALSE | R9: FALSE | S9: TRUE | T9: TRUE | U9: FALSE | V9: FALSE | W9: TRUE | X9: TRUE | Y9: FALSE | Z9: FALSE | AA9: FALSE | AB9: FALSE | AC9: FALSE | AD9: FALSE
A10: =_xlfn.XLOOKUP(C10, '❄️ SD-WIN-BBALL ⚾'!$F$3:$F$336, '❄️ SD-WIN-BBALL ⚾'!$A$3:$A$336) -> B-RET | B10: =_xlfn.XLOOKUP(C10, '❄️ SD-WIN-BBALL ⚾'!$F$3:$F$336, '❄️ SD-WIN-BBALL ⚾'!$E$3:$E$336) -> USBDBP | C10: Baseball Plus (January Sessions) | D10: =IF(_xlfn.XLOOKUP(C10, '❄️ SD-WIN-BBALL ⚾'!$F$3:$F$336, '❄️ SD-WIN-BBALL ⚾'!$G$3:$G$336)=0, " ", _xlfn.XLOOKUP(C10, '❄️ SD-WIN-BBALL ⚾'!$F$3:$F$336, '❄️ SD-WIN-BBALL ⚾'!$G$3:$G$336)) | E10: =_xlfn.XLOOKUP(C10, '❄️ SD-WIN-BBALL ⚾'!$F$3:$F$336, '❄️ SD-WIN-BBALL ⚾'!$AL$3:$AL$336) -> 400 Duffy Ave Hicksville, NY 11801 | F10: =_xlfn.XLOOKUP(C10, '❄️ SD-WIN-BBALL ⚾'!$F$3:$F$336,'❄️ SD-WIN-BBALL ⚾'!$M$3:$M$336) -> Roger | G10: =_xlfn.XLOOKUP(C10, '❄️ SD-WIN-BBALL ⚾'!$F$3:$F$336,'❄️ SD-WIN-BBALL ⚾'!$N$3:$N$336) -> Mischel | H10: =_xlfn.XLOOKUP(C10, '❄️ SD-WIN-BBALL ⚾'!$F$3:$F$336,'❄️ SD-WIN-BBALL ⚾'!$T$3:$T$336) -> 347-992-1736 | I10: =_xlfn.XLOOKUP(C10, '❄️ SD-WIN-BBALL ⚾'!$F$3:$F$336,'❄️ SD-WIN-BBALL ⚾'!$W$3:$W$336) -> 109 | J10: =IF(_xlfn.XLOOKUP(C10, '❄️ SD-WIN-BBALL ⚾'!$F$3:$F$336, '❄️ SD-WIN-BBALL ⚾'!$AA$3:$AA$336)=0, "TBD", _xlfn.XLOOKUP(C10, '❄️ SD-WIN-BBALL ⚾'!$F$3:$F$336, '❄️ SD-WIN-BBALL ⚾'!$AA$3:$AA$336)) -> Fridays: Jan. 9, 16, 23, 30 | K10: =IF(_xlfn.XLOOKUP(C10, '❄️ SD-WIN-BBALL ⚾'!$F$3:$F$336, '❄️ SD-WIN-BBALL ⚾'!$AB$3:$AB$336)=0, "TBD", _xlfn.XLOOKUP(C10, '❄️ SD-WIN-BBALL ⚾'!$F$3:$F$336, '❄️ SD-WIN-BBALL ⚾'!$AB$3:$AB$336)) -> 6pm-9pm | M10: TRUE | N10: TRUE | O10: TRUE | P10: FALSE | Q10: FALSE | R10: FALSE | S10: TRUE | T10: TRUE | U10: FALSE | V10: FALSE | W10: TRUE | X10: TRUE | Y10: FALSE | Z10: FALSE | AA10: FALSE | AB10: FALSE | AC10: FALSE | AD10: TRUE
A11: =_xlfn.XLOOKUP(C11, '❄️ SD-WIN-BBALL ⚾'!$F$3:$F$336, '❄️ SD-WIN-BBALL ⚾'!$A$3:$A$336) -> B-RET | B11: =_xlfn.XLOOKUP(C11, '❄️ SD-WIN-BBALL ⚾'!$F$3:$F$336, '❄️ SD-WIN-BBALL ⚾'!$E$3:$E$336) -> USBDBELL | C11: Bellbrook HS | D11: =IF(_xlfn.XLOOKUP(C11, '❄️ SD-WIN-BBALL ⚾'!$F$3:$F$336, '❄️ SD-WIN-BBALL ⚾'!$G$3:$G$336)=0, " ", _xlfn.XLOOKUP(C11, '❄️ SD-WIN-BBALL ⚾'!$F$3:$F$336, '❄️ SD-WIN-BBALL ⚾'!$G$3:$G$336)) | E11: =_xlfn.XLOOKUP(C11, '❄️ SD-WIN-BBALL ⚾'!$F$3:$F$336, '❄️ SD-WIN-BBALL ⚾'!$AL$3:$AL$336) -> 3737 Upper Bellbrook Rd Bellbrook, OH 45305 | F11: =_xlfn.XLOOKUP(C11, '❄️ SD-WIN-BBALL ⚾'!$F$3:$F$336,'❄️ SD-WIN-BBALL ⚾'!$M$3:$M$336) -> Jon | G11: =_xlfn.XLOOKUP(C11, '❄️ SD-WIN-BBALL ⚾'!$F$3:$F$336,'❄️ SD-WIN-BBALL ⚾'!$N$3:$N$336) -> Venters | H11: =_xlfn.XLOOKUP(C11, '❄️ SD-WIN-BBALL ⚾'!$F$3:$F$336,'❄️ SD-WIN-BBALL ⚾'!$T$3:$T$336) -> 937-768-0219 | I11: =_xlfn.XLOOKUP(C11, '❄️ SD-WIN-BBALL ⚾'!$F$3:$F$336,'❄️ SD-WIN-BBALL ⚾'!$W$3:$W$336) -> 118 | J11: =IF(_xlfn.XLOOKUP(C11, '❄️ SD-WIN-BBALL ⚾'!$F$3:$F$336, '❄️ SD-WIN-BBALL ⚾'!$AA$3:$AA$336)=0, "TBD", _xlfn.XLOOKUP(C11, '❄️ SD-WIN-BBALL ⚾'!$F$3:$F$336, '❄️ SD-WIN-BBALL ⚾'!$AA$3:$AA$336)) -> Sundays: Jan. 18, 25 (PPD); Feb. 1, 8, 15 (M/U) | K11: =IF(_xlfn.XLOOKUP(C11, '❄️ SD-WIN-BBALL ⚾'!$F$3:$F$336, '❄️ SD-WIN-BBALL ⚾'!$AB$3:$AB$336)=0, "TBD", _xlfn.XLOOKUP(C11, '❄️ SD-WIN-BBALL ⚾'!$F$3:$F$336, '❄️ SD-WIN-BBALL ⚾'!$AB$3:$AB$336)) -> Noon-4:30pm | M11: TRUE | N11: TRUE | O11: TRUE | P11: FALSE | Q11: FALSE | R11: FALSE | S11: TRUE | T11: TRUE | U11: FALSE | V11: FALSE | W11: TRUE | X11: TRUE | Y11: FALSE | Z11: FALSE | AA11: FALSE | AB11: FALSE | AC11: FALSE | AD11: FALSE
A12: =_xlfn.XLOOKUP(C12, '❄️ SD-WIN-BBALL ⚾'!$F$3:$F$336, '❄️ SD-WIN-BBALL ⚾'!$A$3:$A$336) -> B-RET | B12: =_xlfn.XLOOKUP(C12, '❄️ SD-WIN-BBALL ⚾'!$F$3:$F$336, '❄️ SD-WIN-BBALL ⚾'!$E$3:$E$336) -> USBDBC | C12: Benedict College | D12: =IF(_xlfn.XLOOKUP(C12, '❄️ SD-WIN-BBALL ⚾'!$F$3:$F$336, '❄️ SD-WIN-BBALL ⚾'!$G$3:$G$336)=0, " ", _xlfn.XLOOKUP(C12, '❄️ SD-WIN-BBALL ⚾'!$F$3:$F$336, '❄️ SD-WIN-BBALL ⚾'!$G$3:$G$336)) | E12: =_xlfn.XLOOKUP(C12, '❄️ SD-WIN-BBALL ⚾'!$F$3:$F$336, '❄️ SD-WIN-BBALL ⚾'!$AL$3:$AL$336) -> 1703 Pinehurst Rd. Columbia, SC 29204 | F12: =_xlfn.XLOOKUP(C12, '❄️ SD-WIN-BBALL ⚾'!$F$3:$F$336,'❄️ SD-WIN-BBALL ⚾'!$M$3:$M$336) -> Selwyn | G12: =_xlfn.XLOOKUP(C12, '❄️ SD-WIN-BBALL ⚾'!$F$3:$F$336,'❄️ SD-WIN-BBALL ⚾'!$N$3:$N$336) -> Young | H12: =_xlfn.XLOOKUP(C12, '❄️ SD-WIN-BBALL ⚾'!$F$3:$F$336,'❄️ SD-WIN-BBALL ⚾'!$T$3:$T$336) -> 213-804-2456 | I12: =_xlfn.XLOOKUP(C12, '❄️ SD-WIN-BBALL ⚾'!$F$3:$F$336,'❄️ SD-WIN-BBALL ⚾'!$W$3:$W$336) -> 118 | J12: =IF(_xlfn.XLOOKUP(C12, '❄️ SD-WIN-BBALL ⚾'!$F$3:$F$336, '❄️ SD-WIN-BBALL ⚾'!$AA$3:$AA$336)=0, "TBD", _xlfn.XLOOKUP(C12, '❄️ SD-WIN-BBALL ⚾'!$F$3:$F$336, '❄️ SD-WIN-BBALL ⚾'!$AA$3:$AA$336)) -> Sundays: Jan. 18 (PPD), 24 (M/U), 25; Feb. 1, 8 | K12: =IF(_xlfn.XLOOKUP(C12, '❄️ SD-WIN-BBALL ⚾'!$F$3:$F$336, '❄️ SD-WIN-BBALL ⚾'!$AB$3:$AB$336)=0, "TBD", _xlfn.XLOOKUP(C12, '❄️ SD-WIN-BBALL ⚾'!$F$3:$F$336, '❄️ SD-WIN-BBALL ⚾'!$AB$3:$AB$336)) -> 1pm-5:30pm | M12: TRUE | N12: TRUE | O12: TRUE | P12: FALSE | Q12: FALSE | R12: FALSE | S12: TRUE | T12: TRUE | U12: FALSE | V12: FALSE | W12: TRUE | X12: TRUE | Y12: FALSE | Z12: FALSE | AA12: FALSE | AB12: FALSE | AC12: FALSE | AD12: FALSE
A13: =_xlfn.XLOOKUP(C13, '❄️ SD-WIN-BBALL ⚾'!$F$3:$F$336, '❄️ SD-WIN-BBALL ⚾'!$A$3:$A$336) -> B-RET | B13: =_xlfn.XLOOKUP(C13, '❄️ SD-WIN-BBALL ⚾'!$F$3:$F$336, '❄️ SD-WIN-BBALL ⚾'!$E$3:$E$336) -> USBDBET | C13: Bethel HS | D13: =IF(_xlfn.XLOOKUP(C13, '❄️ SD-WIN-BBALL ⚾'!$F$3:$F$336, '❄️ SD-WIN-BBALL ⚾'!$G$3:$G$336)=0, " ", _xlfn.XLOOKUP(C13, '❄️ SD-WIN-BBALL ⚾'!$F$3:$F$336, '❄️ SD-WIN-BBALL ⚾'!$G$3:$G$336)) | E13: =_xlfn.XLOOKUP(C13, '❄️ SD-WIN-BBALL ⚾'!$F$3:$F$336, '❄️ SD-WIN-BBALL ⚾'!$AL$3:$AL$336) -> 36000 Clearpond Rd. Shawnee, OK 74801 | F13: =_xlfn.XLOOKUP(C13, '❄️ SD-WIN-BBALL ⚾'!$F$3:$F$336,'❄️ SD-WIN-BBALL ⚾'!$M$3:$M$336) -> Gary | G13: =_xlfn.XLOOKUP(C13, '❄️ SD-WIN-BBALL ⚾'!$F$3:$F$336,'❄️ SD-WIN-BBALL ⚾'!$N$3:$N$336) -> Bandy | H13: =_xlfn.XLOOKUP(C13, '❄️ SD-WIN-BBALL ⚾'!$F$3:$F$336,'❄️ SD-WIN-BBALL ⚾'!$T$3:$T$336) -> 402-710-0445 | I13: =_xlfn.XLOOKUP(C13, '❄️ SD-WIN-BBALL ⚾'!$F$3:$F$336,'❄️ SD-WIN-BBALL ⚾'!$W$3:$W$336) -> 104 | J13: =IF(_xlfn.XLOOKUP(C13, '❄️ SD-WIN-BBALL ⚾'!$F$3:$F$336, '❄️ SD-WIN-BBALL ⚾'!$AA$3:$AA$336)=0, "TBD", _xlfn.XLOOKUP(C13, '❄️ SD-WIN-BBALL ⚾'!$F$3:$F$336, '❄️ SD-WIN-BBALL ⚾'!$AA$3:$AA$336)) -> Sundays: Jan. 4, 11, 25 (PPD); Feb. 1, 8 (M/U) | K13: =IF(_xlfn.XLOOKUP(C13, '❄️ SD-WIN-BBALL ⚾'!$F$3:$F$336, '❄️ SD-WIN-BBALL ⚾'!$AB$3:$AB$336)=0, "TBD", _xlfn.XLOOKUP(C13, '❄️ SD-WIN-BBALL ⚾'!$F$3:$F$336, '❄️ SD-WIN-BBALL ⚾'!$AB$3:$AB$336)) -> Noon-4:30pm | M13: TRUE | N13: TRUE | O13: TRUE | P13: FALSE | Q13: FALSE | R13: FALSE | S13: TRUE | T13: TRUE | U13: FALSE | V13: FALSE | W13: TRUE | X13: TRUE | Y13: FALSE | Z13: FALSE | AA13: TRUE | AB13: TRUE | AC13: FALSE | AD13: FALSE
... A161: =_xlfn.XLOOKUP(C161, '❄️ SD-WIN-BBALL ⚾'!$F$3:$F$336, '❄️ SD-WIN-BBALL ⚾'!$A$3:$A$336) -> B-RET | B161: =_xlfn.XLOOKUP(C161, '❄️ SD-WIN-BBALL ⚾'!$F$3:$F$336, '❄️ SD-WIN-BBALL ⚾'!$E$3:$E$336) -> USBDYK | C161: York HS | D161: =IF(_xlfn.XLOOKUP(C161, '❄️ SD-WIN-BBALL ⚾'!$F$3:$F$336, '❄️ SD-WIN-BBALL ⚾'!$G$3:$G$336)=0, " ", _xlfn.XLOOKUP(C161, '❄️ SD-WIN-BBALL ⚾'!$F$3:$F$336, '❄️ SD-WIN-BBALL ⚾'!$G$3:$G$336)) | E161: =_xlfn.XLOOKUP(C161, '❄️ SD-WIN-BBALL ⚾'!$F$3:$F$336, '❄️ SD-WIN-BBALL ⚾'!$AL$3:$AL$336) -> 9300 George Washington Mem Hwy Yorktown, VA 23692 | F161: =_xlfn.XLOOKUP(C161, '❄️ SD-WIN-BBALL ⚾'!$F$3:$F$336,'❄️ SD-WIN-BBALL ⚾'!$M$3:$M$336) -> Nick | G161: =_xlfn.XLOOKUP(C161, '❄️ SD-WIN-BBALL ⚾'!$F$3:$F$336,'❄️ SD-WIN-BBALL ⚾'!$N$3:$N$336) -> Ham | H161: =_xlfn.XLOOKUP(C161, '❄️ SD-WIN-BBALL ⚾'!$F$3:$F$336,'❄️ SD-WIN-BBALL ⚾'!$T$3:$T$336) -> 757-968-9131 | I161: =_xlfn.XLOOKUP(C161, '❄️ SD-WIN-BBALL ⚾'!$F$3:$F$336,'❄️ SD-WIN-BBALL ⚾'!$W$3:$W$336) -> 215 | J161: =IF(_xlfn.XLOOKUP(C161, '❄️ SD-WIN-BBALL ⚾'!$F$3:$F$336, '❄️ SD-WIN-BBALL ⚾'!$AA$3:$AA$336)=0, "TBD", _xlfn.XLOOKUP(C161, '❄️ SD-WIN-BBALL ⚾'!$F$3:$F$336, '❄️ SD-WIN-BBALL ⚾'!$AA$3:$AA$336)) -> Sundays: Feb. 15 (PPD), 22; Mar. 1, 8, 15 (M/U) | K161: =IF(_xlfn.XLOOKUP(C161, '❄️ SD-WIN-BBALL ⚾'!$F$3:$F$336, '❄️ SD-WIN-BBALL ⚾'!$AB$3:$AB$336)=0, "TBD", _xlfn.XLOOKUP(C161, '❄️ SD-WIN-BBALL ⚾'!$F$3:$F$336, '❄️ SD-WIN-BBALL ⚾'!$AB$3:$AB$336)) -> Noon-4:30pm | M161: TRUE | N161: TRUE | O161: TRUE | P161: FALSE | Q161: FALSE | R161: FALSE | S161: TRUE | T161: TRUE | U161: FALSE | V161: FALSE | W161: TRUE | X161: TRUE | Y161: FALSE | Z161: FALSE | AA161: FALSE | AB161: FALSE | AC161: FALSE | AD161: FALSE
A162: zzzzz | I162: 999999

Sheet ❄️ SD-WIN-SBALL 🥎
A1: STATUS | C1: FY25 | D1: Camp Code | E1: SITE | F1: Facility Name | G1: Site address | H1: Site city | I1: State | J1: Zip | K1: Email | M1: First Name | N1: Last name | O1: Director address | P1: Director city | Q1: State | R1: Zip | S1: Home # | T1: Cell # | U1: Work # | W1: START | X1: END | Y1: COR. DATES | Z1: COR. TIMES | AA1: CFM DATES | AB1: CFM TIMES | AD1: MAX | AE1: LY$ | AF1: S$ | AG1: DP$ | AP1: 46009 | AQ1: 45645 | AR1: 26v25# | AS1: 26v25%
A2: A-NEW | D2: USBDALAS | E2: American Leadership Academy Ironwood | G2: 850 W Combs Rd. | H2: Queen Creek | I2: AZ | J2: 85140 | K2: aurelia.edina@gmail.com | M2: Aurelia | N2: Bailey | O2: 39501 N George Ave | P2: Queen Creek | Q2: AZ | R2: 85140 | T2: 432-556-6456 | W2: 110 | X2: 131 | AA2: Saturdays: Jan. 10, 17, 24, 31 | AB2: Noon-4:30pm | AI2: https://ussoftballacademy.com/queen-creek-softball-camp/ | AK2: =G2&" "&H2&","&" "&I2&" "&J2 -> 850 W Combs Rd. Queen Creek, AZ 85140
A3: A-NEW | D3: USBDBMS | E3: Brick Memorial HS | G3: 2001 Lanes Mill Rd. | H3: Brick | I3: NJ | J3: O8724 | K3: crodriguez1@brickschools.org | M3: Christina | N3: Rodriguez | O3: 1428 Davidson Avenue | P3: Brick | Q3: NJ | R3: O8724 | T3: 908-910-0564 | W3: 201 | X3: 301 | AA3: Sundays: Feb 1, 8, 22; March 1 | AB3: 8am-12:30pm | AI3: https://ussoftballacademy.com/brick-softball-camp/ | AK3: =G3&" "&H3&","&" "&I3&" "&J3 -> 2001 Lanes Mill Rd. Brick, NJ O8724
A4: A-NEW | D4: USBDBHLS | E4: Burnt Hills-Ballston Lake HS | F4: O'Rourke Middle School | G4: 173 Lake Hill Rd | H4: Burnt Hills | I4: NY | J4: 12027 | K4: CMcDaniel@bhbl.org | M4: Caitlyn | N4: McDaniel | O4: 69 Charlton Rd. | P4: Ballston Lake | Q4: NY | R4: 12019 | T4: 518-281-2267 | W4: 124 | X4: 214 | AA4: Saturdays: Jan. 24, 31; Feb. 7, 14 | AB4: 8am-11am | AI4: https://ussoftballacademy.com/burnt-hills-softball-camp/ | AK4: =G4&" "&H4&","&" "&I4&" "&J4 -> 173 Lake Hill Rd Burnt Hills, NY 12027
A5: A-NEW | D5: USBDGCS | E5: Gibault Catholic HS | F5: Fr. Edwin Hustedde Gymnasium | G5: 501 Columbia Ave. | H5: Waterloo | I5: IL | J5: 62298 | K5: bollonem@outlook.com | M5: Maggie | N5: Bollone | O5: 6920 Bluffside Rd. | P5: Columbia | Q5: IL | R5: 62236 | T5: 618-410-0509 | W5: 215 | X5: 308 | AA5: Sundays: Feb. 15, 22; March 1, 8 | AB5: Noon-4:30pm | AI5: https://ussoftballacademy.com/waterloo-softball-camp/ | AK5: =G5&" "&H5&","&" "&I5&" "&J5 -> 501 Columbia Ave. Waterloo, IL 62298
A6: A-NEW | D6: USBDMAFS | E6: Marco Antonio Firebaugh HS | F6: Softball Field | G6: 5246 Martin Luther King Jr Blvd | H6: Lynwood | I6: CA | J6: 90262 | K6: calcorta1@yahoo.com | M6: Chris | N6: Alcorta | O6: 11656 Lugo Park Ave | P6: Lynwood | Q6: CA | R6: 90262 | T6: 323-944-9403 | W6: 111 | X6: 201 | AA6: Sundays: Jan. 11, 18, 25; Feb. 1 | AB6: Noon-4:30pm | AI6: https://ussoftballacademy.com/lynwood-softball-camp/ | AK6: =G6&" "&H6&","&" "&I6&" "&J6 -> 5246 Martin Luther King Jr Blvd Lynwood, CA 90262
A7: A-NEW | D7: USBDNDCS | E7: Notre Dame Cathedral Latin School | G7: 13000 Auburn Rd. | H7: Chardon | I7: OH | J7: 44024 | K7: tiger.alexander@ndcl.org | M7: Tiger | N7: Alexander | O7: 70 Sanford St. | P7: Painesville | Q7: OH | R7: 44077 | T7: 440-497-7583 | W7: 208 | X7: 301 | AA7: Sundays: Feb. 8, 15, 22; March 1 | AB7: 1pm-5:30pm | AI7: https://ussoftballacademy.com/chardon-softball-camp/ | AK7: =G7&" "&H7&","&" "&I7&" "&J7 -> 13000 Auburn Rd. Chardon, OH 44024
A8: A-NEW | D8: USBDPSUS | E8: Penn State University-New Kensington | F8: Athletic Center | G8: 3550 7th St Rd. | H8: New Kensington | I8: PA | J8: 15068 | K8: ecm149@psu.edu | M8: Eric | N8: Marlo | O8: 13 Driftwood Dr | P8: Pittsburgh | Q8: PA | R8: 15238 | T8: 203-252-1530 | W8: 118 | X8: 215 | AA8: Sundays: Jan. 18, 25(PPD); Feb. 1, 8, 15 (M/U) | AB8: Noon-4:30pm | AI8: https://ussoftballacademy.com/new-kensington-softball-camp/ | AK8: =G8&" "&H8&","&" "&I8&" "&J8 -> 3550 7th St Rd. New Kensington, PA 15068
A9: A-NEW | D9: USBDROYS | E9: Royal HS | G9: 34499 Royal Rd. | H9: Brookshire | I9: TX | J9: 77423 | K9: algarcia@royal-isd.net | M9: Alyssa | N9: Garcia | T9: 281-904-5306 | W9: 301 | X9: 322 | AA9: Sundays: March 1, 8, 15, 22 | AB9: Noon-4:30pm | AI9: https://ussoftballacademy.com/brookshire-softball-camp/ | AK9: =G9&" "&H9&","&" "&I9&" "&J9 -> 34499 Royal Rd. Brookshire, TX 77423
A10: A-NEW | D10: USBDSCS | E10: Sand Creek HS | G10: 7005 N Carefree Cir. | H10: Colorado Springs | I10: CO | J10: 80922 | K10: Dalyfitness@ymail.com | M10: Tyler | N10: Daly | O10: 5362 Statute Dr | P10: Colorado Springs | Q10: CO | R10: 80922 | T10: 719-287-5367 | W10: 111 | X10: 201 | AA10: Sundays: Jan. 11, 18, 25; Feb. 1 | AB10: 9am-1:30pm | AI10: https://ussoftballacademy.com/colorado-springs-softball-camp/ | AK10: =G10&" "&H10&","&" "&I10&" "&J10 -> 7005 N Carefree Cir. Colorado Springs, CO 80922
A11: A-NEW | D11: USBDSOS | E11: Sluggers of Ohio Inc. | G11: 9862 South Ave. | H11: Youngstown | I11: OH | J11: 44514 | K11: bill.amero@gmail.com | M11: Bill | N11: Amero | O11: 9862 South Ave. | P11: Poland | Q11: OH | R11: 44514 | T11: 330-501-7506 | W11: 404 | X11: 425 | AA11: Saturdays: April 4, 11, 18, 25 | AB11: 9am-Noon | AI11: https://ussoftballacademy.com/youngstown-softball-camp/ | AK11: =G11&" "&H11&","&" "&I11&" "&J11 -> 9862 South Ave. Youngstown, OH 44514
A12: A-NEW | D12: USBDTAS | E12: Stolen Bases Academy | G12: 600 E. Western Ave. | H12: Lombard | I12: IL | J12: 60148 | K12: dccoach@hotmail.com | L12: X | M12: Sean | N12: Bieterman | O12: 343 Elm St. | P12: Villa Park | Q12: IL | R12: 60181 | T12: 630-334-7326 | W12: 221 | X12: 314 | AA12: Saturdays: Feb. 21, 28; March 7, 14 | AB12: 12:30pm-5pm | AI12: https://ussoftballacademy.com/lombard-softball-camp/ | AK12: =G12&" "&H12&","&" "&I12&" "&J12 -> 600 E. Western Ave. Lombard, IL 60148
A13: A-NEW | D13: USBDATLS | E13: USSA Atlanta | F13: Skelton Softball & Tennis Center | G13: Fischer Rd. | H13: Newnan | I13: GA | J13: 30265 | K13: carleigh.baker@cowetaschools.net | M13: Carleigh | N13: Baker | O13: 40 Mcintosh Estates Court | P13: Sharpsburg | Q13: GA | R13: 30277 | T13: 678-416-0081 | W13: 222 | X13: 315 | AA13: Sundays: Feb. 15 (PPD), 22; March 1, 8, 15 (M/U) | AB13: Noon-4:30pm | AI13: https://ussoftballacademy.com/newnan-softball-camp/ | AK13: =G13&" "&H13&","&" "&I13&" "&J13 -> Fischer Rd. Newnan, GA 30265
A14: A-NEW | D14: USBDDPTS | E14: USSA Davenport | F14: Davenport HS | G14: 4525 County Road 547 N | H14: Davenport | I14: FL | J14: 33837 | K14: amenmusic33@gmail.com | M14: Gus | N14: Mendoza | O14: 3451 Cortland Dr. | P14: Davenport | Q14: FL | R14: 33837 | T14: 281-889-8876 | W14: 110 | X14: 221 | AA14: Saturdays: Jan. 10, 17, 31(PPD); Feb. 7, 21 (M/U) | AB14: 10:30am-3pm | AI14: https://ussoftballacademy.com/davenport-softball-camp/ | AK14: =G14&" "&H14&","&" "&I14&" "&J14 -> 4525 County Road 547 N Davenport, FL 33837
A15: A-NEW | D15: USBDCPS | E15: USSA Racine | F15: St. Catherine's HS | G15: 1200 Park Ave. | H15: Racine | I15: WI | J15: 53403 | K15: zprideaux@sienacatholicschools.org | M15: Zach | N15: Prideaux | O15: 1200 Park Ave. | P15: Racine | Q15: WI | R15: 53403 | T15: 262-989-8087 | W15: 207 | X15: 228 | AA15: Saturdays: Feb. 7, 14, 21, 28 | AB15: 10am-2:30pm | AI15: https://ussoftballacademy.com/racine-softball-camp/ | AK15: =G15&" "&H15&","&" "&I15&" "&J15 -> 1200 Park Ave. Racine, WI 53403
A16: A-NEW | D16: USBDVSUS | E16: Vermont State University - Castleton | F16: Spartan Athletic Complex – SHAPE Gymnasium | G16: 190 University Dr. | H16: Castleton | I16: VT | J16: O5735 | K16: eric.kraut@vermontstate.edu | M16: Eric | N16: Kraut | O16: 315 Maple hill Rd | P16: Belmont | Q16: VT | R16: O5730 | T16: 952-452-0513 | W16: 201 | X16: 301 | AA16: Sundays: Jan. 25(PPD); Feb. 1, 8, 15 (M/U), 22 (PPD); March 1 (M/U) | AB16: Noon-4:30pm | AI16: https://ussoftballacademy.com/castleton-softball-camp/ | AK16: =G16&" "&H16&","&" "&I16&" "&J16 -> 190 University Dr. Castleton, VT O5735
A17: A-NEW | D17: USBDWUS | E17: Washington Union HS | G17: 404 W Lincoln Ave | H17: Fresno | I17: CA | J17: 93706 | K17: victoria.hildebrandt@wusd.ws | M17: Tori | N17: Hildebrandt | O17: 6041 S Elm Ave | P17: Fresno | Q17: CA | R17: 93706 | T17: 559-289-3633 | W17: 125 | X17: 222 | AA17: Sundays: Jan. 25; Feb. 1, 15, 22 | AB17: Noon-4:30pm | AI17: https://ussoftballacademy.com/fresno-softball-camp/ | AK17: =G17&" "&H17&","&" "&I17&" "&J17 -> 404 W Lincoln Ave Fresno, CA 93706
A18: B-RET | B18: X | C18: 76 | D18: USBDDCCS | E18: Bishop Dunne Catholic School (NEW SITE) | G18: 3900 Rugged Dr. | H18: Dallas | I18: TX | J18: 75224 | K18: taneshiaburgess@gmail.com | L18: X | M18: Taneshia | N18: Burgess | O18: 2819 Silkwood St | P18: Dallas | Q18: TX | R18: 75215 | T18: 214-533-1386 | V18: X | W18: 104 | X18: 215 | AA18: Sundays: Jan. 4, 11, 18(PPD), 25(PPD); Feb. 1 (M/U), 15 (M/U) | AB18: Noon-4:30pm | AC18: X | AH18: X | AI18: https://ussoftballacademy.com/dallas-softball-camp/ | AJ18: X | AK18: =G18&" "&H18&","&" "&I18&" "&J18 -> 3900 Rugged Dr. Dallas, TX 75224 | AO18: X | AT18: X
A19: B-RET | B19: X | C19: 77 | D19: USBDCUS | E19: Capital University | F19: The Capital Center | G19: 2360 E Mound St. | H19: Bexley | I19: OH | J19: 43209 | K19: akirk2@capital.edu, Bpope@capital.edu | L19: X | M19: Anna | N19: Kirk-Hamilton | O19: 8409 Eldorado Dr. | P19: Powell | Q19: OH | R19: 43065 | T19: 614-580-9396 | V19: X | W19: 111 | X19: 201 | AA19: Sundays: Jan. 11, 18; Feb. 1, 8 | AB19: 9am-Noon | AC19: X | AF19: 129 | AH19: X | AI19: https://ussoftballacademy.com/bexley-softball-camp/ | AJ19: X | AK19: =G19&" "&H19&","&" "&I19&" "&J19 -> 2360 E Mound St. Bexley, OH 43209 | AO19: X | AT19: X
A20: B-RET | B20: X | C20: 51 | D20: USBDCSHS | E20: Chippewa Senior HS | F20: Chippewa Intermediate School | G20: 100 Valley View Rd. | H20: Doylestown | I20: OH | J20: 44230 | K20: gregan@south-central.org | L20: X | M20: Glenn | N20: Regan | O20: 615 Church St. | P20: Doylestown | Q20: OH | R20: 44230 | T20: 330-715-2828 | V20: X | W20: 111 | X20: 208 | AA20: Sundays: Jan. 11, 18, 25 (PPD); Feb. 1, 8 (M/U) | AB20: 1pm-5:30pm | AC20: X | AF20: 129 | AH20: X | AI20: https://ussoftballacademy.com/doylestown-softball-camp/ | AJ20: X | AK20: =G20&" "&H20&","&" "&I20&" "&J20 -> 100 Valley View Rd. Doylestown, OH 44230 | AO20: X | AT20: X
A21: B-RET | B21: X | C21: 76 | D21: USBDCVS | E21: Crestview HS | F21: Crestview Middle School | G21: 1575 State Route 96 | H21: Ashland | I21: OH | J21: 44805 | K21: cunninghamtruckrepair@gmail.com | L21: X | M21: Josh | N21: Cunningham | O21: SOFTBALL- 1575 State Route 96 | P21: Ashland | Q21: OH | R21: 44805 | T21: 419-961-4076 | V21: X | W21: 118 | X21: 215 | AA21: Sundays: Jan. 18, 25 (PPD); Feb. 1, 8, 15 (M/U) | AB21: 2pm-6:30pm | AC21: X | AE21: 149 | AF21: 129 | AH21: X | AI21: https://ussoftballacademy.com/ashland-softball-camp/ | AJ21: X | AK21: =G21&" "&H21&","&" "&I21&" "&J21 -> 1575 State Route 96 Ashland, OH 44805 | AO21: X | AT21: X
A22: B-RET | B22: X | C22: 39 | D22: USBDDYS | E22: Dysart HS | G22: 11425 N Dysart Rd. | H22: El Mirage | I22: AZ | J22: 85335 | K22: bobbrumbaugh602@gmail.com | L22: X | M22: Bob | N22: Brumbaugh | O22: 13316 W Statler St. | P22: Surprise | Q22: AZ | R22: 85374 | T22: 602-706-7052 | V22: X | W22: 103 | X22: 207 | AA22: Saturdays: Jan. 3, 10 (PPD), 17, 24; Feb. 7 (M/U) | AB22: 10am-2:30pm | AC22: X | AE22: 149 | AF22: 129 | AH22: X | AI22: https://ussoftballacademy.com/el-mirage-softball-camp/ | AJ22: X | AK22: =G22&" "&H22&","&" "&I22&" "&J22 -> 11425 N Dysart Rd. El Mirage, AZ 85335 | AO22: X | AT22: X
A23: B-RET | B23: X | C23: 53 | D23: USBDJCS | E23: Johnson Creek HS | G23: 455 Atzalan St. | H23: Johnson Creek | I23: WI | J23: 53038 | K23: loganpeot@johnsoncreekschools.org | L23: X | M23: Logan | N23: Peot | O23: 136 N Maple Terrace | P23: Oconomowoc | Q23: WI | R23: 53066 | T23: 920-660-1761 | V23: X | W23: 118 | X23: 215 | AA23: Sundays: Jan. 11 (PPD), 18, 25; Feb. 1, 15 (M/U) | AB23: Noon-4:30pm | AC23: X | AE23: 149 | AF23: 129 | AH23: X | AI23: https://ussoftballacademy.com/johnson-creek-softball-camp/ | AJ23: X | AK23: =G23&" "&H23&","&" "&I23&" "&J23 -> 455 Atzalan St. Johnson Creek, WI 53038 | AO23: X | AT23: X
A24: B-RET | B24: X | C24: 77 | D24: USBDMSCS | E24: Mount Saint Charles Academy | G24: 800 Logee St. | H24: Woonsocket | I24: RI | J24: 2895 | K24: robertsasso@me.com | L24: X | M24: Bob | N24: Sasso | O24: 52 Thurber Blvd. | P24: Smithfield | Q24: RI | R24: 2917 | T24: 401-743-5771 | V24: X | W24: 301 | X24: 329 | AA24: Sundays: March 1, 8, 22, 29 | AB24: 1pm-5:30pm | AC24: X | AF24: 129 | AH24: X | AI24: https://ussoftballacademy.com/woonsocket-softball-camp/ | AJ24: X | AK24: =G24&" "&H24&","&" "&I24&" "&J24 -> 800 Logee St. Woonsocket, RI 2895 | AO24: X | AT24: X
A25: B-RET | B25: X | C25: 33 | D25: USBDMBCS | E25: Mt. Bethel Christian Academy | G25: 2509 Post Oak Tritt Rd | H25: Marietta | I25: GA | J25: 30062 | K25: coach9ball@gmail.com | L25: X | M25: Jason | N25: Eller | O25: 12140 Wildwood Springs Dr | P25: Roswell | Q25: GA | R25: 30075 | T25: 404-405-1215 | V25: X | W25: 222 | X25: 329 | AA25: Sundays: Feb. 22; March 1, 8 (PPD), 15, 22 (M/U) (PPD), 29 (M/U) | AB25: 1pm-5:30pm | AC25: X | AF25: 129 | AH25: X | AI25: https://ussoftballacademy.com/marietta-softball-camp/ | AJ25: X | AK25: =G25&" "&H25&","&" "&I25&" "&J25 -> 2509 Post Oak Tritt Rd Marietta, GA 30062 | AO25: X | AT25: X
A26: B-RET | B26: X | C26: 77 | D26: USBDNHS | E26: North HS | G26: 34050 Glen Dr. | H26: Eastlake | I26: OH | J26: 44095 | K26: remof7@gmail.com | L26: X | M26: Mike | N26: Ferrari | O26: 1387 Brooks Dr. | P26: Willoughby | Q26: OH | R26: 44094 | T26: 440-478-4563 | V26: X | W26: 111 | X26: 208 | AA26: Sundays: Jan. 11, 18, 25(PPD); Feb. 1, 8 (M/U) | AB26: 9am-1:30pm | AC26: X | AE26: 149 | AF26: 129 | AH26: X | AI26: https://ussoftballacademy.com/eastlake-softball-camp/ | AJ26: X | AK26: =G26&" "&H26&","&" "&I26&" "&J26 -> 34050 Glen Dr. Eastlake, OH 44095 | AO26: X | AT26: X
A27: B-RET | B27: X | C27: 238 | D27: USBDNPUS | E27: North Park University | F27: Helwig Rec Center | G27: 3205 W Carmen Ave. | H27: Chicago | I27: IL | J27: 60625 | K27: kanderson5@northpark.edu | L27: X | M27: Katie | N27: Anderson | O27: 6875 N Northwest HWY 2 C | P27: Chicago | Q27: IL | R27: 60631 | T27: 847-840-7765 | V27: X | W27: 215 | X27: 315 | AA27: Sundays: Feb. 15, 22; March 1, 15 | AB27: 9am-1:30pm | AC27: X | AE27: 149 | AF27: 129 | AH27: X | AI27: https://ussoftballacademy.com/chicago-softball-camp/ | AJ27: X | AK27: =G27&" "&H27&","&" "&I27&" "&J27 -> 3205 W Carmen Ave. Chicago, IL 60625 | AO27: X | AT27: X
A28: B-RET | B28: X | C28: 26 | D28: USBDSGTS | E28: Red Lion Christian Academy | F28: Lions Den @ RLCA | G28: 1390 Red Lion Rd | H28: Bear | I28: DE | J28: 19701 | K28: allaboutsoftball7@gmail.com | L28: X | M28: Tim | N28: Wampler | O28: 303 Bank St | P28: Chesapeake City | Q28: MD | R28: 21915 | T28: 302-218-3336 | V28: X | W28: 215 | X28: 308 | AA28: Sundays: Feb. 15, 22; March 1, 8 | AB28: Noon-4:30pm | AC28: X | AE28: 149 | AF28: 129 | AH28: X | AI28: https://ussoftballacademy.com/bear-softball-camp/ | AJ28: X | AK28: =G28&" "&H28&","&" "&I28&" "&J28 -> 1390 Red Lion Rd Bear, DE 19701 | AO28: X | AT28: X
A29: B-RET | B29: X | C29: 61 | D29: USBDSNYS | E29: SUNY-Canton | G29: 34 Cornell Dr. | H29: Canton | I29: NY | J29: 13617 | K29: waitek@canton.edu | L29: X | M29: Kelsy | N29: Waite | O29: 58 Miner St | P29: Canton | Q29: NY | R29: 13617 | T29: 315-705-5161 | V29: X | W29: 118 | X29: 222 | AA29: Sundays: Jan. 18, 25 (PPD); Feb. 1, 15, 22 (M/U) | AB29: 3:30pm-8pm | AC29: X | AF29: 129 | AH29: X | AI29: https://ussoftballacademy.com/canton-softball-camp/ | AJ29: X | AK29: =G29&" "&H29&","&" "&I29&" "&J29 -> 34 Cornell Dr. Canton, NY 13617 | AO29: X | AT29: X
A30: B-RET | B30: X | C30: 103 | D30: USBDUPGS | E30: University of Pitt-Greensburg | G30: 150 Finoli Dr. | H30: Greensburg | I30: PA | J30: 15601 | K30: chm143@pitt.edu | L30: X | M30: Chuck | N30: Myers | O30: 29 Seneca Dr. | P30: Greensburg | Q30: PA | R30: 15601 | T30: 724-244-7993 | V30: X | W30: 111 | X30: 215 | AA30: Sundays: Jan. 11, 18, 25 (PPD); Feb. 1, 15 (M/U) | AB30: 3pm-7:30pm | AC30: X | AE30: 149 | AF30: 129 | AH30: X | AI30: https://ussoftballacademy.com/pittsburgh-greensburg-softball-camp/ | AJ30: X | AK30: =G30&" "&H30&","&" "&I30&" "&J30 -> 150 Finoli Dr. Greensburg, PA 15601 | AO30: X | AT30: X
A31: B-RET | B31: X | C31: 99 | D31: USBDUSAS | E31: USSA Alabaster | F31: Thompson Middle School | G31: 100 Warrior Dr. | H31: Alabaster | I31: AL | J31: 35007 | K31: anthonyburden111@yahoo.com | L31: X | M31: Tony | N31: Burden | O31: 505 Rosebury Rd. | P31: Helena | Q31: AL | R31: 35080 | T31: 205-331-6901 | V31: X | W31: 111 | X31: 201 | AA31: Sundays: Jan. 11, 18, 25; Feb. 1 | AB31: Noon-4:30pm | AC31: X | AE31: 149 | AF31: 129 | AH31: X | AI31: https://ussoftballacademy.com/alabaster-softball-camp/ | AJ31: X | AK31: =G31&" "&H31&","&" "&I31&" "&J31 -> 100 Warrior Dr. Alabaster, AL 35007 | AO31: X | AT31: X
A32: B-RET | B32: X | C32: 41 | D32: USBDLES | E32: USSA Lake Elsinore | F32: Christensen Park | G32: 36300 Piedmont Dr. | H32: Lake Elsinore | I32: CA | J32: 92532 | K32: natalie25p@gmail.com | L32: X | M32: Natalie | N32: Mills | O32: 1776 California St. Apt 3 | P32: Mountain View | Q32: CA | R32: 94041 | T32: 435-210-8713 | V32: X | W32: 201 | X32: 222 | AA32: Sundays: Feb. 1, 8, 15, 22 | AB32: Noon-4:30pm | AC32: X | AF32: 129 | AH32: X | AI32: https://ussoftballacademy.com/wildomar-softball-camp/ | AJ32: X | AK32: =G32&" "&H32&","&" "&I32&" "&J32 -> 36300 Piedmont Dr. Lake Elsinore, CA 92532 | AO32: X | AT32: X
A33: B-RET | B33: X | C33: 47 | D33: USBDSTCS | E33: USSA St. Charles | F33: The Coliseum | G33: 5850 SR-N | H33: Cottleville | I33: MO | J33: 63304 | K33: owner.innerg@gmail.com | L33: X | M33: Gerrion | N33: Grim | O33: 46 Barrington Dr. | P33: Saint Peters | Q33: MO | R33: 63376 | T33: 636-577-1933 | V33: X | W33: 322 | X33: 419 | AA33: Sundays: March 22, 29; April 12, 19 | AB33: Noon-4:30pm | AC33: X | AF33: 129 | AH33: X | AI33: https://ussoftballacademy.com/cottleville-softball-camp/ | AJ33: X | AK33: =G33&" "&H33&","&" "&I33&" "&J33 -> 5850 SR-N Cottleville, MO 63304 | AO33: X | AT33: X
A34: B-RET | B34: X | C34: 109 | D34: USBDTISS | E34: USSA Wichita | F34: The Independent School | G34: 8317 E Douglas Ave. | H34: Wichita | I34: KS | J34: 67207 | K34: coachray3223@gmail.com | L34: X | M34: Rayshell | N34: Humphrey-Zambrano | O34: 2805 N Richmond St | P34: Wichita | Q34: KS | R34: 67215 | T34: 785-376-9232 | V34: X | W34: 308 | X34: 329 | AA34: Sundays: March 8, 15, 22, 29 | AB34: Noon-4:30pm | AC34: X | AF34: 129 | AH34: X | AI34: https://ussoftballacademy.com/wichita-softball-camp/ | AJ34: X | AK34: =G34&" "&H34&","&" "&I34&" "&J34 -> 8317 E Douglas Ave. Wichita, KS 67207 | AO34: X | AT34: X
A35: B-RET | B35: X | C35: 34 | D35: USBDWBWS | E35: West Brunswick HS | G35: 550 Whiteville Rd NW | H35: Shallotte | I35: NC | J35: 28470 | K35: oscott@bcswan.net | L35: X | M35: Olivia | N35: Scott | O35: 1783 Scrubjay CT SE | P35: Bolivia | Q35: NC | R35: 28422 | T35: 910-840-5121 | V35: X | W35: 301 | X35: 322 | AA35: Saturdays: March 7, 14, 21, 28 | AB35: 9am-1:30pm | AC35: X | AE35: 149 | AF35: 129 | AH35: X | AI35: https://ussoftballacademy.com/shallotte-softball-camp/ | AJ35: X | AK35: =G35&" "&H35&","&" "&I35&" "&J35 -> 550 Whiteville Rd NW Shallotte, NC 28470 | AO35: X | AT35: X
A36: B-RET | B36: X | C36: 88 | D36: USBDYCS | E36: Yuma Catholic HS | G36: 2100 W 28th St. | H36: Yuma | I36: AZ | J36: 85364 | K36: jlackey@yumacatholic.org | L36: X | M36: Jarred | N36: Lackey | O36: 4579 W 27th Lane | P36: Yuma | Q36: AZ | R36: 85364 | T36: 928-210-7051 | V36: X | W36: 117 | X36: 207 | AA36: Saturdays: Jan. 17, 24, 31; Feb. 7 | AB36: Noon-4:30pm | AC36: X | AE36: 149 | AF36: 129 | AH36: X | AI36: https://ussoftballacademy.com/yuma-softball-camp/ | AJ36: X | AK36: =G36&" "&H36&","&" "&I36&" "&J36 -> 2100 W 28th St. Yuma, AZ 85364 | AO36: X | AT36: X
A37: x
A38: Y-QUESTIONABLE | B38: X | C38: 0 | D38: USBDDPFS | E38: USSA Detroit | F38: Dues Playfield | G38: 2201 Antietam Rd | H38: Detroit | I38: MI | J38: 48207 | K38: nclancy@npfeschools.org | L38: X | M38: Nicole | N38: Clancy | T38: 313-614-9066 | V38: X | W38: 405 | X38: 426 | Y38: Saturdays: April 4, 11, 18, 25 | Z38: 10am-2:30pm | AC38: X | AF38: 129 | AH38: X | AI38: https://ussoftballacademy.com/detroit-softball-camp/ | AJ38: X | AK38: =G38&" "&H38&","&" "&I38&" "&J38 -> 2201 Antietam Rd Detroit, MI 48207 | AO38: X | AT38: X
A39: z | C39: =SUM(C18:C38) -> 1405
A40: Z-OUT-LOW ENROLLMENT | B40: X | C40: 22 | D40: USBDRIDS | E40: Ridgeland HS | G40: 586 Sunnybrook Rd. | H40: Ridgeland | I40: MS | J40: 39157 | K40: ncadle005@gmail.com | L40: X | M40: Nick | N40: Cadle | O40: 226 Memory Oaks Dr. | P40: Raymond | Q40: MS | R40: 39154 | T40: 662-284-6016 | V40: X | W40: 104 | X40: 125 | AA40: Sundays: Jan. 4, 11, 18, 25 | AB40: Noon-4:30pm | AC40: X | AF40: 129 | AH40: X | AI40: https://ussoftballacademy.com/ridgeland-softball-camp/ | AJ40: X | AK40: =G40&" "&H40&","&" "&I40&" "&J40 -> 586 Sunnybrook Rd. Ridgeland, MS 39157 | AO40: X | AT40: X
A41: Z-OUT-LOW ENROLLMENT | D41: USBDWCHS | E41: USSA Columbus | F41: Dugout Baseball Club | G41: 400 E. Wilson Bridge Rd. | H41: Columbus | I41: OH | J41: 43085 | K41: brian.j.mohr13@gmail.com | M41: Brian | N41: Mohr | O41: 400 E Wilson Bridge Rd., Suite O | P41: Worthington | Q41: OH | R41: 43085 | T41: 614-432-2423 | W41: 22 | X41: 30 | AA41: Monday/Tuesday: Dec. 22, 23, 29, 30 | AB41: 9am-3pm | AK41: =G41&" "&H41&","&" "&I41&" "&J41 -> 400 E. Wilson Bridge Rd. Columbus, OH 43085
A42: Z-OUT-LOW ENROLLMENT | D42: USBDSJAS | E42: USSA St. Augustine | F42: Saint Joseph Academy Softball Field | G42: 1082 S Whitney St. | H42: St. Augustine | I42: FL | J42: 32084 | K42: mnorquist1980@gmail.com | M42: Michael | N42: Norquist | W42: 215 | X42: 308 | AA42: Sundays: Feb. 15, 22; March 1, 8 | AB42: Noon-4:30pm | AI42: https://ussoftballacademy.com/st-augustine-softball-camp/ | AK42: =G42&" "&H42&","&" "&I42&" "&J42 -> 1082 S Whitney St. St. Augustine, FL 32084
A43: Z-OUT-NOT RETURNING | B43: X | C43: 34 | D43: USBDAVS | E43: Apple Valley HS | G43: 11837 Navajo Rd | H43: Apple Valley | I43: CA | J43: 92308 | K43: jaimecerf@gmail.com | L43: X | M43: Alfonso | N43: Zamora | O43: 11085 Dandelion Ln | P43: Apple Valley | Q43: CA | R43: 92308 | T43: 760-486-4469 | V43: X | W43: 118 | X43: 208 | Y43: Saturdays: Jan. 17, 24, 31; Feb. 7 | Z43: Noon-4:30pm | AC43: X | AF43: 129 | AH43: X | AI43: https://ussoftballacademy.com/apple-valley-softball-camp/ | AJ43: X | AK43: =G43&" "&H43&","&" "&I43&" "&J43 -> 11837 Navajo Rd Apple Valley, CA 92308 | AO43: X | AT43: X
A44: Z-OUT-NOT RETURNING | B44: X | C44: 36 | D44: USBDCAPS | E44: Capital HS | G44: 4851 Paseo Del Sol | H44: Santa Fe | I44: NM | J44: 87597 | K44: dennis76h@yahoo.com | L44: X | M44: Dennis | N44: Hernandez | O44: 2256 Manuelito, Lane | P44: Sante Fe | Q44: NM | R44: 87507 | T44: 505-469-4010 | V44: X | W44: 111 | X44: 201 | Y44: Saturdays: Jan. 10, 17, 24, 31 | Z44: Noon-4:30pm | AC44: X | AE44: 149 | AF44: 129 | AH44: X | AI44: https://ussoftballacademy.com/santa-fe-softball-camp/ | AJ44: X | AK44: =G44&" "&H44&","&" "&I44&" "&J44 -> 4851 Paseo Del Sol Santa Fe, NM 87597 | AO44: X | AT44: X
A45: Z-OUT-NOT RETURNING | B45: X | C45: 61 | D45: USBDCVYS | E45: Cedar Valley HS | G45: 1389 Aviator Ave | H45: Eagle Mountain | I45: UT | J45: 84005 | K45: samuelvidal@alpinedistrict.org | L45: X | M45: Sam | N45: Vidal | O45: 4745 N Brandon Park Dr | P45: Eagle Mountain | Q45: UT | R45: 84005 | T45: 801-989-6723 | V45: X | W45: 118 | X45: 215 | Y45: Saturdays: Jan. 17, 24; Feb. 7, 14 | Z45: Noon-4:30pm | AC45: X | AF45: 129 | AH45: X | AI45: https://ussoftballacademy.com/eagle-mountain-softball-camp/ | AJ45: X | AK45: =G45&" "&H45&","&" "&I45&" "&J45 -> 1389 Aviator Ave Eagle Mountain, UT 84005 | AO45: X | AT45: X
A46: Z-OUT-NOT RETURNING | B46: X | C46: 54 | D46: USBDDLS | E46: DeLaSalle HS | G46: One DeLaSalle Drive | H46: Minneapolis | I46: MN | J46: 55401 | K46: tom.heinecke@delasalle.com | L46: X | M46: Tom | N46: Heinecke | O46: 708 5th St NE | P46: Minneapolis | Q46: MN | R46: 55413 | T46: 612-616-7673 | V46: X | W46: 105 | X46: 126 | Y46: Sundays: Jan. 4, 11, 18, 25 | Z46: 10am-2:30pm | AC46: X | AE46: 149 | AF46: 129 | AH46: X | AI46: https://ussoftballacademy.com/minneapolis-softball-camp/ | AJ46: X | AK46: =G46&" "&H46&","&" "&I46&" "&J46 -> One DeLaSalle Drive Minneapolis, MN 55401 | AO46: X | AT46: X
A47: Z-OUT-NOT RETURNING | B47: X | C47: 59 | D47: USBDFHSS | E47: Flushing HS- coaching change, LMM w/ AD no response | G47: 5039 Deland Rd. | H47: Flushing | I47: MI | J47: 48433 | K47: gusgood@yahoo.com | L47: X | M47: Chris | N47: Good | O47: 5368 Durwood Dr. | P47: Swartz Creek | Q47: MI | R47: 48473 | T47: 810-397-9677 | V47: X | W47: 105 | X47: 202 | Y47: Sundays: Jan. 4, 18, 25; Feb. 1 | Z47: Noon-4:30pm | AC47: X | AF47: 129 | AH47: X | AI47: https://ussoftballacademy.com/flushing-softball-camp/ | AJ47: X | AK47: =G47&" "&H47&","&" "&I47&" "&J47 -> 5039 Deland Rd. Flushing, MI 48433 | AO47: X | AT47: X
A48: Z-OUT-NOT RETURNING | B48: X | C48: 64 | D48: USBDPSCS | E48: Proctor Softball Club | F48: Rails Indoor Turf Complex | G48: 800 N Boundary Ave | H48: Proctor | I48: MN | J48: 55810 | K48: kgaffers@aol.com | L48: X | M48: Kelly | N48: Johnson | O48: 6199 Old Miller Trunk Hwy | P48: Saginaw | Q48: MN | R48: 55779 | T48: 218-340-8071 | V48: X | W48: 301 | X48: 322 | Y48: Sundays: March 1, 8, 15, 22 | Z48: 10am-2:30pm | AC48: X | AF48: 129 | AH48: X | AI48: https://ussoftballacademy.com/proctor-softball-camp/ | AJ48: X | AK48: =G48&" "&H48&","&" "&I48&" "&J48 -> 800 N Boundary Ave Proctor, MN 55810 | AO48: X | AT48: X
A49: Z-OUT-NOT RETURNING | B49: X | C49: 22 | D49: USBDMCCS | E49: USSA Miami | F49: Miami Carol City Senior HS | G49: 3301 NW 183rd St | H49: Miami Gardens | I49: FL | J49: 33056 | K49: toyjohnson28@gmail.com | L49: X | M49: Shatoya | N49: Johnson | O49: 3814 SW 68th Ave | P49: Miramar | Q49: FL | R49: 33023 | T49: 786-651-7018 | V49: X | W49: 112 | X49: 202 | AC49: X | AF49: 129 | AH49: X | AI49: https://ussoftballacademy.com/miami-gardens-softball-camp/ | AJ49: X | AO49: X | AT49: X
A50: Z-OUT-NOT RETURNING | B50: X | C50: 41 | D50: USBDLLS | E50: USSA Tampa | F50: Land O'Lakes HS | G50: 20325 Gator Lane | H50: Land O'Lakes | I50: FL | J50: 34638 | K50: mwilkins@pasco.k12.fl.us | L50: X | M50: Mitch | N50: Wilkins | O50: 4550 Bay Blvd #1246 | P50: Port Richey | Q50: FL | R50: 34668 | T50: 813-431-8261 | V50: X | W50: 29 | X50: 119 | Y50: Sundays: March 15, 22, 29; April 5 | Z50: Noon-4:30pm | AC50: X | AE50: 149 | AF50: 129 | AH50: X | AI50: https://ussoftballacademy.com/tampa-land-olakes-softball-camp/ | AJ50: X | AK50: =G50&" "&H50&","&" "&I50&" "&J50 -> 20325 Gator Lane Land O'Lakes, FL 34638 | AO50: X | AT50: X
A51: Z-OUT-NOT RETURNING | B51: X | C51: 42 | D51: USBDVHS | E51: Versailles HS | G51: 913 W Newton St. | H51: Versailles | I51: MO | J51: 65084 | K51: kirkd@versaillestigers.org | L51: X | M51: Dabecka | N51: Kirk | O51: 913 W Newton St | P51: Versailles | Q51: MO | R51: 65084 | T51: 816-263-2116 | V51: X | W51: 112 | X51: 202 | Y51: Sundays: March 8, 15, 22, 29 | Z51: Noon-4:30pm | AC51: X | AF51: 129 | AH51: X | AI51: https://ussoftballacademy.com/versailles-softball-camp/ | AJ51: X | AK51: =G51&" "&H51&","&" "&I51&" "&J51 -> 913 W Newton St. Versailles, MO 65084 | AO51: X | AT51: X
C52: =SUM(C43:C51) -> 413

Sheet WIN_TRKNG_SBALL
A1: STATUS | B1: CAMP CODE | C1: Camp Name | D1: Facility | E1: Address | F1: First Name | G1: Last Name | H1: Email | I1: Dates | J1: Times | L1: SD Updated | M1: Website | N1: USBA Landing Page | O1: Craft Landing Page | P1: Contract Sent | Q1: Contract Rec | R1: Flyer | S1: Flyer Sent | T1: FB Ads Launched | U1: COI Rec | V1: Coaches DB CXT | W1: Final Details | X1: BG Check Sent | Y1: BG Check Complete | Z1: Roster Email | AA1: Director Email | AB1: T-Shirts | AC1: Payment
A2: =_xlfn.XLOOKUP(C2, '❄️ SD-WIN-SBALL 🥎'!$E$1:$E$118, '❄️ SD-WIN-SBALL 🥎'!$A$1:$A$118) -> B-RET | B2: =_xlfn.XLOOKUP(C2, '❄️ SD-WIN-SBALL 🥎'!$E$1:$E$118, '❄️ SD-WIN-SBALL 🥎'!$D$1:$D$118) -> USBDDYS | C2: Dysart HS | D2: =IF(_xlfn.XLOOKUP(C2, '❄️ SD-WIN-SBALL 🥎'!$E$1:$E$118, '❄️ SD-WIN-SBALL 🥎'!$F$1:$F$118)=0, " ", _xlfn.XLOOKUP(C2, '❄️ SD-WIN-SBALL 🥎'!$E$1:$E$118, '❄️ SD-WIN-SBALL 🥎'!$F$1:$F$118)) | E2: =_xlfn.XLOOKUP(C2, '❄️ SD-WIN-SBALL 🥎'!$E$1:$E$118, '❄️ SD-WIN-SBALL 🥎'!$AK$1:$AK$118) -> 11425 N Dysart Rd. El Mirage, AZ 85335 | F2: =_xlfn.XLOOKUP(C2, '❄️ SD-WIN-SBALL 🥎'!$E$1:$E$118, '❄️ SD-WIN-SBALL 🥎'!$M$1:$M$118) -> Bob | G2: =_xlfn.XLOOKUP(C2, '❄️ SD-WIN-SBALL 🥎'!$E$1:$E$118, '❄️ SD-WIN-SBALL 🥎'!$N$1:$N$118) -> Brumbaugh | H2: =_xlfn.XLOOKUP(C2, '❄️ SD-WIN-SBALL 🥎'!$E$1:$E$118, '❄️ SD-WIN-SBALL 🥎'!$K$1:$K$118) -> bobbrumbaugh602@gmail.com | I2: =IF(_xlfn.XLOOKUP(C2, '❄️ SD-WIN-SBALL 🥎'!$E$1:$E$118, '❄️ SD-WIN-SBALL 🥎'!$AA$1:$AA$118)=0, "TBD", _xlfn.XLOOKUP(C2, '❄️ SD-WIN-SBALL 🥎'!$E$1:$E$118, '❄️ SD-WIN-SBALL 🥎'!$AA$1:$AA$118)) -> Saturdays: Jan. 3, 10 (PPD), 17, 24; Feb. 7 (M/U) | J2: =IF(_xlfn.XLOOKUP(C2, '❄️ SD-WIN-SBALL 🥎'!$E$1:$E$118, '❄️ SD-WIN-SBALL 🥎'!$AB$1:$AB$118)=0, "TBD", _xlfn.XLOOKUP(C2, '❄️ SD-WIN-SBALL 🥎'!$E$1:$E$118, '❄️ SD-WIN-SBALL 🥎'!$AB$1:$AB$118)) -> 10am-2:30pm | L2: TRUE | M2: TRUE | N2: TRUE | O2: FALSE | P2: FALSE | Q2: FALSE | R2: TRUE | S2: TRUE | T2: FALSE | U2: FALSE | V2: TRUE | W2: TRUE | X2: TRUE | Y2: FALSE | Z2: TRUE | AA2: TRUE | AB2: FALSE | AC2: FALSE
A3: =_xlfn.XLOOKUP(C3, '❄️ SD-WIN-SBALL 🥎'!$E$1:$E$118, '❄️ SD-WIN-SBALL 🥎'!$A$1:$A$118) -> B-RET | B3: =_xlfn.XLOOKUP(C3, '❄️ SD-WIN-SBALL 🥎'!$E$1:$E$118, '❄️ SD-WIN-SBALL 🥎'!$D$1:$D$118) -> USBDDCCS | C3: Bishop Dunne Catholic School (NEW SITE) | D3: =IF(_xlfn.XLOOKUP(C3, '❄️ SD-WIN-SBALL 🥎'!$E$1:$E$118, '❄️ SD-WIN-SBALL 🥎'!$F$1:$F$118)=0, " ", _xlfn.XLOOKUP(C3, '❄️ SD-WIN-SBALL 🥎'!$E$1:$E$118, '❄️ SD-WIN-SBALL 🥎'!$F$1:$F$118)) | E3: =_xlfn.XLOOKUP(C3, '❄️ SD-WIN-SBALL 🥎'!$E$1:$E$118, '❄️ SD-WIN-SBALL 🥎'!$AK$1:$AK$118) -> 3900 Rugged Dr. Dallas, TX 75224 | F3: =_xlfn.XLOOKUP(C3, '❄️ SD-WIN-SBALL 🥎'!$E$1:$E$118, '❄️ SD-WIN-SBALL 🥎'!$M$1:$M$118) -> Taneshia | G3: =_xlfn.XLOOKUP(C3, '❄️ SD-WIN-SBALL 🥎'!$E$1:$E$118, '❄️ SD-WIN-SBALL 🥎'!$N$1:$N$118) -> Burgess | H3: =_xlfn.XLOOKUP(C3, '❄️ SD-WIN-SBALL 🥎'!$E$1:$E$118, '❄️ SD-WIN-SBALL 🥎'!$K$1:$K$118) -> taneshiaburgess@gmail.com | I3: =IF(_xlfn.XLOOKUP(C3, '❄️ SD-WIN-SBALL 🥎'!$E$1:$E$118, '❄️ SD-WIN-SBALL 🥎'!$AA$1:$AA$118)=0, "TBD", _xlfn.XLOOKUP(C3, '❄️ SD-WIN-SBALL 🥎'!$E$1:$E$118, '❄️ SD-WIN-SBALL 🥎'!$AA$1:$AA$118)) -> Sundays: Jan. 4, 11, 18(PPD), 25(PPD); Feb. 1 (M/U), 15 (M/U) | J3: =IF(_xlfn.XLOOKUP(C3, '❄️ SD-WIN-SBALL 🥎'!$E$1:$E$118, '❄️ SD-WIN-SBALL 🥎'!$AB$1:$AB$118)=0, "TBD", _xlfn.XLOOKUP(C3, '❄️ SD-WIN-SBALL 🥎'!$E$1:$E$118, '❄️ SD-WIN-SBALL 🥎'!$AB$1:$AB$118)) -> Noon-4:30pm | L3: TRUE | M3: TRUE | N3: TRUE | O3: FALSE | P3: TRUE | Q3: TRUE | R3: TRUE | S3: TRUE | T3: FALSE | U3: FALSE | V3: TRUE | W3: TRUE | X3: TRUE | Y3: FALSE | Z3: TRUE | AA3: TRUE | AB3: FALSE | AC3: FALSE
A4: =_xlfn.XLOOKUP(C4, '❄️ SD-WIN-SBALL 🥎'!$E$1:$E$118, '❄️ SD-WIN-SBALL 🥎'!$A$1:$A$118) -> A-NEW | B4: =_xlfn.XLOOKUP(C4, '❄️ SD-WIN-SBALL 🥎'!$E$1:$E$118, '❄️ SD-WIN-SBALL 🥎'!$D$1:$D$118) -> USBDALAS | C4: American Leadership Academy Ironwood | D4: =IF(_xlfn.XLOOKUP(C4, '❄️ SD-WIN-SBALL 🥎'!$E$1:$E$118, '❄️ SD-WIN-SBALL 🥎'!$F$1:$F$118)=0, " ", _xlfn.XLOOKUP(C4, '❄️ SD-WIN-SBALL 🥎'!$E$1:$E$118, '❄️ SD-WIN-SBALL 🥎'!$F$1:$F$118)) | E4: =_xlfn.XLOOKUP(C4, '❄️ SD-WIN-SBALL 🥎'!$E$1:$E$118, '❄️ SD-WIN-SBALL 🥎'!$AK$1:$AK$118) -> 850 W Combs Rd. Queen Creek, AZ 85140 | F4: =_xlfn.XLOOKUP(C4, '❄️ SD-WIN-SBALL 🥎'!$E$1:$E$118, '❄️ SD-WIN-SBALL 🥎'!$M$1:$M$118) -> Aurelia | G4: =_xlfn.XLOOKUP(C4, '❄️ SD-WIN-SBALL 🥎'!$E$1:$E$118, '❄️ SD-WIN-SBALL 🥎'!$N$1:$N$118) -> Bailey | H4: =_xlfn.XLOOKUP(C4, '❄️ SD-WIN-SBALL 🥎'!$E$1:$E$118, '❄️ SD-WIN-SBALL 🥎'!$K$1:$K$118) -> aurelia.edina@gmail.com | I4: =IF(_xlfn.XLOOKUP(C4, '❄️ SD-WIN-SBALL 🥎'!$E$1:$E$118, '❄️ SD-WIN-SBALL 🥎'!$AA$1:$AA$118)=0, "TBD", _xlfn.XLOOKUP(C4, '❄️ SD-WIN-SBALL 🥎'!$E$1:$E$118, '❄️ SD-WIN-SBALL 🥎'!$AA$1:$AA$118)) -> Saturdays: Jan. 10, 17, 24, 31 | J4: =IF(_xlfn.XLOOKUP(C4, '❄️ SD-WIN-SBALL 🥎'!$E$1:$E$118, '❄️ SD-WIN-SBALL 🥎'!$AB$1:$AB$118)=0, "TBD", _xlfn.XLOOKUP(C4, '❄️ SD-WIN-SBALL 🥎'!$E$1:$E$118, '❄️ SD-WIN-SBALL 🥎'!$AB$1:$AB$118)) -> Noon-4:30pm | L4: TRUE | M4: TRUE | N4: TRUE | O4: FALSE | P4: TRUE | Q4: TRUE | R4: TRUE | S4: TRUE | T4: FALSE | U4: FALSE | V4: TRUE | W4: TRUE | X4: TRUE | Y4: FALSE | Z4: FALSE | AA4: FALSE | AB4: FALSE | AC4: FALSE
A5: =_xlfn.XLOOKUP(C5, '❄️ SD-WIN-SBALL 🥎'!$E$1:$E$118, '❄️ SD-WIN-SBALL 🥎'!$A$1:$A$118) -> A-NEW | B5: =_xlfn.XLOOKUP(C5, '❄️ SD-WIN-SBALL 🥎'!$E$1:$E$118, '❄️ SD-WIN-SBALL 🥎'!$D$1:$D$118) -> USBDDPTS | C5: USSA Davenport | D5: =IF(_xlfn.XLOOKUP(C5, '❄️ SD-WIN-SBALL 🥎'!$E$1:$E$118, '❄️ SD-WIN-SBALL 🥎'!$F$1:$F$118)=0, " ", _xlfn.XLOOKUP(C5, '❄️ SD-WIN-SBALL 🥎'!$E$1:$E$118, '❄️ SD-WIN-SBALL 🥎'!$F$1:$F$118)) -> Davenport HS | E5: =_xlfn.XLOOKUP(C5, '❄️ SD-WIN-SBALL 🥎'!$E$1:$E$118, '❄️ SD-WIN-SBALL 🥎'!$AK$1:$AK$118) -> 4525 County Road 547 N Davenport, FL 33837 | F5: =_xlfn.XLOOKUP(C5, '❄️ SD-WIN-SBALL 🥎'!$E$1:$E$118, '❄️ SD-WIN-SBALL 🥎'!$M$1:$M$118) -> Gus | G5: =_xlfn.XLOOKUP(C5, '❄️ SD-WIN-SBALL 🥎'!$E$1:$E$118, '❄️ SD-WIN-SBALL 🥎'!$N$1:$N$118) -> Mendoza | H5: =_xlfn.XLOOKUP(C5, '❄️ SD-WIN-SBALL 🥎'!$E$1:$E$118, '❄️ SD-WIN-SBALL 🥎'!$K$1:$K$118) -> amenmusic33@gmail.com | I5: =IF(_xlfn.XLOOKUP(C5, '❄️ SD-WIN-SBALL 🥎'!$E$1:$E$118, '❄️ SD-WIN-SBALL 🥎'!$AA$1:$AA$118)=0, "TBD", _xlfn.XLOOKUP(C5, '❄️ SD-WIN-SBALL 🥎'!$E$1:$E$118, '❄️ SD-WIN-SBALL 🥎'!$AA$1:$AA$118)) -> Saturdays: Jan. 10, 17, 31(PPD); Feb. 7, 21 (M/U) | J5: =IF(_xlfn.XLOOKUP(C5, '❄️ SD-WIN-SBALL 🥎'!$E$1:$E$118, '❄️ SD-WIN-SBALL 🥎'!$AB$1:$AB$118)=0, "TBD", _xlfn.XLOOKUP(C5, '❄️ SD-WIN-SBALL 🥎'!$E$1:$E$118, '❄️ SD-WIN-SBALL 🥎'!$AB$1:$AB$118)) -> 10:30am-3pm | L5: TRUE | M5: TRUE | N5: TRUE | O5: FALSE | P5: TRUE | Q5: TRUE | R5: TRUE | S5: TRUE | T5: FALSE | U5: FALSE | V5: TRUE | W5: TRUE | X5: TRUE | Y5: FALSE | Z5: FALSE | AA5: FALSE | AB5: FALSE | AC5: TRUE
A6: =_xlfn.XLOOKUP(C6, '❄️ SD-WIN-SBALL 🥎'!$E$1:$E$118, '❄️ SD-WIN-SBALL 🥎'!$A$1:$A$118) -> A-NEW | B6: =_xlfn.XLOOKUP(C6, '❄️ SD-WIN-SBALL 🥎'!$E$1:$E$118, '❄️ SD-WIN-SBALL 🥎'!$D$1:$D$118) -> USBDMAFS | C6: Marco Antonio Firebaugh HS | D6: =IF(_xlfn.XLOOKUP(C6, '❄️ SD-WIN-SBALL 🥎'!$E$1:$E$118, '❄️ SD-WIN-SBALL 🥎'!$F$1:$F$118)=0, " ", _xlfn.XLOOKUP(C6, '❄️ SD-WIN-SBALL 🥎'!$E$1:$E$118, '❄️ SD-WIN-SBALL 🥎'!$F$1:$F$118)) -> Softball Field | E6: =_xlfn.XLOOKUP(C6, '❄️ SD-WIN-SBALL 🥎'!$E$1:$E$118, '❄️ SD-WIN-SBALL 🥎'!$AK$1:$AK$118) -> 5246 Martin Luther King Jr Blvd Lynwood, CA 90262 | F6: =_xlfn.XLOOKUP(C6, '❄️ SD-WIN-SBALL 🥎'!$E$1:$E$118, '❄️ SD-WIN-SBALL 🥎'!$M$1:$M$118) -> Chris | G6: =_xlfn.XLOOKUP(C6, '❄️ SD-WIN-SBALL 🥎'!$E$1:$E$118, '❄️ SD-WIN-SBALL 🥎'!$N$1:$N$118) -> Alcorta | H6: =_xlfn.XLOOKUP(C6, '❄️ SD-WIN-SBALL 🥎'!$E$1:$E$118, '❄️ SD-WIN-SBALL 🥎'!$K$1:$K$118) -> calcorta1@yahoo.com | I6: =IF(_xlfn.XLOOKUP(C6, '❄️ SD-WIN-SBALL 🥎'!$E$1:$E$118, '❄️ SD-WIN-SBALL 🥎'!$AA$1:$AA$118)=0, "TBD", _xlfn.XLOOKUP(C6, '❄️ SD-WIN-SBALL 🥎'!$E$1:$E$118, '❄️ SD-WIN-SBALL 🥎'!$AA$1:$AA$118)) -> Sundays: Jan. 11, 18, 25; Feb. 1 | J6: =IF(_xlfn.XLOOKUP(C6, '❄️ SD-WIN-SBALL 🥎'!$E$1:$E$118, '❄️ SD-WIN-SBALL 🥎'!$AB$1:$AB$118)=0, "TBD", _xlfn.XLOOKUP(C6, '❄️ SD-WIN-SBALL 🥎'!$E$1:$E$118, '❄️ SD-WIN-SBALL 🥎'!$AB$1:$AB$118)) -> Noon-4:30pm | L6: TRUE | M6: TRUE | N6: TRUE | O6: FALSE | P6: TRUE | Q6: TRUE | R6: TRUE | S6: TRUE | T6: FALSE | U6: TRUE | V6: TRUE | W6: TRUE | X6: TRUE | Y6: FALSE | Z6: FALSE | AA6: FALSE | AB6: FALSE | AC6: FALSE
A7: =_xlfn.XLOOKUP(C7, '❄️ SD-WIN-SBALL 🥎'!$E$1:$E$118, '❄️ SD-WIN-SBALL 🥎'!$A$1:$A$118) -> A-NEW | B7: =_xlfn.XLOOKUP(C7, '❄️ SD-WIN-SBALL 🥎'!$E$1:$E$118, '❄️ SD-WIN-SBALL 🥎'!$D$1:$D$118) -> USBDSCS | C7: Sand Creek HS | D7: =IF(_xlfn.XLOOKUP(C7, '❄️ SD-WIN-SBALL 🥎'!$E$1:$E$118, '❄️ SD-WIN-SBALL 🥎'!$F$1:$F$118)=0, " ", _xlfn.XLOOKUP(C7, '❄️ SD-WIN-SBALL 🥎'!$E$1:$E$118, '❄️ SD-WIN-SBALL 🥎'!$F$1:$F$118)) | E7: =_xlfn.XLOOKUP(C7, '❄️ SD-WIN-SBALL 🥎'!$E$1:$E$118, '❄️ SD-WIN-SBALL 🥎'!$AK$1:$AK$118) -> 7005 N Carefree Cir. Colorado Springs, CO 80922 | F7: =_xlfn.XLOOKUP(C7, '❄️ SD-WIN-SBALL 🥎'!$E$1:$E$118, '❄️ SD-WIN-SBALL 🥎'!$M$1:$M$118) -> Tyler | G7: =_xlfn.XLOOKUP(C7, '❄️ SD-WIN-SBALL 🥎'!$E$1:$E$118, '❄️ SD-WIN-SBALL 🥎'!$N$1:$N$118) -> Daly | H7: =_xlfn.XLOOKUP(C7, '❄️ SD-WIN-SBALL 🥎'!$E$1:$E$118, '❄️ SD-WIN-SBALL 🥎'!$K$1:$K$118) -> Dalyfitness@ymail.com | I7: =IF(_xlfn.XLOOKUP(C7, '❄️ SD-WIN-SBALL 🥎'!$E$1:$E$118, '❄️ SD-WIN-SBALL 🥎'!$AA$1:$AA$118)=0, "TBD", _xlfn.XLOOKUP(C7, '❄️ SD-WIN-SBALL 🥎'!$E$1:$E$118, '❄️ SD-WIN-SBALL 🥎'!$AA$1:$AA$118)) -> Sundays: Jan. 11, 18, 25; Feb. 1 | J7: =IF(_xlfn.XLOOKUP(C7, '❄️ SD-WIN-SBALL 🥎'!$E$1:$E$118, '❄️ SD-WIN-SBALL 🥎'!$AB$1:$AB$118)=0, "TBD", _xlfn.XLOOKUP(C7, '❄️ SD-WIN-SBALL 🥎'!$E$1:$E$118, '❄️ SD-WIN-SBALL 🥎'!$AB$1:$AB$118)) -> 9am-1:30pm | L7: TRUE | M7: TRUE | N7: TRUE | O7: FALSE | P7: TRUE | Q7: TRUE | R7: TRUE | S7: TRUE | T7: FALSE | U7: FALSE | V7: TRUE | W7: TRUE | X7: TRUE | Y7: FALSE | Z7: FALSE | AA7: FALSE | AB7: FALSE | AC7: FALSE
A8: =_xlfn.XLOOKUP(C8, '❄️ SD-WIN-SBALL 🥎'!$E$1:$E$118, '❄️ SD-WIN-SBALL 🥎'!$A$1:$A$118) -> B-RET | B8: =_xlfn.XLOOKUP(C8, '❄️ SD-WIN-SBALL 🥎'!$E$1:$E$118, '❄️ SD-WIN-SBALL 🥎'!$D$1:$D$118) -> USBDCSHS | C8: Chippewa Senior HS | D8: =IF(_xlfn.XLOOKUP(C8, '❄️ SD-WIN-SBALL 🥎'!$E$1:$E$118, '❄️ SD-WIN-SBALL 🥎'!$F$1:$F$118)=0, " ", _xlfn.XLOOKUP(C8, '❄️ SD-WIN-SBALL 🥎'!$E$1:$E$118, '❄️ SD-WIN-SBALL 🥎'!$F$1:$F$118)) -> Chippewa Intermediate School | E8: =_xlfn.XLOOKUP(C8, '❄️ SD-WIN-SBALL 🥎'!$E$1:$E$118, '❄️ SD-WIN-SBALL 🥎'!$AK$1:$AK$118) -> 100 Valley View Rd. Doylestown, OH 44230 | F8: =_xlfn.XLOOKUP(C8, '❄️ SD-WIN-SBALL 🥎'!$E$1:$E$118, '❄️ SD-WIN-SBALL 🥎'!$M$1:$M$118) -> Glenn | G8: =_xlfn.XLOOKUP(C8, '❄️ SD-WIN-SBALL 🥎'!$E$1:$E$118, '❄️ SD-WIN-SBALL 🥎'!$N$1:$N$118) -> Regan | H8: =_xlfn.XLOOKUP(C8, '❄️ SD-WIN-SBALL 🥎'!$E$1:$E$118, '❄️ SD-WIN-SBALL 🥎'!$K$1:$K$118) -> gregan@south-central.org | I8: =IF(_xlfn.XLOOKUP(C8, '❄️ SD-WIN-SBALL 🥎'!$E$1:$E$118, '❄️ SD-WIN-SBALL 🥎'!$AA$1:$AA$118)=0, "TBD", _xlfn.XLOOKUP(C8, '❄️ SD-WIN-SBALL 🥎'!$E$1:$E$118, '❄️ SD-WIN-SBALL 🥎'!$AA$1:$AA$118)) -> Sundays: Jan. 11, 18, 25 (PPD); Feb. 1, 8 (M/U) | J8: =IF(_xlfn.XLOOKUP(C8, '❄️ SD-WIN-SBALL 🥎'!$E$1:$E$118, '❄️ SD-WIN-SBALL 🥎'!$AB$1:$AB$118)=0, "TBD", _xlfn.XLOOKUP(C8, '❄️ SD-WIN-SBALL 🥎'!$E$1:$E$118, '❄️ SD-WIN-SBALL 🥎'!$AB$1:$AB$118)) -> 1pm-5:30pm | L8: TRUE | M8: TRUE | N8: TRUE | O8: FALSE | P8: FALSE | Q8: FALSE | R8: TRUE | S8: TRUE | T8: FALSE | U8: FALSE | V8: TRUE | W8: TRUE | X8: TRUE | Y8: FALSE | Z8: FALSE | AA8: FALSE | AB8: FALSE | AC8: FALSE
A9: =_xlfn.XLOOKUP(C9, '❄️ SD-WIN-SBALL 🥎'!$E$1:$E$118, '❄️ SD-WIN-SBALL 🥎'!$A$1:$A$118) -> B-RET | B9: =_xlfn.XLOOKUP(C9, '❄️ SD-WIN-SBALL 🥎'!$E$1:$E$118, '❄️ SD-WIN-SBALL 🥎'!$D$1:$D$118) -> USBDJCS | C9: Johnson Creek HS | D9: =IF(_xlfn.XLOOKUP(C9, '❄️ SD-WIN-SBALL 🥎'!$E$1:$E$118, '❄️ SD-WIN-SBALL 🥎'!$F$1:$F$118)=0, " ", _xlfn.XLOOKUP(C9, '❄️ SD-WIN-SBALL 🥎'!$E$1:$E$118, '❄️ SD-WIN-SBALL 🥎'!$F$1:$F$118)) | E9: =_xlfn.XLOOKUP(C9, '❄️ SD-WIN-SBALL 🥎'!$E$1:$E$118, '❄️ SD-WIN-SBALL 🥎'!$AK$1:$AK$118) -> 455 Atzalan St. Johnson Creek, WI 53038 | F9: =_xlfn.XLOOKUP(C9, '❄️ SD-WIN-SBALL 🥎'!$E$1:$E$118, '❄️ SD-WIN-SBALL 🥎'!$M$1:$M$118) -> Logan | G9: =_xlfn.XLOOKUP(C9, '❄️ SD-WIN-SBALL 🥎'!$E$1:$E$118, '❄️ SD-WIN-SBALL 🥎'!$N$1:$N$118) -> Peot | H9: =_xlfn.XLOOKUP(C9, '❄️ SD-WIN-SBALL 🥎'!$E$1:$E$118, '❄️ SD-WIN-SBALL 🥎'!$K$1:$K$118) -> loganpeot@johnsoncreekschools.org | I9: =IF(_xlfn.XLOOKUP(C9, '❄️ SD-WIN-SBALL 🥎'!$E$1:$E$118, '❄️ SD-WIN-SBALL 🥎'!$AA$1:$AA$118)=0, "TBD", _xlfn.XLOOKUP(C9, '❄️ SD-WIN-SBALL 🥎'!$E$1:$E$118, '❄️ SD-WIN-SBALL 🥎'!$AA$1:$AA$118)) -> Sundays: Jan. 11 (PPD), 18, 25; Feb. 1, 15 (M/U) | J9: =IF(_xlfn.XLOOKUP(C9, '❄️ SD-WIN-SBALL 🥎'!$E$1:$E$118, '❄️ SD-WIN-SBALL 🥎'!$AB$1:$AB$118)=0, "TBD", _xlfn.XLOOKUP(C9, '❄️ SD-WIN-SBALL 🥎'!$E$1:$E$118, '❄️ SD-WIN-SBALL 🥎'!$AB$1:$AB$118)) -> Noon-4:30pm | L9: TRUE | M9: TRUE | N9: TRUE | O9: FALSE | P9: FALSE | Q9: FALSE | R9: TRUE | S9: TRUE | T9: FALSE | U9: FALSE | V9: TRUE | W9: TRUE | X9: TRUE | Y9: FALSE | Z9: FALSE | AA9: FALSE | AB9: FALSE | AC9: FALSE
A10: =_xlfn.XLOOKUP(C10, '❄️ SD-WIN-SBALL 🥎'!$E$1:$E$118, '❄️ SD-WIN-SBALL 🥎'!$A$1:$A$118) -> B-RET | B10: =_xlfn.XLOOKUP(C10, '❄️ SD-WIN-SBALL 🥎'!$E$1:$E$118, '❄️ SD-WIN-SBALL 🥎'!$D$1:$D$118) -> USBDNHS | C10: North HS | D10: =IF(_xlfn.XLOOKUP(C10, '❄️ SD-WIN-SBALL 🥎'!$E$1:$E$118, '❄️ SD-WIN-SBALL 🥎'!$F$1:$F$118)=0, " ", _xlfn.XLOOKUP(C10, '❄️ SD-WIN-SBALL 🥎'!$E$1:$E$118, '❄️ SD-WIN-SBALL 🥎'!$F$1:$F$118)) | E10: =_xlfn.XLOOKUP(C10, '❄️ SD-WIN-SBALL 🥎'!$E$1:$E$118, '❄️ SD-WIN-SBALL 🥎'!$AK$1:$AK$118) -> 34050 Glen Dr. Eastlake, OH 44095 | F10: =_xlfn.XLOOKUP(C10, '❄️ SD-WIN-SBALL 🥎'!$E$1:$E$118, '❄️ SD-WIN-SBALL 🥎'!$M$1:$M$118) -> Mike | G10: =_xlfn.XLOOKUP(C10, '❄️ SD-WIN-SBALL 🥎'!$E$1:$E$118, '❄️ SD-WIN-SBALL 🥎'!$N$1:$N$118) -> Ferrari | H10: =_xlfn.XLOOKUP(C10, '❄️ SD-WIN-SBALL 🥎'!$E$1:$E$118, '❄️ SD-WIN-SBALL 🥎'!$K$1:$K$118) -> remof7@gmail.com | I10: =IF(_xlfn.XLOOKUP(C10, '❄️ SD-WIN-SBALL 🥎'!$E$1:$E$118, '❄️ SD-WIN-SBALL 🥎'!$AA$1:$AA$118)=0, "TBD", _xlfn.XLOOKUP(C10, '❄️ SD-WIN-SBALL 🥎'!$E$1:$E$118, '❄️ SD-WIN-SBALL 🥎'!$AA$1:$AA$118)) -> Sundays: Jan. 11, 18, 25(PPD); Feb. 1, 8 (M/U) | J10: =IF(_xlfn.XLOOKUP(C10, '❄️ SD-WIN-SBALL 🥎'!$E$1:$E$118, '❄️ SD-WIN-SBALL 🥎'!$AB$1:$AB$118)=0, "TBD", _xlfn.XLOOKUP(C10, '❄️ SD-WIN-SBALL 🥎'!$E$1:$E$118, '❄️ SD-WIN-SBALL 🥎'!$AB$1:$AB$118)) -> 9am-1:30pm | L10: TRUE | M10: TRUE | N10: TRUE | O10: FALSE | P10: FALSE | Q10: FALSE | R10: TRUE | S10: TRUE | T10: FALSE | U10: FALSE | V10: TRUE | W10: TRUE | X10: TRUE | Y10: FALSE | Z10: FALSE | AA10: FALSE | AB10: FALSE | AC10: FALSE
A11: =_xlfn.XLOOKUP(C11, '❄️ SD-WIN-SBALL 🥎'!$E$1:$E$118, '❄️ SD-WIN-SBALL 🥎'!$A$1:$A$118) -> B-RET | B11: =_xlfn.XLOOKUP(C11, '❄️ SD-WIN-SBALL 🥎'!$E$1:$E$118, '❄️ SD-WIN-SBALL 🥎'!$D$1:$D$118) -> USBDUPGS | C11: University of Pitt-Greensburg | D11: =IF(_xlfn.XLOOKUP(C11, '❄️ SD-WIN-SBALL 🥎'!$E$1:$E$118, '❄️ SD-WIN-SBALL 🥎'!$F$1:$F$118)=0, " ", _xlfn.XLOOKUP(C11, '❄️ SD-WIN-SBALL 🥎'!$E$1:$E$118, '❄️ SD-WIN-SBALL 🥎'!$F$1:$F$118)) | E11: =_xlfn.XLOOKUP(C11, '❄️ SD-WIN-SBALL 🥎'!$E$1:$E$118, '❄️ SD-WIN-SBALL 🥎'!$AK$1:$AK$118) -> 150 Finoli Dr. Greensburg, PA 15601 | F11: =_xlfn.XLOOKUP(C11, '❄️ SD-WIN-SBALL 🥎'!$E$1:$E$118, '❄️ SD-WIN-SBALL 🥎'!$M$1:$M$118) -> Chuck | G11: =_xlfn.XLOOKUP(C11, '❄️ SD-WIN-SBALL 🥎'!$E$1:$E$118, '❄️ SD-WIN-SBALL 🥎'!$N$1:$N$118) -> Myers | H11: =_xlfn.XLOOKUP(C11, '❄️ SD-WIN-SBALL 🥎'!$E$1:$E$118, '❄️ SD-WIN-SBALL 🥎'!$K$1:$K$118) -> chm143@pitt.edu | I11: =IF(_xlfn.XLOOKUP(C11, '❄️ SD-WIN-SBALL 🥎'!$E$1:$E$118, '❄️ SD-WIN-SBALL 🥎'!$AA$1:$AA$118)=0, "TBD", _xlfn.XLOOKUP(C11, '❄️ SD-WIN-SBALL 🥎'!$E$1:$E$118, '❄️ SD-WIN-SBALL 🥎'!$AA$1:$AA$118)) -> Sundays: Jan. 11, 18, 25 (PPD); Feb. 1, 15 (M/U) | J11: =IF(_xlfn.XLOOKUP(C11, '❄️ SD-WIN-SBALL 🥎'!$E$1:$E$118, '❄️ SD-WIN-SBALL 🥎'!$AB$1:$AB$118)=0, "TBD", _xlfn.XLOOKUP(C11, '❄️ SD-WIN-SBALL 🥎'!$E$1:$E$118, '❄️ SD-WIN-SBALL 🥎'!$AB$1:$AB$118)) -> 3pm-7:30pm | L11: TRUE | M11: TRUE | N11: TRUE | O11: FALSE | P11: FALSE | Q11: FALSE | R11: TRUE | S11: TRUE | T11: FALSE | U11: FALSE | V11: TRUE | W11: TRUE | X11: TRUE | Y11: FALSE | Z11: FALSE | AA11: FALSE | AB11: FALSE | AC11: FALSE
A12: =_xlfn.XLOOKUP(C12, '❄️ SD-WIN-SBALL 🥎'!$E$1:$E$118, '❄️ SD-WIN-SBALL 🥎'!$A$1:$A$118) -> B-RET | B12: =_xlfn.XLOOKUP(C12, '❄️ SD-WIN-SBALL 🥎'!$E$1:$E$118, '❄️ SD-WIN-SBALL 🥎'!$D$1:$D$118) -> USBDUSAS | C12: USSA Alabaster | D12: =IF(_xlfn.XLOOKUP(C12, '❄️ SD-WIN-SBALL 🥎'!$E$1:$E$118, '❄️ SD-WIN-SBALL 🥎'!$F$1:$F$118)=0, " ", _xlfn.XLOOKUP(C12, '❄️ SD-WIN-SBALL 🥎'!$E$1:$E$118, '❄️ SD-WIN-SBALL 🥎'!$F$1:$F$118)) -> Thompson Middle School | E12: =_xlfn.XLOOKUP(C12, '❄️ SD-WIN-SBALL 🥎'!$E$1:$E$118, '❄️ SD-WIN-SBALL 🥎'!$AK$1:$AK$118) -> 100 Warrior Dr. Alabaster, AL 35007 | F12: =_xlfn.XLOOKUP(C12, '❄️ SD-WIN-SBALL 🥎'!$E$1:$E$118, '❄️ SD-WIN-SBALL 🥎'!$M$1:$M$118) -> Tony | G12: =_xlfn.XLOOKUP(C12, '❄️ SD-WIN-SBALL 🥎'!$E$1:$E$118, '❄️ SD-WIN-SBALL 🥎'!$N$1:$N$118) -> Burden | H12: =_xlfn.XLOOKUP(C12, '❄️ SD-WIN-SBALL 🥎'!$E$1:$E$118, '❄️ SD-WIN-SBALL 🥎'!$K$1:$K$118) -> anthonyburden111@yahoo.com | I12: =IF(_xlfn.XLOOKUP(C12, '❄️ SD-WIN-SBALL 🥎'!$E$1:$E$118, '❄️ SD-WIN-SBALL 🥎'!$AA$1:$AA$118)=0, "TBD", _xlfn.XLOOKUP(C12, '❄️ SD-WIN-SBALL 🥎'!$E$1:$E$118, '❄️ SD-WIN-SBALL 🥎'!$AA$1:$AA$118)) -> Sundays: Jan. 11, 18, 25; Feb. 1 | J12: =IF(_xlfn.XLOOKUP(C12, '❄️ SD-WIN-SBALL 🥎'!$E$1:$E$118, '❄️ SD-WIN-SBALL 🥎'!$AB$1:$AB$118)=0, "TBD", _xlfn.XLOOKUP(C12, '❄️ SD-WIN-SBALL 🥎'!$E$1:$E$118, '❄️ SD-WIN-SBALL 🥎'!$AB$1:$AB$118)) -> Noon-4:30pm | L12: TRUE | M12: TRUE | N12: TRUE | O12: FALSE | P12: FALSE | Q12: FALSE | R12: TRUE | S12: TRUE | T12: FALSE | U12: FALSE | V12: TRUE | W12: TRUE | X12: TRUE | Y12: FALSE | Z12: FALSE | AA12: FALSE | AB12: FALSE | AC12: FALSE
A13: =_xlfn.XLOOKUP(C13, '❄️ SD-WIN-SBALL 🥎'!$E$1:$E$118, '❄️ SD-WIN-SBALL 🥎'!$A$1:$A$118) -> B-RET | B13: =_xlfn.XLOOKUP(C13, '❄️ SD-WIN-SBALL 🥎'!$E$1:$E$118, '❄️ SD-WIN-SBALL 🥎'!$D$1:$D$118) -> USBDCUS | C13: Capital University | D13: =IF(_xlfn.XLOOKUP(C13, '❄️ SD-WIN-SBALL 🥎'!$E$1:$E$118, '❄️ SD-WIN-SBALL 🥎'!$F$1:$F$118)=0, " ", _xlfn.XLOOKUP(C13, '❄️ SD-WIN-SBALL 🥎'!$E$1:$E$118, '❄️ SD-WIN-SBALL 🥎'!$F$1:$F$118)) -> The Capital Center | E13: =_xlfn.XLOOKUP(C13, '❄️ SD-WIN-SBALL 🥎'!$E$1:$E$118, '❄️ SD-WIN-SBALL 🥎'!$AK$1:$AK$118) -> 2360 E Mound St. Bexley, OH 43209 | F13: =_xlfn.XLOOKUP(C13, '❄️ SD-WIN-SBALL 🥎'!$E$1:$E$118, '❄️ SD-WIN-SBALL 🥎'!$M$1:$M$118) -> Anna | G13: =_xlfn.XLOOKUP(C13, '❄️ SD-WIN-SBALL 🥎'!$E$1:$E$118, '❄️ SD-WIN-SBALL 🥎'!$N$1:$N$118) -> Kirk-Hamilton | H13: =_xlfn.XLOOKUP(C13, '❄️ SD-WIN-SBALL 🥎'!$E$1:$E$118, '❄️ SD-WIN-SBALL 🥎'!$K$1:$K$118) -> akirk2@capital.edu, Bpope@capital.edu | I13: =IF(_xlfn.XLOOKUP(C13, '❄️ SD-WIN-SBALL 🥎'!$E$1:$E$118, '❄️ SD-WIN-SBALL 🥎'!$AA$1:$AA$118)=0, "TBD", _xlfn.XLOOKUP(C13, '❄️ SD-WIN-SBALL 🥎'!$E$1:$E$118, '❄️ SD-WIN-SBALL 🥎'!$AA$1:$AA$118)) -> Sundays: Jan. 11, 18; Feb. 1, 8 | J13: =IF(_xlfn.XLOOKUP(C13, '❄️ SD-WIN-SBALL 🥎'!$E$1:$E$118, '❄️ SD-WIN-SBALL 🥎'!$AB$1:$AB$118)=0, "TBD", _xlfn.XLOOKUP(C13, '❄️ SD-WIN-SBALL 🥎'!$E$1:$E$118, '❄️ SD-WIN-SBALL 🥎'!$AB$1:$AB$118)) -> 9am-Noon | L13: TRUE | M13: TRUE | N13: TRUE | O13: FALSE | P13: FALSE | Q13: FALSE | R13: TRUE | S13: TRUE | T13: FALSE | U13: FALSE | V13: TRUE | W13: TRUE | X13: TRUE | Y13: FALSE | Z13: FALSE | AA13: FALSE | AB13: FALSE | AC13: FALSE
... A36: =_xlfn.XLOOKUP(C36, '❄️ SD-WIN-SBALL 🥎'!$E$1:$E$118, '❄️ SD-WIN-SBALL 🥎'!$A$1:$A$118) -> A-NEW | B36: =_xlfn.XLOOKUP(C36, '❄️ SD-WIN-SBALL 🥎'!$E$1:$E$118, '❄️ SD-WIN-SBALL 🥎'!$D$1:$D$118) -> USBDSOS | C36: Sluggers of Ohio Inc. | D36: =IF(_xlfn.XLOOKUP(C36, '❄️ SD-WIN-SBALL 🥎'!$E$1:$E$118, '❄️ SD-WIN-SBALL 🥎'!$F$1:$F$118)=0, " ", _xlfn.XLOOKUP(C36, '❄️ SD-WIN-SBALL 🥎'!$E$1:$E$118, '❄️ SD-WIN-SBALL 🥎'!$F$1:$F$118)) | E36: =_xlfn.XLOOKUP(C36, '❄️ SD-WIN-SBALL 🥎'!$E$1:$E$118, '❄️ SD-WIN-SBALL 🥎'!$AK$1:$AK$118) -> 9862 South Ave. Youngstown, OH 44514 | F36: =_xlfn.XLOOKUP(C36, '❄️ SD-WIN-SBALL 🥎'!$E$1:$E$118, '❄️ SD-WIN-SBALL 🥎'!$M$1:$M$118) -> Bill | G36: =_xlfn.XLOOKUP(C36, '❄️ SD-WIN-SBALL 🥎'!$E$1:$E$118, '❄️ SD-WIN-SBALL 🥎'!$N$1:$N$118) -> Amero | H36: =_xlfn.XLOOKUP(C36, '❄️ SD-WIN-SBALL 🥎'!$E$1:$E$118, '❄️ SD-WIN-SBALL 🥎'!$K$1:$K$118) -> bill.amero@gmail.com | I36: =IF(_xlfn.XLOOKUP(C36, '❄️ SD-WIN-SBALL 🥎'!$E$1:$E$118, '❄️ SD-WIN-SBALL 🥎'!$AA$1:$AA$118)=0, "TBD", _xlfn.XLOOKUP(C36, '❄️ SD-WIN-SBALL 🥎'!$E$1:$E$118, '❄️ SD-WIN-SBALL 🥎'!$AA$1:$AA$118)) -> Saturdays: April 4, 11, 18, 25 | J36: =IF(_xlfn.XLOOKUP(C36, '❄️ SD-WIN-SBALL 🥎'!$E$1:$E$118, '❄️ SD-WIN-SBALL 🥎'!$AB$1:$AB$118)=0, "TBD", _xlfn.XLOOKUP(C36, '❄️ SD-WIN-SBALL 🥎'!$E$1:$E$118, '❄️ SD-WIN-SBALL 🥎'!$AB$1:$AB$118)) -> 9am-Noon | L36: TRUE | M36: TRUE | N36: TRUE | O36: FALSE | P36: TRUE | Q36: TRUE | R36: TRUE | S36: TRUE | T36: FALSE | U36: FALSE | V36: FALSE | W36: FALSE | X36: FALSE | Y36: FALSE | Z36: FALSE | AA36: FALSE | AB36: FALSE | AC36: FALSE
L37: FALSE | M37: FALSE | N37: FALSE | O37: FALSE | P37: FALSE | Q37: FALSE | R37: FALSE | S37: FALSE | T37: FALSE | U37: FALSE | V37: FALSE | W37: FALSE | X37: FALSE | Y37: FALSE | Z37: FALSE | AA37: FALSE | AB37: FALSE | AC37: FALSE
A38: =_xlfn.XLOOKUP(C38, '❄️ SD-WIN-SBALL 🥎'!$E$1:$E$118, '❄️ SD-WIN-SBALL 🥎'!$A$1:$A$118) -> #N/A | B38: =_xlfn.XLOOKUP(C38, '❄️ SD-WIN-SBALL 🥎'!$E$1:$E$118, '❄️ SD-WIN-SBALL 🥎'!$D$1:$D$118) -> #N/A | C38: Dallas Christian HS | D38: =IF(_xlfn.XLOOKUP(C38, '❄️ SD-WIN-SBALL 🥎'!$E$1:$E$118, '❄️ SD-WIN-SBALL 🥎'!$F$1:$F$118)=0, " ", _xlfn.XLOOKUP(C38, '❄️ SD-WIN-SBALL 🥎'!$E$1:$E$118, '❄️ SD-WIN-SBALL 🥎'!$F$1:$F$118)) -> #N/A | E38: =_xlfn.XLOOKUP(C38, '❄️ SD-WIN-SBALL 🥎'!$E$1:$E$118, '❄️ SD-WIN-SBALL 🥎'!$AK$1:$AK$118) -> #N/A | F38: =_xlfn.XLOOKUP(C38, '❄️ SD-WIN-SBALL 🥎'!$E$1:$E$118, '❄️ SD-WIN-SBALL 🥎'!$M$1:$M$118) -> #N/A | G38: =_xlfn.XLOOKUP(C38, '❄️ SD-WIN-SBALL 🥎'!$E$1:$E$118, '❄️ SD-WIN-SBALL 🥎'!$N$1:$N$118) -> #N/A | H38: =_xlfn.XLOOKUP(C38, '❄️ SD-WIN-SBALL 🥎'!$E$1:$E$118, '❄️ SD-WIN-SBALL 🥎'!$K$1:$K$118) -> #N/A | I38: =IF(_xlfn.XLOOKUP(C38, '❄️ SD-WIN-SBALL 🥎'!$E$1:$E$118, '❄️ SD-WIN-SBALL 🥎'!$AA$1:$AA$118)=0, "TBD", _xlfn.XLOOKUP(C38, '❄️ SD-WIN-SBALL 🥎'!$E$1:$E$118, '❄️ SD-WIN-SBALL 🥎'!$AA$1:$AA$118)) -> #N/A | J38: =IF(_xlfn.XLOOKUP(C38, '❄️ SD-WIN-SBALL 🥎'!$E$1:$E$118, '❄️ SD-WIN-SBALL 🥎'!$AB$1:$AB$118)=0, "TBD", _xlfn.XLOOKUP(C38, '❄️ SD-WIN-SBALL 🥎'!$E$1:$E$118, '❄️ SD-WIN-SBALL 🥎'!$AB$1:$AB$118)) -> #N/A | L38: FALSE | M38: FALSE | N38: FALSE | O38: FALSE | P38: FALSE | Q38: FALSE | R38: FALSE | S38: FALSE | T38: FALSE | U38: FALSE | V38: FALSE | W38: FALSE | X38: FALSE | Y38: FALSE | Z38: FALSE | AA38: FALSE | AB38: FALSE | AC38: FALSE
A39: =_xlfn.XLOOKUP(C39, '❄️ SD-WIN-SBALL 🥎'!$E$1:$E$118, '❄️ SD-WIN-SBALL 🥎'!$A$1:$A$118) -> Y-QUESTIONABLE | B39: =_xlfn.XLOOKUP(C39, '❄️ SD-WIN-SBALL 🥎'!$E$1:$E$118, '❄️ SD-WIN-SBALL 🥎'!$D$1:$D$118) -> USBDDPFS | C39: USSA Detroit | D39: =IF(_xlfn.XLOOKUP(C39, '❄️ SD-WIN-SBALL 🥎'!$E$1:$E$118, '❄️ SD-WIN-SBALL 🥎'!$F$1:$F$118)=0, " ", _xlfn.XLOOKUP(C39, '❄️ SD-WIN-SBALL 🥎'!$E$1:$E$118, '❄️ SD-WIN-SBALL 🥎'!$F$1:$F$118)) -> Dues Playfield | E39: =_xlfn.XLOOKUP(C39, '❄️ SD-WIN-SBALL 🥎'!$E$1:$E$118, '❄️ SD-WIN-SBALL 🥎'!$AK$1:$AK$118) -> 2201 Antietam Rd Detroit, MI 48207 | F39: =_xlfn.XLOOKUP(C39, '❄️ SD-WIN-SBALL 🥎'!$E$1:$E$118, '❄️ SD-WIN-SBALL 🥎'!$M$1:$M$118) -> Nicole | G39: =_xlfn.XLOOKUP(C39, '❄️ SD-WIN-SBALL 🥎'!$E$1:$E$118, '❄️ SD-WIN-SBALL 🥎'!$N$1:$N$118) -> Clancy | H39: =_xlfn.XLOOKUP(C39, '❄️ SD-WIN-SBALL 🥎'!$E$1:$E$118, '❄️ SD-WIN-SBALL 🥎'!$K$1:$K$118) -> nclancy@npfeschools.org | I39: =IF(_xlfn.XLOOKUP(C39, '❄️ SD-WIN-SBALL 🥎'!$E$1:$E$118, '❄️ SD-WIN-SBALL 🥎'!$AA$1:$AA$118)=0, "TBD", _xlfn.XLOOKUP(C39, '❄️ SD-WIN-SBALL 🥎'!$E$1:$E$118, '❄️ SD-WIN-SBALL 🥎'!$AA$1:$AA$118)) -> TBD | J39: =IF(_xlfn.XLOOKUP(C39, '❄️ SD-WIN-SBALL 🥎'!$E$1:$E$118, '❄️ SD-WIN-SBALL 🥎'!$AB$1:$AB$118)=0, "TBD", _xlfn.XLOOKUP(C39, '❄️ SD-WIN-SBALL 🥎'!$E$1:$E$118, '❄️ SD-WIN-SBALL 🥎'!$AB$1:$AB$118)) -> TBD | L39: FALSE | M39: FALSE | N39: FALSE | O39: FALSE | P39: FALSE | Q39: FALSE | R39: FALSE | S39: FALSE | T39: FALSE | U39: FALSE | V39: FALSE | W39: FALSE | X39: FALSE | Y39: FALSE | Z39: FALSE | AA39: FALSE | AB39: FALSE | AC39: FALSE
A41: =_xlfn.XLOOKUP(C41, '❄️ SD-WIN-SBALL 🥎'!$E$1:$E$118, '❄️ SD-WIN-SBALL 🥎'!$A$1:$A$118) -> Z-OUT-NOT RETURNING | B41: =_xlfn.XLOOKUP(C41, '❄️ SD-WIN-SBALL 🥎'!$E$1:$E$118, '❄️ SD-WIN-SBALL 🥎'!$D$1:$D$118) -> USBDCVYS | C41: Cedar Valley HS | D41: =IF(_xlfn.XLOOKUP(C41, '❄️ SD-WIN-SBALL 🥎'!$E$1:$E$118, '❄️ SD-WIN-SBALL 🥎'!$F$1:$F$118)=0, " ", _xlfn.XLOOKUP(C41, '❄️ SD-WIN-SBALL 🥎'!$E$1:$E$118, '❄️ SD-WIN-SBALL 🥎'!$F$1:$F$118)) | E41: =_xlfn.XLOOKUP(C41, '❄️ SD-WIN-SBALL 🥎'!$E$1:$E$118, '❄️ SD-WIN-SBALL 🥎'!$AK$1:$AK$118) -> 1389 Aviator Ave Eagle Mountain, UT 84005 | F41: =_xlfn.XLOOKUP(C41, '❄️ SD-WIN-SBALL 🥎'!$E$1:$E$118, '❄️ SD-WIN-SBALL 🥎'!$M$1:$M$118) -> Sam | G41: =_xlfn.XLOOKUP(C41, '❄️ SD-WIN-SBALL 🥎'!$E$1:$E$118, '❄️ SD-WIN-SBALL 🥎'!$N$1:$N$118) -> Vidal | H41: =_xlfn.XLOOKUP(C41, '❄️ SD-WIN-SBALL 🥎'!$E$1:$E$118, '❄️ SD-WIN-SBALL 🥎'!$K$1:$K$118) -> samuelvidal@alpinedistrict.org | I41: =IF(_xlfn.XLOOKUP(C41, '❄️ SD-WIN-SBALL 🥎'!$E$1:$E$118, '❄️ SD-WIN-SBALL 🥎'!$AA$1:$AA$118)=0, "TBD", _xlfn.XLOOKUP(C41, '❄️ SD-WIN-SBALL 🥎'!$E$1:$E$118, '❄️ SD-WIN-SBALL 🥎'!$AA$1:$AA$118)) -> TBD | J41: =IF(_xlfn.XLOOKUP(C41, '❄️ SD-WIN-SBALL 🥎'!$E$1:$E$118, '❄️ SD-WIN-SBALL 🥎'!$AB$1:$AB$118)=0, "TBD", _xlfn.XLOOKUP(C41, '❄️ SD-WIN-SBALL 🥎'!$E$1:$E$118, '❄️ SD-WIN-SBALL 🥎'!$AB$1:$AB$118)) -> TBD | L41: FALSE | M41: FALSE | N41: FALSE | O41: FALSE | P41: FALSE | Q41: FALSE | R41: FALSE | S41: FALSE | T41: FALSE | U41: FALSE | V41: FALSE | W41: FALSE | X41: FALSE | Y41: FALSE | Z41: FALSE | AA41: FALSE | AB41: FALSE | AC41: FALSE
A42: =_xlfn.XLOOKUP(C42, '❄️ SD-WIN-SBALL 🥎'!$E$1:$E$118, '❄️ SD-WIN-SBALL 🥎'!$A$1:$A$118) -> B-RET | B42: =_xlfn.XLOOKUP(C42, '❄️ SD-WIN-SBALL 🥎'!$E$1:$E$118, '❄️ SD-WIN-SBALL 🥎'!$D$1:$D$118) -> USBDMBCS | C42: Mt. Bethel Christian Academy | D42: =IF(_xlfn.XLOOKUP(C42, '❄️ SD-WIN-SBALL 🥎'!$E$1:$E$118, '❄️ SD-WIN-SBALL 🥎'!$F$1:$F$118)=0, " ", _xlfn.XLOOKUP(C42, '❄️ SD-WIN-SBALL 🥎'!$E$1:$E$118, '❄️ SD-WIN-SBALL 🥎'!$F$1:$F$118)) | E42: =_xlfn.XLOOKUP(C42, '❄️ SD-WIN-SBALL 🥎'!$E$1:$E$118, '❄️ SD-WIN-SBALL 🥎'!$AK$1:$AK$118) -> 2509 Post Oak Tritt Rd Marietta, GA 30062 | F42: =_xlfn.XLOOKUP(C42, '❄️ SD-WIN-SBALL 🥎'!$E$1:$E$118, '❄️ SD-WIN-SBALL 🥎'!$M$1:$M$118) -> Jason | G42: =_xlfn.XLOOKUP(C42, '❄️ SD-WIN-SBALL 🥎'!$E$1:$E$118, '❄️ SD-WIN-SBALL 🥎'!$N$1:$N$118) -> Eller | H42: =_xlfn.XLOOKUP(C42, '❄️ SD-WIN-SBALL 🥎'!$E$1:$E$118, '❄️ SD-WIN-SBALL 🥎'!$K$1:$K$118) -> coach9ball@gmail.com | I42: =IF(_xlfn.XLOOKUP(C42, '❄️ SD-WIN-SBALL 🥎'!$E$1:$E$118, '❄️ SD-WIN-SBALL 🥎'!$AA$1:$AA$118)=0, "TBD", _xlfn.XLOOKUP(C42, '❄️ SD-WIN-SBALL 🥎'!$E$1:$E$118, '❄️ SD-WIN-SBALL 🥎'!$AA$1:$AA$118)) -> Sundays: Feb. 22; March 1, 8 (PPD), 15, 22 (M/U) (PPD), 29 (M/U) | J42: =IF(_xlfn.XLOOKUP(C42, '❄️ SD-WIN-SBALL 🥎'!$E$1:$E$118, '❄️ SD-WIN-SBALL 🥎'!$AB$1:$AB$118)=0, "TBD", _xlfn.XLOOKUP(C42, '❄️ SD-WIN-SBALL 🥎'!$E$1:$E$118, '❄️ SD-WIN-SBALL 🥎'!$AB$1:$AB$118)) -> 1pm-5:30pm | L42: FALSE | M42: FALSE | N42: FALSE | O42: FALSE | P42: FALSE | Q42: FALSE | R42: FALSE | S42: FALSE | T42: FALSE | U42: FALSE | V42: FALSE | W42: FALSE | X42: FALSE | Y42: FALSE | Z42: FALSE | AA42: FALSE | AB42: FALSE | AC42: FALSE
A43: =_xlfn.XLOOKUP(C43, '❄️ SD-WIN-SBALL 🥎'!$E$1:$E$118, '❄️ SD-WIN-SBALL 🥎'!$A$1:$A$118) -> #N/A | B43: =_xlfn.XLOOKUP(C43, '❄️ SD-WIN-SBALL 🥎'!$E$1:$E$118, '❄️ SD-WIN-SBALL 🥎'!$D$1:$D$118) -> #N/A | C43: Flushing HS-Not coaching | D43: =IF(_xlfn.XLOOKUP(C43, '❄️ SD-WIN-SBALL 🥎'!$E$1:$E$118, '❄️ SD-WIN-SBALL 🥎'!$F$1:$F$118)=0, " ", _xlfn.XLOOKUP(C43, '❄️ SD-WIN-SBALL 🥎'!$E$1:$E$118, '❄️ SD-WIN-SBALL 🥎'!$F$1:$F$118)) -> #N/A | E43: =_xlfn.XLOOKUP(C43, '❄️ SD-WIN-SBALL 🥎'!$E$1:$E$118, '❄️ SD-WIN-SBALL 🥎'!$AK$1:$AK$118) -> #N/A | F43: =_xlfn.XLOOKUP(C43, '❄️ SD-WIN-SBALL 🥎'!$E$1:$E$118, '❄️ SD-WIN-SBALL 🥎'!$M$1:$M$118) -> #N/A | G43: =_xlfn.XLOOKUP(C43, '❄️ SD-WIN-SBALL 🥎'!$E$1:$E$118, '❄️ SD-WIN-SBALL 🥎'!$N$1:$N$118) -> #N/A | H43: =_xlfn.XLOOKUP(C43, '❄️ SD-WIN-SBALL 🥎'!$E$1:$E$118, '❄️ SD-WIN-SBALL 🥎'!$K$1:$K$118) -> #N/A | I43: =IF(_xlfn.XLOOKUP(C43, '❄️ SD-WIN-SBALL 🥎'!$E$1:$E$118, '❄️ SD-WIN-SBALL 🥎'!$AA$1:$AA$118)=0, "TBD", _xlfn.XLOOKUP(C43, '❄️ SD-WIN-SBALL 🥎'!$E$1:$E$118, '❄️ SD-WIN-SBALL 🥎'!$AA$1:$AA$118)) -> #N/A | J43: =IF(_xlfn.XLOOKUP(C43, '❄️ SD-WIN-SBALL 🥎'!$E$1:$E$118, '❄️ SD-WIN-SBALL 🥎'!$AB$1:$AB$118)=0, "TBD", _xlfn.XLOOKUP(C43, '❄️ SD-WIN-SBALL 🥎'!$E$1:$E$118, '❄️ SD-WIN-SBALL 🥎'!$AB$1:$AB$118)) -> #N/A | L43: FALSE | M43: FALSE | N43: FALSE | O43: FALSE | P43: FALSE | Q43: FALSE | R43: FALSE | S43: FALSE | T43: FALSE | U43: FALSE | V43: FALSE | W43: FALSE | X43: FALSE | Y43: FALSE | Z43: FALSE | AA43: FALSE | AB43: FALSE | AC43: FALSE
A44: =_xlfn.XLOOKUP(C44, '❄️ SD-WIN-SBALL 🥎'!$E$1:$E$118, '❄️ SD-WIN-SBALL 🥎'!$A$1:$A$118) -> Z-OUT-NOT RETURNING | B44: =_xlfn.XLOOKUP(C44, '❄️ SD-WIN-SBALL 🥎'!$E$1:$E$118, '❄️ SD-WIN-SBALL 🥎'!$D$1:$D$118) -> USBDDLS | C44: DeLaSalle HS | D44: =IF(_xlfn.XLOOKUP(C44, '❄️ SD-WIN-SBALL 🥎'!$E$1:$E$118, '❄️ SD-WIN-SBALL 🥎'!$F$1:$F$118)=0, " ", _xlfn.XLOOKUP(C44, '❄️ SD-WIN-SBALL 🥎'!$E$1:$E$118, '❄️ SD-WIN-SBALL 🥎'!$F$1:$F$118)) | E44: =_xlfn.XLOOKUP(C44, '❄️ SD-WIN-SBALL 🥎'!$E$1:$E$118, '❄️ SD-WIN-SBALL 🥎'!$AK$1:$AK$118) -> One DeLaSalle Drive Minneapolis, MN 55401 | F44: =_xlfn.XLOOKUP(C44, '❄️ SD-WIN-SBALL 🥎'!$E$1:$E$118, '❄️ SD-WIN-SBALL 🥎'!$M$1:$M$118) -> Tom | G44: =_xlfn.XLOOKUP(C44, '❄️ SD-WIN-SBALL 🥎'!$E$1:$E$118, '❄️ SD-WIN-SBALL 🥎'!$N$1:$N$118) -> Heinecke | H44: =_xlfn.XLOOKUP(C44, '❄️ SD-WIN-SBALL 🥎'!$E$1:$E$118, '❄️ SD-WIN-SBALL 🥎'!$K$1:$K$118) -> tom.heinecke@delasalle.com | I44: =IF(_xlfn.XLOOKUP(C44, '❄️ SD-WIN-SBALL 🥎'!$E$1:$E$118, '❄️ SD-WIN-SBALL 🥎'!$AA$1:$AA$118)=0, "TBD", _xlfn.XLOOKUP(C44, '❄️ SD-WIN-SBALL 🥎'!$E$1:$E$118, '❄️ SD-WIN-SBALL 🥎'!$AA$1:$AA$118)) -> TBD | J44: =IF(_xlfn.XLOOKUP(C44, '❄️ SD-WIN-SBALL 🥎'!$E$1:$E$118, '❄️ SD-WIN-SBALL 🥎'!$AB$1:$AB$118)=0, "TBD", _xlfn.XLOOKUP(C44, '❄️ SD-WIN-SBALL 🥎'!$E$1:$E$118, '❄️ SD-WIN-SBALL 🥎'!$AB$1:$AB$118)) -> TBD | L44: FALSE | M44: FALSE | N44: FALSE | O44: FALSE | P44: FALSE | Q44: FALSE | R44: FALSE | S44: FALSE | T44: FALSE | U44: FALSE | V44: FALSE | W44: FALSE | X44: FALSE | Y44: FALSE | Z44: FALSE | AA44: FALSE | AB44: FALSE | AC44: FALSE
A45: =_xlfn.XLOOKUP(C45, '❄️ SD-WIN-SBALL 🥎'!$E$1:$E$118, '❄️ SD-WIN-SBALL 🥎'!$A$1:$A$118) -> Z-OUT-LOW ENROLLMENT | B45: =_xlfn.XLOOKUP(C45, '❄️ SD-WIN-SBALL 🥎'!$E$1:$E$118, '❄️ SD-WIN-SBALL 🥎'!$D$1:$D$118) -> USBDRIDS | C45: Ridgeland HS | D45: =IF(_xlfn.XLOOKUP(C45, '❄️ SD-WIN-SBALL 🥎'!$E$1:$E$118, '❄️ SD-WIN-SBALL 🥎'!$F$1:$F$118)=0, " ", _xlfn.XLOOKUP(C45, '❄️ SD-WIN-SBALL 🥎'!$E$1:$E$118, '❄️ SD-WIN-SBALL 🥎'!$F$1:$F$118)) | E45: =_xlfn.XLOOKUP(C45, '❄️ SD-WIN-SBALL 🥎'!$E$1:$E$118, '❄️ SD-WIN-SBALL 🥎'!$AK$1:$AK$118) -> 586 Sunnybrook Rd. Ridgeland, MS 39157 | F45: =_xlfn.XLOOKUP(C45, '❄️ SD-WIN-SBALL 🥎'!$E$1:$E$118, '❄️ SD-WIN-SBALL 🥎'!$M$1:$M$118) -> Nick | G45: =_xlfn.XLOOKUP(C45, '❄️ SD-WIN-SBALL 🥎'!$E$1:$E$118, '❄️ SD-WIN-SBALL 🥎'!$N$1:$N$118) -> Cadle | H45: =_xlfn.XLOOKUP(C45, '❄️ SD-WIN-SBALL 🥎'!$E$1:$E$118, '❄️ SD-WIN-SBALL 🥎'!$K$1:$K$118) -> ncadle005@gmail.com | I45: =IF(_xlfn.XLOOKUP(C45, '❄️ SD-WIN-SBALL 🥎'!$E$1:$E$118, '❄️ SD-WIN-SBALL 🥎'!$AA$1:$AA$118)=0, "TBD", _xlfn.XLOOKUP(C45, '❄️ SD-WIN-SBALL 🥎'!$E$1:$E$118, '❄️ SD-WIN-SBALL 🥎'!$AA$1:$AA$118)) -> Sundays: Jan. 4, 11, 18, 25 | J45: =IF(_xlfn.XLOOKUP(C45, '❄️ SD-WIN-SBALL 🥎'!$E$1:$E$118, '❄️ SD-WIN-SBALL 🥎'!$AB$1:$AB$118)=0, "TBD", _xlfn.XLOOKUP(C45, '❄️ SD-WIN-SBALL 🥎'!$E$1:$E$118, '❄️ SD-WIN-SBALL 🥎'!$AB$1:$AB$118)) -> Noon-4:30pm | L45: TRUE | M45: TRUE | N45: TRUE | O45: FALSE | P45: FALSE | Q45: FALSE | R45: TRUE | S45: TRUE | T45: FALSE | U45: FALSE | V45: TRUE | W45: TRUE | X45: TRUE | Y45: FALSE | Z45: FALSE | AA45: FALSE | AB45: FALSE | AC45: FALSE
A46: =_xlfn.XLOOKUP(C46, '❄️ SD-WIN-SBALL 🥎'!$E$1:$E$118, '❄️ SD-WIN-SBALL 🥎'!$A$1:$A$118) -> Z-OUT-LOW ENROLLMENT | B46: =_xlfn.XLOOKUP(C46, '❄️ SD-WIN-SBALL 🥎'!$E$1:$E$118, '❄️ SD-WIN-SBALL 🥎'!$D$1:$D$118) -> USBDWCHS | C46: USSA Columbus | D46: =IF(_xlfn.XLOOKUP(C46, '❄️ SD-WIN-SBALL 🥎'!$E$1:$E$118, '❄️ SD-WIN-SBALL 🥎'!$F$1:$F$118)=0, " ", _xlfn.XLOOKUP(C46, '❄️ SD-WIN-SBALL 🥎'!$E$1:$E$118, '❄️ SD-WIN-SBALL 🥎'!$F$1:$F$118)) -> Dugout Baseball Club | E46: =_xlfn.XLOOKUP(C46, '❄️ SD-WIN-SBALL 🥎'!$E$1:$E$118, '❄️ SD-WIN-SBALL 🥎'!$AK$1:$AK$118) -> 400 E. Wilson Bridge Rd. Columbus, OH 43085 | F46: =_xlfn.XLOOKUP(C46, '❄️ SD-WIN-SBALL 🥎'!$E$1:$E$118, '❄️ SD-WIN-SBALL 🥎'!$M$1:$M$118) -> Brian | G46: =_xlfn.XLOOKUP(C46, '❄️ SD-WIN-SBALL 🥎'!$E$1:$E$118, '❄️ SD-WIN-SBALL 🥎'!$N$1:$N$118) -> Mohr | H46: =_xlfn.XLOOKUP(C46, '❄️ SD-WIN-SBALL 🥎'!$E$1:$E$118, '❄️ SD-WIN-SBALL 🥎'!$K$1:$K$118) -> brian.j.mohr13@gmail.com | I46: =IF(_xlfn.XLOOKUP(C46, '❄️ SD-WIN-SBALL 🥎'!$E$1:$E$118, '❄️ SD-WIN-SBALL 🥎'!$AA$1:$AA$118)=0, "TBD", _xlfn.XLOOKUP(C46, '❄️ SD-WIN-SBALL 🥎'!$E$1:$E$118, '❄️ SD-WIN-SBALL 🥎'!$AA$1:$AA$118)) -> Monday/Tuesday: Dec. 22, 23, 29, 30 | J46: =IF(_xlfn.XLOOKUP(C46, '❄️ SD-WIN-SBALL 🥎'!$E$1:$E$118, '❄️ SD-WIN-SBALL 🥎'!$AB$1:$AB$118)=0, "TBD", _xlfn.XLOOKUP(C46, '❄️ SD-WIN-SBALL 🥎'!$E$1:$E$118, '❄️ SD-WIN-SBALL 🥎'!$AB$1:$AB$118)) -> 9am-3pm | L46: TRUE | M46: TRUE | N46: TRUE | O46: FALSE | P46: TRUE | Q46: TRUE | R46: TRUE | S46: TRUE | T46: FALSE | U46: FALSE | V46: FALSE | W46: FALSE | X46: FALSE | Y46: FALSE | Z46: FALSE | AA46: FALSE | AB46: FALSE | AC46: FALSE
A47: =_xlfn.XLOOKUP(C47, '❄️ SD-WIN-SBALL 🥎'!$E$1:$E$118, '❄️ SD-WIN-SBALL 🥎'!$A$1:$A$118) -> Z-OUT-NOT RETURNING | B47: =_xlfn.XLOOKUP(C47, '❄️ SD-WIN-SBALL 🥎'!$E$1:$E$118, '❄️ SD-WIN-SBALL 🥎'!$D$1:$D$118) -> USBDLLS | C47: USSA Tampa | D47: =IF(_xlfn.XLOOKUP(C47, '❄️ SD-WIN-SBALL 🥎'!$E$1:$E$118, '❄️ SD-WIN-SBALL 🥎'!$F$1:$F$118)=0, " ", _xlfn.XLOOKUP(C47, '❄️ SD-WIN-SBALL 🥎'!$E$1:$E$118, '❄️ SD-WIN-SBALL 🥎'!$F$1:$F$118)) -> Land O'Lakes HS | E47: =_xlfn.XLOOKUP(C47, '❄️ SD-WIN-SBALL 🥎'!$E$1:$E$118, '❄️ SD-WIN-SBALL 🥎'!$AK$1:$AK$118) -> 20325 Gator Lane Land O'Lakes, FL 34638 | F47: =_xlfn.XLOOKUP(C47, '❄️ SD-WIN-SBALL 🥎'!$E$1:$E$118, '❄️ SD-WIN-SBALL 🥎'!$M$1:$M$118) -> Mitch | G47: =_xlfn.XLOOKUP(C47, '❄️ SD-WIN-SBALL 🥎'!$E$1:$E$118, '❄️ SD-WIN-SBALL 🥎'!$N$1:$N$118) -> Wilkins | H47: =_xlfn.XLOOKUP(C47, '❄️ SD-WIN-SBALL 🥎'!$E$1:$E$118, '❄️ SD-WIN-SBALL 🥎'!$K$1:$K$118) -> mwilkins@pasco.k12.fl.us | I47: =IF(_xlfn.XLOOKUP(C47, '❄️ SD-WIN-SBALL 🥎'!$E$1:$E$118, '❄️ SD-WIN-SBALL 🥎'!$AA$1:$AA$118)=0, "TBD", _xlfn.XLOOKUP(C47, '❄️ SD-WIN-SBALL 🥎'!$E$1:$E$118, '❄️ SD-WIN-SBALL 🥎'!$AA$1:$AA$118)) -> TBD | J47: =IF(_xlfn.XLOOKUP(C47, '❄️ SD-WIN-SBALL 🥎'!$E$1:$E$118, '❄️ SD-WIN-SBALL 🥎'!$AB$1:$AB$118)=0, "TBD", _xlfn.XLOOKUP(C47, '❄️ SD-WIN-SBALL 🥎'!$E$1:$E$118, '❄️ SD-WIN-SBALL 🥎'!$AB$1:$AB$118)) -> TBD | L47: FALSE | M47: FALSE | N47: FALSE | O47: FALSE | P47: FALSE | Q47: FALSE | R47: FALSE | S47: FALSE | T47: FALSE | U47: FALSE | V47: FALSE | W47: FALSE | X47: FALSE | Y47: FALSE | Z47: FALSE | AA47: FALSE | AB47: FALSE | AC47: FALSE
A48: =_xlfn.XLOOKUP(C48, '❄️ SD-WIN-SBALL 🥎'!$E$1:$E$118, '❄️ SD-WIN-SBALL 🥎'!$A$1:$A$118) -> Z-OUT-NOT RETURNING | B48: =_xlfn.XLOOKUP(C48, '❄️ SD-WIN-SBALL 🥎'!$E$1:$E$118, '❄️ SD-WIN-SBALL 🥎'!$D$1:$D$118) -> USBDVHS | C48: Versailles HS | D48: =IF(_xlfn.XLOOKUP(C48, '❄️ SD-WIN-SBALL 🥎'!$E$1:$E$118, '❄️ SD-WIN-SBALL 🥎'!$F$1:$F$118)=0, " ", _xlfn.XLOOKUP(C48, '❄️ SD-WIN-SBALL 🥎'!$E$1:$E$118, '❄️ SD-WIN-SBALL 🥎'!$F$1:$F$118)) | E48: =_xlfn.XLOOKUP(C48, '❄️ SD-WIN-SBALL 🥎'!$E$1:$E$118, '❄️ SD-WIN-SBALL 🥎'!$AK$1:$AK$118) -> 913 W Newton St. Versailles, MO 65084 | F48: =_xlfn.XLOOKUP(C48, '❄️ SD-WIN-SBALL 🥎'!$E$1:$E$118, '❄️ SD-WIN-SBALL 🥎'!$M$1:$M$118) -> Dabecka | G48: =_xlfn.XLOOKUP(C48, '❄️ SD-WIN-SBALL 🥎'!$E$1:$E$118, '❄️ SD-WIN-SBALL 🥎'!$N$1:$N$118) -> Kirk | H48: =_xlfn.XLOOKUP(C48, '❄️ SD-WIN-SBALL 🥎'!$E$1:$E$118, '❄️ SD-WIN-SBALL 🥎'!$K$1:$K$118) -> kirkd@versaillestigers.org | I48: =IF(_xlfn.XLOOKUP(C48, '❄️ SD-WIN-SBALL 🥎'!$E$1:$E$118, '❄️ SD-WIN-SBALL 🥎'!$AA$1:$AA$118)=0, "TBD", _xlfn.XLOOKUP(C48, '❄️ SD-WIN-SBALL 🥎'!$E$1:$E$118, '❄️ SD-WIN-SBALL 🥎'!$AA$1:$AA$118)) -> TBD | J48: =IF(_xlfn.XLOOKUP(C48, '❄️ SD-WIN-SBALL 🥎'!$E$1:$E$118, '❄️ SD-WIN-SBALL 🥎'!$AB$1:$AB$118)=0, "TBD", _xlfn.XLOOKUP(C48, '❄️ SD-WIN-SBALL 🥎'!$E$1:$E$118, '❄️ SD-WIN-SBALL 🥎'!$AB$1:$AB$118)) -> TBD | L48: FALSE | M48: FALSE | N48: FALSE | O48: FALSE | P48: FALSE | Q48: FALSE | R48: FALSE | S48: FALSE | T48: FALSE | U48: FALSE | V48: FALSE | W48: FALSE | X48: FALSE | Y48: FALSE | Z48: FALSE | AA48: FALSE | AB48: FALSE | AC48: FALSE
A49: =_xlfn.XLOOKUP(C49, '❄️ SD-WIN-SBALL 🥎'!$E$1:$E$118, '❄️ SD-WIN-SBALL 🥎'!$A$1:$A$118) -> Z-OUT-LOW ENROLLMENT | B49: =_xlfn.XLOOKUP(C49, '❄️ SD-WIN-SBALL 🥎'!$E$1:$E$118, '❄️ SD-WIN-SBALL 🥎'!$D$1:$D$118) -> USBDSJAS | C49: USSA St. Augustine | D49: =IF(_xlfn.XLOOKUP(C49, '❄️ SD-WIN-SBALL 🥎'!$E$1:$E$118, '❄️ SD-WIN-SBALL 🥎'!$F$1:$F$118)=0, " ", _xlfn.XLOOKUP(C49, '❄️ SD-WIN-SBALL 🥎'!$E$1:$E$118, '❄️ SD-WIN-SBALL 🥎'!$F$1:$F$118)) -> Saint Joseph Academy Softball Field | E49: =_xlfn.XLOOKUP(C49, '❄️ SD-WIN-SBALL 🥎'!$E$1:$E$118, '❄️ SD-WIN-SBALL 🥎'!$AK$1:$AK$118) -> 1082 S Whitney St. St. Augustine, FL 32084 | F49: =_xlfn.XLOOKUP(C49, '❄️ SD-WIN-SBALL 🥎'!$E$1:$E$118, '❄️ SD-WIN-SBALL 🥎'!$M$1:$M$118) -> Michael | G49: =_xlfn.XLOOKUP(C49, '❄️ SD-WIN-SBALL 🥎'!$E$1:$E$118, '❄️ SD-WIN-SBALL 🥎'!$N$1:$N$118) -> Norquist | H49: =_xlfn.XLOOKUP(C49, '❄️ SD-WIN-SBALL 🥎'!$E$1:$E$118, '❄️ SD-WIN-SBALL 🥎'!$K$1:$K$118) -> mnorquist1980@gmail.com | I49: =IF(_xlfn.XLOOKUP(C49, '❄️ SD-WIN-SBALL 🥎'!$E$1:$E$118, '❄️ SD-WIN-SBALL 🥎'!$AA$1:$AA$118)=0, "TBD", _xlfn.XLOOKUP(C49, '❄️ SD-WIN-SBALL 🥎'!$E$1:$E$118, '❄️ SD-WIN-SBALL 🥎'!$AA$1:$AA$118)) -> Sundays: Feb. 15, 22; March 1, 8 | J49: =IF(_xlfn.XLOOKUP(C49, '❄️ SD-WIN-SBALL 🥎'!$E$1:$E$118, '❄️ SD-WIN-SBALL 🥎'!$AB$1:$AB$118)=0, "TBD", _xlfn.XLOOKUP(C49, '❄️ SD-WIN-SBALL 🥎'!$E$1:$E$118, '❄️ SD-WIN-SBALL 🥎'!$AB$1:$AB$118)) -> Noon-4:30pm | L49: TRUE | M49: TRUE | N49: TRUE | O49: FALSE | P49: TRUE | Q49: FALSE | R49: TRUE | S49: TRUE | T49: FALSE | U49: FALSE | V49: FALSE | W49: FALSE | X49: FALSE | Y49: FALSE | Z49: FALSE | AA49: FALSE | AB49: FALSE | AC49: FALSE
A50: =_xlfn.XLOOKUP(C50, '❄️ SD-WIN-SBALL 🥎'!$E$1:$E$118, '❄️ SD-WIN-SBALL 🥎'!$A$1:$A$118) -> #N/A | B50: =_xlfn.XLOOKUP(C50, '❄️ SD-WIN-SBALL 🥎'!$E$1:$E$118, '❄️ SD-WIN-SBALL 🥎'!$D$1:$D$118) -> #N/A | C50: Apple Valley HS | D50: =IF(_xlfn.XLOOKUP(C50, '❄️ SD-WIN-SBALL 🥎'!$E$1:$E$118, '❄️ SD-WIN-SBALL 🥎'!$F$1:$F$118)=0, " ", _xlfn.XLOOKUP(C50, '❄️ SD-WIN-SBALL 🥎'!$E$1:$E$118, '❄️ SD-WIN-SBALL 🥎'!$F$1:$F$118)) -> #N/A | E50: =_xlfn.XLOOKUP(C50, '❄️ SD-WIN-SBALL 🥎'!$E$1:$E$118, '❄️ SD-WIN-SBALL 🥎'!$AK$1:$AK$118) -> #N/A | F50: =_xlfn.XLOOKUP(C50, '❄️ SD-WIN-SBALL 🥎'!$E$1:$E$118, '❄️ SD-WIN-SBALL 🥎'!$M$1:$M$118) -> #N/A | G50: =_xlfn.XLOOKUP(C50, '❄️ SD-WIN-SBALL 🥎'!$E$1:$E$118, '❄️ SD-WIN-SBALL 🥎'!$N$1:$N$118) -> #N/A | H50: =_xlfn.XLOOKUP(C50, '❄️ SD-WIN-SBALL 🥎'!$E$1:$E$118, '❄️ SD-WIN-SBALL 🥎'!$K$1:$K$118) -> #N/A | I50: =IF(_xlfn.XLOOKUP(C50, '❄️ SD-WIN-SBALL 🥎'!$E$1:$E$118, '❄️ SD-WIN-SBALL 🥎'!$AA$1:$AA$118)=0, "TBD", _xlfn.XLOOKUP(C50, '❄️ SD-WIN-SBALL 🥎'!$E$1:$E$118, '❄️ SD-WIN-SBALL 🥎'!$AA$1:$AA$118)) -> #N/A | J50: =IF(_xlfn.XLOOKUP(C50, '❄️ SD-WIN-SBALL 🥎'!$E$1:$E$118, '❄️ SD-WIN-SBALL 🥎'!$AB$1:$AB$118)=0, "TBD", _xlfn.XLOOKUP(C50, '❄️ SD-WIN-SBALL 🥎'!$E$1:$E$118, '❄️ SD-WIN-SBALL 🥎'!$AB$1:$AB$118)) -> #N/A | L50: FALSE | M50: FALSE | N50: FALSE | O50: FALSE | P50: FALSE | Q50: FALSE | R50: FALSE | S50: FALSE | T50: FALSE | U50: FALSE | V50: FALSE | W50: FALSE | X50: FALSE | Y50: FALSE | Z50: FALSE | AA50: FALSE | AB50: FALSE | AC50: FALSE
... A52: =_xlfn.XLOOKUP(C52, '❄️ SD-WIN-SBALL 🥎'!$E$1:$E$118, '❄️ SD-WIN-SBALL 🥎'!$A$1:$A$118) -> #N/A | B52: =_xlfn.XLOOKUP(C52, '❄️ SD-WIN-SBALL 🥎'!$E$1:$E$118, '❄️ SD-WIN-SBALL 🥎'!$D$1:$D$118) -> #N/A | C52: Proctor Softball Club | D52: =IF(_xlfn.XLOOKUP(C52, '❄️ SD-WIN-SBALL 🥎'!$E$1:$E$118, '❄️ SD-WIN-SBALL 🥎'!$F$1:$F$118)=0, " ", _xlfn.XLOOKUP(C52, '❄️ SD-WIN-SBALL 🥎'!$E$1:$E$118, '❄️ SD-WIN-SBALL 🥎'!$F$1:$F$118)) -> #N/A | E52: =_xlfn.XLOOKUP(C52, '❄️ SD-WIN-SBALL 🥎'!$E$1:$E$118, '❄️ SD-WIN-SBALL 🥎'!$AK$1:$AK$118) -> #N/A | F52: =_xlfn.XLOOKUP(C52, '❄️ SD-WIN-SBALL 🥎'!$E$1:$E$118, '❄️ SD-WIN-SBALL 🥎'!$M$1:$M$118) -> #N/A | G52: =_xlfn.XLOOKUP(C52, '❄️ SD-WIN-SBALL 🥎'!$E$1:$E$118, '❄️ SD-WIN-SBALL 🥎'!$N$1:$N$118) -> #N/A | H52: =_xlfn.XLOOKUP(C52, '❄️ SD-WIN-SBALL 🥎'!$E$1:$E$118, '❄️ SD-WIN-SBALL 🥎'!$K$1:$K$118) -> #N/A | I52: =IF(_xlfn.XLOOKUP(C52, '❄️ SD-WIN-SBALL 🥎'!$E$1:$E$118, '❄️ SD-WIN-SBALL 🥎'!$AA$1:$AA$118)=0, "TBD", _xlfn.XLOOKUP(C52, '❄️ SD-WIN-SBALL 🥎'!$E$1:$E$118, '❄️ SD-WIN-SBALL 🥎'!$AA$1:$AA$118)) -> #N/A | J52: =IF(_xlfn.XLOOKUP(C52, '❄️ SD-WIN-SBALL 🥎'!$E$1:$E$118, '❄️ SD-WIN-SBALL 🥎'!$AB$1:$AB$118)=0, "TBD", _xlfn.XLOOKUP(C52, '❄️ SD-WIN-SBALL 🥎'!$E$1:$E$118, '❄️ SD-WIN-SBALL 🥎'!$AB$1:$AB$118)) -> #N/A | L52: FALSE | M52: FALSE | N52: FALSE | O52: FALSE | P52: FALSE | Q52: FALSE | R52: FALSE | S52: FALSE | T52: FALSE | U52: FALSE | V52: FALSE | W52: FALSE | X52: FALSE | Y52: FALSE | Z52: FALSE | AA52: FALSE | AB52: FALSE | AC52: FALSE

Sheet ⭐ SD-SUM-BBALL ⚾
A1: STATUS | B1: NEW | C1: STATUS#2 | D1: FY25 | E1: Camp Code | F1: Camp Name | G1: HELD @ | H1: Site address | I1: Site city | J1: State | K1: Zip | L1: Primary Email | M1: 2ND SD EMAIL (DO NOT SEND DETAILS) | N1: First Name | O1: Last name | P1: Director address | Q1: Director city | R1: State | S1: Zip | T1: Home # | U1: Cell # | V1: Work # | W1: X | X1: START | Y1: END | Z1: COR. DATES | AA1: COR. TIMES | AB1: CFM DATES | AC1: CFM TIMES | AD1: X | AE1: MAX | AF1: Session Fee 1 | AG1: DP$ | AH1: X | AI1: USBA Landing Page | AJ1: UNQ | AK1: (+) Weeks | AL1: X | AN1: X | AO1: FB1 | AP1: FB2 | AQ1: X | AR1: 46151 | AS1: 46158 | AT1: 46165 | AU1: 46172 | AV1: 46179 | AW1: 45815 | AY1: 46186 | AZ1: 46187 | BB1: 46193 | BC1: 46200 | BD1: 46207 | BE1: 46214 | BF1: 46221 | BG1: 46228 | BH1: X
A2: A-NEW | B2: X | C2: A-NEW | E2: USBDAH | F2: USBA Athens | G2: Athens Sandlot Fields | H2: 398 W. State St. | I2: Athens | J2: OH | K2: 45701 | L2: tnuzum@athenscsd.org | N2: Todd | O2: Nuzum | P2: 11096 Lakepoint Dr | Q2: Glouster | R2: OH | S2: 45732 | U2: 740-591-6312 | X2: 727 | Y2: 730 | AB2: July 27-30 | AC2: 9am-3pm | AF2: 299 | AG2: 305 | AI2: https://usbaseballacademy.com/summer-baseball-camp-in-athens/ | AJ2: x | AM2: =H2&" "&I2&","&" "&J2&" "&K2 -> 398 W. State St. Athens, OH 45701 | AO2: X | AR2: 19 | AS2: 19 | AT2: 21 | AU2: 22 | AV2: 24 | AY2: 24 | BC2: 24 | BD2: 24
A3: B-RET | C3: C-2ND | D3: 19 | E3: USBDALL | F3: Alliance HS | H3: 400 Glamorgan St. | I3: Alliance | J3: OH | K3: 44601 | L3: grafficeje@alliancecityschools.org | N3: Jeff | O3: Graffice | P3: 1540 Northwood Ave | Q3: Alliance | R3: OH | S3: 44601 | U3: 330-581-3361 | X3: 615 | Y3: 618 | AB3: June 15-18 | AC3: 9am-3pm | AF3: 299 | AG3: 305 | AI3: https://usbaseballacademy.com/summer-baseball-camp-in-alliance/ | AM3: =H3&" "&I3&","&" "&J3&" "&K3 -> 400 Glamorgan St. Alliance, OH 44601 | AO3: X | AR3: 6 | AS3: 8 | AT3: 10 | AU3: 11 | AV3: 16 | AW3: 15 | AX3: =AV3/AW3-1 -> 0.066666667 | AY3: 18 | AZ3: 18 | BA3: =AY3/AZ3-1 -> 0 | BC3: 18 | BD3: 18
A4: B-RET | C4: C-2ND | D4: 42 | E4: USBDANP | F4: USBA Annapolis - Week 1 | G4: Harvest Bible Chapel | H4: 585 Old Oak Road | I4: Annapolis | J4: MD | K4: 21144 | L4: thorobreedworkouts@gmail.com | N4: Derek | O4: Dixon | U4: 410-946-7730 | X4: 629 | Y4: 702 | AB4: June 29-July 2 | AC4: 9am-3pm | AF4: 299 | AG4: 305 | AI4: https://usbaseballacademy.com/summer-baseball-camp-in-annapolis/ | AJ4: X | AM4: =H4&" "&I4&","&" "&J4&" "&K4 -> 585 Old Oak Road Annapolis, MD 21144 | AO4: X | AR4: 14 | AS4: 14 | AT4: 18 | AU4: 20 | AV4: 23 | AW4: 25 | AX4: =AV4/AW4-1 -> -0.08 | AY4: 28 | AZ4: 38 | BA4: =AY4/AZ4-1 -> -0.26315789 | BC4: 30 | BD4: 28
A5: B-RET | B5: X | C5: C-3RD | D5: 40 | E5: USBDANP | F5: USBA Annapolis - Week 2 | G5: Harvest Bible Chapel | H5: 585 Old Oak Road | I5: Annapolis | J5: MD | K5: 21144 | L5: thorobreedworkouts@gmail.com | N5: Derek | O5: Dixon | U5: 410-946-7730 | X5: 727 | Y5: 730 | AB5: July 27-30 | AC5: 9am-3pm | AF5: 299 | AG5: 305 | AI5: https://usbaseballacademy.com/summer-baseball-camp-in-annapolis/ | AJ5: X | AM5: =H5&" "&I5&","&" "&J5&" "&K5 -> 585 Old Oak Road Annapolis, MD 21144 | AO5: X | AR5: 5 | AS5: 8 | AT5: 13 | AU5: 18 | AV5: 26 | AW5: 21 | AX5: =AV5/AW5-1 -> 0.23809524 | AY5: 32 | AZ5: 27 | BA5: =AY5/AZ5-1 -> 0.18518519 | BC5: 35 | BD5: 34
A6: B-RET | C6: C-2ND | D6: 25 | E6: USBDARH | F6: Arcata HS | H6: 1720 M St | I6: Arcata | J6: CA | K6: 95521 | L6: tghisetti@nohum.k12.ca.us | N6: Troy | O6: Ghisetti | P6: 1251 Lonestar Dr | Q6: McKinleyville | R6: CA | S6: 95519 | T6: 707-839-1299 | U6: 707-845-4846 | V6: 707-825-2400 | X6: 615 | Y6: 618 | AB6: June 15-18 | AC6: 9am-3pm | AF6: 329 | AI6: https://usbaseballacademy.com/summer-baseball-camp-in-arcata/ | AM6: =H6&" "&I6&","&" "&J6&" "&K6 -> 1720 M St Arcata, CA 95521 | AO6: X | AR6: 11 | AS6: 14 | AT6: 19 | AU6: 20 | AV6: 23 | AW6: 21 | AX6: =AV6/AW6-1 -> 0.095238095 | AY6: 23 | AZ6: 24 | BA6: =AY6/AZ6-1 -> -0.041666667 | BC6: 23 | BD6: 23
A7: A-NEW | B7: X | C7: A-NEW | E7: USBDBAST | F7: Bastrop HS - Week 2 | H7: 1155 Lovers Lane | I7: Bastrop | J7: TX | K7: 78602 | L7: dcarrillo@bisdtx.org | N7: Daniel | O7: Carrillo | P7: 214 Flint Ridge St | Q7: Bastrop | R7: TX | S7: 78602 | U7: 432-934-4674 | X7: 727 | Y7: 730 | AB7: July 27-30 | AC7: 9am-3pm | AF7: 299 | AG7: 309 | AI7: https://usbaseballacademy.com/summer-baseball-camp-in-bastrop/ | AM7: =H7&" "&I7&","&" "&J7&" "&K7 -> 1155 Lovers Lane Bastrop, TX 78602 | AR7: 0 | AT7: 4 | AU7: 6 | AV7: 6 | AY7: 7 | BC7: 7 | BD7: 13
A8: A-NEW | B8: X | C8: A-NEW | E8: USBDBAX | F8: USBA Baxter- Week 1 | G8: Oscar Kristofferson Park | H8: 5672 Baxter Lions Rd. N. | I8: Baxter | J8: MN | K8: 56425 | L8: alex.haapajoki@minnesotanorth.edu | N8: Alex | O8: Haapajoki | U8: 218-839-7893 | X8: 615 | Y8: 618 | AB8: June 15-18 | AC8: 9am-3pm | AF8: 299 | AG8: 305 | AI8: https://usbaseballacademy.com/summer-baseball-camp-in-baxter/ | AJ8: x | AM8: =H8&" "&I8&","&" "&J8&" "&K8 -> 5672 Baxter Lions Rd. N. Baxter, MN 56425 | AO8: X | AR8: 8 | AS8: 8 | AT8: 11 | AU8: 11 | AV8: 11 | AY8: 11 | BC8: 11 | BD8: 11
A9: A-NEW | B9: X | C9: A-NEW | E9: USBDBAX | F9: USBA Baxter- Week 2 | G9: Oscar Kristofferson Park | H9: 5672 Baxter Lions Rd. N. | I9: Baxter | J9: MN | K9: 56425 | L9: alex.haapajoki@minnesotanorth.edu | N9: Alex | O9: Haapajoki | U9: 218-839-7893 | X9: 727 | Y9: 730 | AB9: July 27-30 | AC9: 9am-3pm | AF9: 299 | AG9: 305 | AI9: https://usbaseballacademy.com/summer-baseball-camp-in-baxter/ | AJ9: x | AM9: =H9&" "&I9&","&" "&J9&" "&K9 -> 5672 Baxter Lions Rd. N. Baxter, MN 56425 | AO9: X | AR9: 0 | AV9: 1 | AY9: 3 | BC9: 2 | BD9: 2
A10: O-ROGER-RET | C10: O-ROGER | D10: 13 | E10: USBDBAY | F10: USBA Bayside - Week 1 | G10: Crocheron Park | H10: 214-41 34th Ave | I10: Bayside | J10: NY | K10: 11361 | L10: info@pegsbaseball.com | N10: Roger | O10: Mischel | P10: 19 Forge Lane | Q10: Levittown | R10: NY | S10: 11756 | U10: 347-992-1736 | X10: 713 | Y10: 716 | AB10: July 13-16 | AC10: 9am-3pm | AI10: https://usbaseballacademy.com/summer-baseball-camp-in-bayside/ | AJ10: X | AK10: X | AM10: =H10&" "&I10&","&" "&J10&" "&K10 -> 214-41 34th Ave Bayside, NY 11361 | AV10: 6 | AW10: 6 | AX10: =AV10/AW10-1 -> 0 | AY10: 6 | AZ10: 7 | BA10: =AY10/AZ10-1 -> -0.14285714 | BC10: 11 | BD10: 13
A11: O-ROGER-RET | C11: O-ROGER | D11: 20 | E11: USBDBAY | F11: USBA Bayside - Week 2 | G11: Crocheron Park | H11: 214-41 34th Ave | I11: Bayside | J11: NY | K11: 11361 | L11: info@pegsbaseball.com | N11: Roger | O11: Mischel | P11: 19 Forge Lane | Q11: Levittown | R11: NY | S11: 11756 | U11: 347-992-1736 | X11: 727 | Y11: 730 | AB11: July 27-30 | AC11: 9am-3pm | AI11: https://usbaseballacademy.com/summer-baseball-camp-in-bayside/ | AM11: =H11&" "&I11&","&" "&J11&" "&K11 -> 214-41 34th Ave Bayside, NY 11361 | AV11: 1 | AW11: 13 | AX11: =AV11/AW11-1 -> -0.92307692 | AY11: 2 | AZ11: 14 | BA11: =AY11/AZ11-1 -> -0.85714286 | BC11: 4 | BD11: 4
A12: B-RET | C12: C-3RD | D12: 24 | E12: USBDBBA | F12: Ballistic Baseball Academy - Week 2 | G12: Boardman HS | H12: 7777 Glenwood Ave | I12: Boardman | J12: OH | K12: 44512 | L12: chris.cosentino5@gmail.com | N12: Chris | O12: Cosentino | P12: 3087 Olde Winter Trail | Q12: Poland | R12: OH | S12: 44514 | U12: 330-502-3367 | X12: 720 | Y12: 723 | AB12: July 20-23 | AC12: 9am-3pm | AF12: 299 | AG12: 305 | AI12: https://usbaseballacademy.com/summer-baseball-camp-in-boardman/ | AM12: =H12&" "&I12&","&" "&J12&" "&K12 -> 7777 Glenwood Ave Boardman, OH 44512 | AO12: X | AR12: 6 | AS12: 6 | AT12: 7 | AU12: 7 | AV12: 7 | AW12: 5 | AX12: =AV12/AW12-1 -> 0.4 | AY12: 8 | AZ12: 10 | BA12: =AY12/AZ12-1 -> -0.2 | BC12: 9 | BD12: 9
A13: B-RET | B13: X | C13: C-4TH | E13: USBDBBA | F13: Ballistic Baseball Academy - Week 3 | G13: Boardman HS | H13: 7777 Glenwood Ave | I13: Boardman | J13: OH | K13: 44512 | L13: chris.cosentino5@gmail.com | N13: Chris | O13: Cosentino | P13: 3087 Olde Winter Trail | Q13: Poland | R13: OH | S13: 44514 | U13: 330-502-3367 | X13: 810 | Y13: 813 | AB13: August 10-13 | AC13: 9am-3pm | AF13: 299 | AG13: 305 | AI13: https://usbaseballacademy.com/summer-baseball-camp-in-boardman/ | AM13: =H13&" "&I13&","&" "&J13&" "&K13 -> 7777 Glenwood Ave Boardman, OH 44512 | AO13: X | AR13: 2 | AS13: 2 | AT13: 4 | AU13: 5 | AV13: 6 | AY13: 8 | AZ13: 0 | BC13: 8 | BD13: 8
A14: A-NEW | B14: X | C14: A-NEW | E14: USBDBCS | F14: Brentwood Christian School | H14: 11908 N Lamar Blvd | I14: Austin | J14: TX | K14: 78753 | L14: cbollinger@brentwoodchristian.org | N14: Charles | O14: Bollinger | P14: 12812 Noyes Lane | Q14: Austin | R14: TX | S14: 78732 | U14: 512-835-5983 | X14: 713 | Y14: 716 | AB14: July 13-16 | AC14: 9am-3pm | AF14: 299 | AG14: 309 | AI14: https://usbaseballacademy.com/summer-baseball-camp-in-austin/ | AJ14: x | AM14: =H14&" "&I14&","&" "&J14&" "&K14 -> 11908 N Lamar Blvd Austin, TX 78753 | AR14: 9 | AS14: 15 | AT14: 20 | AU14: 20 | AV14: 23 | AY14: 27 | BC14: 26 | BD14: 27
A15: A-NEW | B15: X | C15: A-NEW | E15: USBDBEC | F15: Bethesda Christian School | H15: 4700 N Beach St | I15: Fort Worth | J15: TX | K15: 76137 | L15: brandon.helm@me.com; towen@bcsfw.org | N15: Brandon | O15: Helm | P15: 4417 Sugar Maple Dr | Q15: Arlington | R15: TX | S15: 76001 | U15: 817-946-8979 | X15: 615 | Y15: 618 | AB15: June 15-18 | AC15: 9am-3pm | AF15: 299 | AG15: 309 | AI15: https://usbaseballacademy.com/summer-baseball-camp-in-fort-worth/ | AJ15: x | AM15: =H15&" "&I15&","&" "&J15&" "&K15 -> 4700 N Beach St Fort Worth, TX 76137 | AO15: X | AR15: 43 | AS15: 50 | AT15: 54 | AU15: 58 | AV15: 61 | AY15: 65 | BC15: 67 | BD15: 67
A16: B-RET | C16: C-2ND | D16: 50 | E16: USBDBMC | F16: USBA Orlando | G16: Conway Little League | H16: 4400 Kennedy Ave | I16: Orlando | J16: FL | K16: 32812 | L16: dejaioliver90@gmail.com | N16: Dejai | O16: Oliver | P16: 7410 Machett Rd | Q16: Orlando | R16: FL | S16: 32809 | U16: 407-947-1881 | X16: 720 | Y16: 723 | AB16: July 20-23 | AC16: 9am-3pm | AF16: 299 | AG16: 305 | AI16: https://usbaseballacademy.com/summer-baseball-camp-in-orlando/ | AM16: =H16&" "&I16&","&" "&J16&" "&K16 -> 4400 Kennedy Ave Orlando, FL 32812 | AR16: 0 | AS16: 4 | AT16: 12 | AU16: 18 | AV16: 23 | AY16: 30 | AZ16: 46 | BA16: =AY16/AZ16-1 -> -0.34782609 | BC16: 32 | BD16: 32
A17: B-RET | C17: D-RET | D17: 50 | E17: USBDBTJV | F17: Bartram Trail HS - Week 1 | H17: 7399 Longleaf Pine Pkwy | I17: St. Johns | J17: FL | K17: 32259 | L17: bernardo.otero@stjohns.k12.fl.us | N17: Bernardo | O17: Otero | P17: 215 Audubon Place Unit 3112 | Q17: St Johns | R17: FL | S17: 32259 | U17: 904-525-9083 | X17: 622 | Y17: 625 | AB17: June 22-25 | AC17: 9am-3pm | AE17: 70 | AF17: 299 | AG17: 305 | AI17: https://usbaseballacademy.com/summer-baseball-camp-in-jacksonville-st-johns/ | AJ17: x | AK17: X | AM17: =H17&" "&I17&","&" "&J17&" "&K17 -> 7399 Longleaf Pine Pkwy St. Johns, FL 32259 | AO17: X | AR17: 18 | AS17: 19 | AT17: 25 | AU17: 25 | AV17: 29 | AW17: 45 | AX17: =AV17/AW17-1 -> -0.35555556 | AY17: 32 | AZ17: 49 | BA17: =AY17/AZ17-1 -> -0.34693878 | BC17: 36 | BD17: 36
A18: B-RET | C18: D-RET | D18: 45 | E18: USBDBTJV | F18: Bartram Trail HS - Week 2 | H18: 7399 Longleaf Pine Pkwy | I18: St. Johns | J18: FL | K18: 32259 | L18: bernardo.otero@stjohns.k12.fl.us | N18: Bernardo | O18: Otero | P18: 215 Audubon Place Unit 3112 | Q18: St Johns | R18: FL | S18: 32259 | U18: 904-525-9083 | X18: 629 | Y18: 702 | AB18: June 29-July 2 | AC18: 9am-3pm | AE18: 70 | AF18: 299 | AG18: 305 | AI18: https://usbaseballacademy.com/summer-baseball-camp-in-jacksonville-st-johns/ | AM18: =H18&" "&I18&","&" "&J18&" "&K18 -> 7399 Longleaf Pine Pkwy St. Johns, FL 32259 | AO18: X | AR18: 9 | AS18: 11 | AT18: 14 | AU18: 18 | AV18: 22 | AW18: 20 | AX18: =AV18/AW18-1 -> 0.1 | AY18: 21 | AZ18: 25 | BA18: =AY18/AZ18-1 -> -0.16 | BC18: 27 | BD18: 27
A19: B-RET | B19: X | C19: D-RET | E19: USBDBTJV | F19: Bartram Trail HS - Week 3 | H19: 7399 Longleaf Pine Pkwy | I19: St. Johns | J19: FL | K19: 32259 | L19: bernardo.otero@stjohns.k12.fl.us | N19: Bernardo | O19: Otero | P19: 215 Audubon Place Unit 3112 | Q19: St Johns | R19: FL | S19: 32259 | U19: 904-525-9083 | X19: 720 | Y19: 723 | AB19: July 20-23 | AC19: 9am-3pm | AF19: 299 | AG19: 305 | AI19: https://usbaseballacademy.com/summer-baseball-camp-in-jacksonville-st-johns/ | AM19: =H19&" "&I19&","&" "&J19&" "&K19 -> 7399 Longleaf Pine Pkwy St. Johns, FL 32259 | AO19: X | AR19: 9 | AS19: 10 | AT19: 10 | AU19: 16 | AV19: 17 | AY19: 17 | AZ19: 0 | BC19: 16 | BD19: 16
A20: B-RET | C20: D-RET | D20: 55 | E20: USBDBTW | F20: Norview HS | H20: 6501 Chesapeake Blvd | I20: Norfolk | J20: VA | K20: 23513 | L20: berryt1978@gmail.com | N20: Thad | O20: Berry | P20: 8447 Chesapeake Blvd. | Q20: Norfolk | R20: VA | S20: 23518 | U20: 859-285-7731 | X20: 608 | Y20: 611 | AB20: June 8-11 | AC20: 9am-3pm | AF20: 299 | AG20: 305 | AI20: https://usbaseballacademy.com/summer-baseball-camp-in-norfolk/ | AJ20: X | AM20: =H20&" "&I20&","&" "&J20&" "&K20 -> 6501 Chesapeake Blvd Norfolk, VA 23513 | AO20: X | AR20: 5 | AS20: 7 | AT20: 10 | AU20: 11 | AV20: 12 | AW20: 44 | AX20: =AV20/AW20-1 -> -0.72727273 | AY20: 12 | AZ20: 47 | BA20: =AY20/AZ20-1 -> -0.74468085 | BC20: 12 | BD20: 12
A21: B-RET | C21: D-RET | D21: 50 | E21: USBDCA | F21: Coastal Alabama CC South | H21: 1900 US Hwy 31 | I21: Bay Minette | J21: AL | K21: 36507 | L21: jd.pruitt@coastalalabama.edu | N21: JD | O21: Pruitt | P21: 10526 Brodick Loop | Q21: Spanish Fort | R21: AL | S21: 36527 | U21: 334-714-7994 | X21: 615 | Y21: 618 | AB21: June 15-18 | AC21: 9am-3pm | AF21: 299 | AG21: 305 | AI21: https://usbaseballacademy.com/summer-baseball-camp-in-bay-minette/ | AJ21: x | AM21: =H21&" "&I21&","&" "&J21&" "&K21 -> 1900 US Hwy 31 Bay Minette, AL 36507 | AO21: X | AR21: 20 | AS21: 22 | AT21: 22 | AU21: 25 | AV21: 27 | AW21: 42 | AX21: =AV21/AW21-1 -> -0.35714286 | AY21: 29 | AZ21: 50 | BA21: =AY21/AZ21-1 -> -0.42 | BC21: 29 | BD21: 29
A22: B-RET | C22: C-2ND | D22: 40 | E22: USBDCAP | F22: Capital HS | H22: 4851 Paseo Del Sol | I22: Santa Fe | J22: NM | K22: 87507 | L22: nisalazar@sfps.k12.nm.us | N22: Nick | O22: Salazar | U22: 505-492-6247 | X22: 713 | Y22: 716 | AB22: July 13-16 | AC22: 9am-3pm | AF22: 299 | AG22: 309 | AI22: https://usbaseballacademy.com/summer-baseball-camp-in-santa-fe/ | AM22: =H22&" "&I22&","&" "&J22&" "&K22 -> 4851 Paseo Del Sol Santa Fe, NM 87507 | AO22: X | AR22: 22 | AS22: 23 | AT22: 26 | AU22: 26 | AV22: 33 | AW22: 35 | AX22: =AV22/AW22-1 -> -0.057142857 | AY22: 39 | AZ22: 35 | BA22: =AY22/AZ22-1 -> 0.11428571 | BC22: 39 | BD22: 40
A23: A-NEW | B23: X | C23: A-NEW | E23: USBDCAR | F23: Carter HS | H23: 1819 W Wheatland Rd | I23: Dallas | J23: TX | K23: 75232 | L23: jonathajohnson@dallasisd.org | N23: Jonathan | O23: Johnson | P23: 210 West Ct. Glenn Heights, Texas 75154 | Q23: Glenn Heights | R23: TX | S23: 75154 | U23: 469-390-1153 | X23: 615 | Y23: 618 | AB23: June 15-18 | AC23: 9am-3pm | AF23: 299 | AG23: 309 | AI23: https://usbaseballacademy.com/summer-baseball-camp-in-dallas-carter/ | AJ23: x | AM23: =H23&" "&I23&","&" "&J23&" "&K23 -> 1819 W Wheatland Rd Dallas, TX 75232 | AO23: X | AR23: 8 | AS23: 10 | AT23: 12 | AU23: 12 | AV23: 12 | AY23: 11 | BC23: 11 | BD23: 11
A24: B-RET | C24: C-2ND | D24: 86 | E24: USBDCC | F24: Chemeketa CC | H24: 4000 Lancaster Dr. NE | I24: Salem | J24: OR | K24: 97305 | L24: gmoser1@chemeketa.edu | N24: Gerhett | O24: Moser | P24: 4 Bolivar St | Q24: Lake Oswego | R24: OR | S24: 97035 | U24: 503-803-5656 | X24: 615 | Y24: 618 | AB24: June 15-18 | AC24: 9am-3pm | AF24: 299 | AG24: 305 | AI24: https://usbaseballacademy.com/summer-baseball-camp-in-salem/ | AM24: =H24&" "&I24&","&" "&J24&" "&K24 -> 4000 Lancaster Dr. NE Salem, OR 97305 | AO24: X | AR24: 21 | AS24: 24 | AT24: 31 | AU24: 34 | AV24: 37 | AW24: 70 | AX24: =AV24/AW24-1 -> -0.47142857 | AY24: 40 | AZ24: 80 | BA24: =AY24/AZ24-1 -> -0.5 | BC24: 40 | BD24: 40
A25: A-NEW | B25: X | C25: C-2ND | E25: USBDCCC | F25: Community Christian College - Week 1 | G25: The Packing House | H25: 27165 San Bernardino Ave | I25: Redlands | J25: CA | K25: 92374 | L25: mbugarin@cccollege.edu | N25: Marcos | O25: Bugarin | U25: 626-222-3588 | X25: 622 | Y25: 625 | AB25: June 22-25 | AC25: 9am-3pm | AF25: 329 | AI25: https://usbaseballacademy.com/summer-baseball-camp-in-redlands/ | AM25: =H25&" "&I25&","&" "&J25&" "&K25 -> 27165 San Bernardino Ave Redlands, CA 92374 | AO25: X | AR25: 12 | AS25: 17 | AT25: 17 | AU25: 21 | AV25: 23 | AY25: 24 | BC25: 22 | BD25: 22
A26: A-NEW | B26: X | C26: C-2ND | E26: USBDCCC | F26: Community Christian College - Week 2 | G26: The Packing House | H26: 27165 San Bernardino Ave | I26: Redlands | J26: CA | K26: 92374 | L26: mbugarin@cccollege.edu | N26: Marcos | O26: Bugarin | U26: 626-222-3588 | X26: 720 | Y26: 723 | AB26: July 20-23 | AC26: 9am-3pm | AF26: 329 | AI26: https://usbaseballacademy.com/summer-baseball-camp-in-redlands/ | AM26: =H26&" "&I26&","&" "&J26&" "&K26 -> 27165 San Bernardino Ave Redlands, CA 92374 | AO26: X | AR26: 7 | AS26: 8 | AT26: 8 | AU26: 12 | AV26: 16 | AY26: 21 | BC26: 23 | BD26: 24
A27: B-RET | C27: D-RET | D27: 34 | E27: USBDCD | F27: College of the Desert | H27: 43-500 Monterey Ave | I27: Palm Desert | J27: CA | K27: 92260 | L27: sdimatteo@collegeofthedesert.edu | N27: Sam | O27: Dimatteo | P27: 44456 San Pascual Ave | Q27: Palm Desert | R27: CA | S27: 92260 | U27: 724-622-7682 | X27: 629 | Y27: 702 | AB27: June 29-July 2 | AC27: 9am-3pm | AF27: 329 | AI27: https://usbaseballacademy.com/summer-baseball-camp-in-palm-desert/ | AJ27: x | AM27: =H27&" "&I27&","&" "&J27&" "&K27 -> 43-500 Monterey Ave Palm Desert, CA 92260 | AO27: X | AR27: 10 | AS27: 13 | AT27: 17 | AU27: 19 | AV27: 20 | AW27: 28 | AX27: =AV27/AW27-1 -> -0.28571429 | AY27: 25 | AZ27: 29 | BA27: =AY27/AZ27-1 -> -0.13793103 | BC27: 24 | BD27: 24
A28: B-RET | C28: D-RET | D28: 27 | E28: USBDCG | F28: Central Gwinnett HS | H28: 564 W. Crogan St. | I28: Lawrenceville | J28: GA | K28: 30046 | L28: mike.yocca@gcpsk12.org | N28: Mike | O28: Yocca | U28: ` | X28: 622 | Y28: 625 | AB28: June 22-25 | AC28: 9am-3pm | AF28: 299 | AG28: 305 | AI28: https://usbaseballacademy.com/summer-baseball-camp-in-lawrenceville/ | AJ28: x | AM28: =H28&" "&I28&","&" "&J28&" "&K28 -> 564 W. Crogan St. Lawrenceville, GA 30046 | AO28: X | AR28: 22 | AS28: 23 | AT28: 26 | AU28: 29 | AV28: 35 | AW28: 22 | AX28: =AV28/AW28-1 -> 0.59090909 | AY28: 38 | AZ28: 0 | BC28: 43 | BD28: 43
A29: A-NEW | B29: X | C29: C-2ND | E29: USBDCIC | F29: Citrus College - Week 1 | H29: 1000 W Foothill Blvd | I29: Glendora | J29: CA | K29: 91741 | L29: asmith@citruscollege.edu | N29: Andy | O29: Smith | U29: 702-523-1578 | X29: 615 | Y29: 618 | AB29: June 15-18 | AC29: 9am-3pm | AF29: 329 | AI29: https://usbaseballacademy.com/summer-baseball-camp-in-glendora/ | AM29: =H29&" "&I29&","&" "&J29&" "&K29 -> 1000 W Foothill Blvd Glendora, CA 91741 | AO29: X | AR29: 20 | AS29: 32 | AT29: 41 | AU29: 46 | AV29: 48 | AY29: 55 | BC29: 52 | BD29: 52
A30: A-NEW | B30: X | C30: C-2ND | E30: USBDCIC | F30: Citrus College - Week 2 | H30: 1000 W Foothill Blvd | I30: Glendora | J30: CA | K30: 91741 | L30: asmith@citruscollege.edu | N30: Andy | O30: Smith | U30: 702-523-1578 | X30: 727 | Y30: 730 | AB30: July 27-30 | AC30: 9am-3pm | AF30: 329 | AI30: https://usbaseballacademy.com/summer-baseball-camp-in-glendora/ | AM30: =H30&" "&I30&","&" "&J30&" "&K30 -> 1000 W Foothill Blvd Glendora, CA 91741 | AO30: X | AR30: 12 | AS30: 16 | AT30: 22 | AU30: 24 | AV30: 26 | AY30: 32 | BC30: 38 | BD30: 40
A31: V-ANDRE-RET | C31: X-ANDRE | D31: 48 | E31: USBDCNT | F31: USBA Franklin - Week 1 | G31: Fly Park | H31: 3620 N. Chapel Rd. | I31: Franklin | J31: TN | K31: 37067 | L31: margiet907615@gmail.com | N31: Andre | O31: Toliver | P31: 2725 Cato Ridge Dr | Q31: Nashville | R31: TN | S31: 37218 | U31: 907-382-9104 | X31: 601 | Y31: 604 | AB31: June 1-4 | AC31: 9am-3pm | AF31: 299 | AG31: 305 | AI31: https://usbaseballacademy.com/summer-baseball-camp-in-franklin-tn/ | AJ31: X | AK31: X | AM31: =H31&" "&I31&","&" "&J31&" "&K31 -> 3620 N. Chapel Rd. Franklin, TN 37067 | AO31: X | AR31: 43 | AS31: 54 | AT31: 63 | AU31: 63 | AV31: 59 | AW31: 48 | AX31: =AV31/AW31-1 -> 0.22916667 | AY31: 58 | AZ31: 48 | BA31: =AY31/AZ31-1 -> 0.20833333 | BC31: 58 | BD31: 58
A32: V-ANDRE-RET | C32: X-ANDRE | D32: 55 | E32: USBDCNT | F32: USBA Franklin - Week 2 | G32: Fly Park | H32: 3620 N. Chapel Rd. | I32: Franklin | J32: TN | K32: 37067 | L32: margiet907615@gmail.com | N32: Andre | O32: Toliver | P32: 2725 Cato Ridge Dr | Q32: Nashville | R32: TN | S32: 37218 | U32: 907-382-9104 | X32: 713 | Y32: 716 | AB32: July 13-16 | AC32: 9am-3pm | AF32: 299 | AG32: 305 | AI32: https://usbaseballacademy.com/summer-baseball-camp-in-franklin-tn/ | AM32: =H32&" "&I32&","&" "&J32&" "&K32 -> 3620 N. Chapel Rd. Franklin, TN 37067 | AO32: X | AR32: 44 | AS32: 47 | AT32: 53 | AU32: 58 | AV32: 59 | AW32: 43 | AX32: =AV32/AW32-1 -> 0.37209302 | AY32: 59 | AZ32: 47 | BA32: =AY32/AZ32-1 -> 0.25531915 | BC32: 60 | BD32: 59
A33: V-ANDRE-NEW | B33: X | C33: X-ANDRE | E33: USBDCNT | F33: USBA Franklin - Week 3 | G33: Fly Park | H33: 3620 N. Chapel Rd. | I33: Franklin | J33: TN | K33: 37067 | L33: margiet907615@gmail.com | N33: Andre | O33: Toliver | P33: 2725 Cato Ridge Dr | Q33: Nashville | R33: TN | S33: 37218 | U33: 907-382-9104 | X33: 727 | Y33: 730 | AB33: July 27-30 | AC33: 9am-3pm | AF33: 299 | AG33: 305 | AI33: https://usbaseballacademy.com/summer-baseball-camp-in-franklin-tn/ | AM33: =H33&" "&I33&","&" "&J33&" "&K33 -> 3620 N. Chapel Rd. Franklin, TN 37067 | AU33: 2 | AV33: 6 | AY33: 7 | AZ33: 0 | BC33: 12 | BD33: 15
